Workbook
Name les_donnees: Feuil2!$A$1:$R$1705

Sheet Accueil
C3: Outil pour préconisation des machines d'emballage en UVCM
B5: Cet outil a pour but de vous présenter les solutions les plus adaptées à votre ou vos rayons selon que le conditionnement soit réalisé au sein de chaque laboratoire ou dans un laboratoire mutualisé. En fonction de votre CA Prévisionnel, vous aurez 0, 2 ou 3 machines présentées par technologie.
M11: Pour chaque machine, sur la 3ième ligne vous aurez le SKU de la machine, en cliquant dessus vous serez dirigés sur
B13: Contacter un moniteur pour organiser le travail et affiner votre choix, particulièrement pour la mise en place
B16: Pour les durées de vie de chaque produit, il est primordial de consulter les fiches PMS qui sont disponible sur Unisvers en cliquant sur le lien suivant
B18: Fiche PMS
D20: Est | G20: Nord-Ouest | J20: Ouest | M20: Sud
B21: Contact en Boucherie : | D21: Patrik Fullemann : 04-74-45-69-86 | G21: Nicolas Chenu : 02-31-54-15-58 | J21: Guillaume Rochard : 02-28-22-66-93 | M21: Jean-Luc Claudios : 06-42-06-42-42
B22: Contact en Charcuterie, Traiteur / Fromage | D22: Bruno Aubert : 03-89-32-53-05 | G22: Mickael LEBRET : 02-31-54-15-15 | J22: Tanguy BABIN GUIHARD : 02-40-68-46-50 | M22: Léane MORLAT : 07-86-91-26-95
B24: Contact en Poissonnerie : | D24: Jean Michel Formwald : 03-89-32-48-41 | G24: Valérie Jacquin : 02-31-54-15-89 | J24: Thibaut Marion : 02-40-68-44-57 | M24: Léa Hure : 04-67-87-89-83

Sheet Feuil2
A1: PDV | C1: 2 - Secteur d'activité | D1: 0220 | G1: 0245 | M1: 0260 | P1: 0265
D2: FROMAGE A LA COUPE | G2: CHARCT.TRAIT.TRADT. | M2: BOUCH.VOL.ATELIER | P2: POISSONNERIE | T2: PLM | U2: BOUCHERIE | W2: Oui
C3: 3 - Rayon | D3: 022027 | G3: 024543 | J3: 024545 | M3: 026049 | P3: 026552
D4: FROMAGE COUPE EMBALLE | G4: CHARCUTERIE FRAICH EMBALLE PDV | J4: TRAITEUR FRAIS EMBALLE | M4: BOUCHERIE FRAICHE PREEMBALLEE | P4: POISSON FRAIS PREEMBALLE | T4: Fromage | U4: Charcuterie | V4: Traiteur | W4: Boucherie | X4: Poissonnerie
C5: Enseigne | D5: CA TTC | E5: Nb d'UVC vendus | F5: Panier moyen | G5: CA TTC | H5: Nb d'UVC vendus | I5: Panier moyen | J5: CA TTC | K5: Nb d'UVC vendus | L5: Panier moyen | M5: CA TTC | N5: Nb d'UVC vendus | O5: Panier moyen | P5: CA TTC | Q5: Nb d'UVC vendus | R5: Panier moyen
A6: 20015 | B6: SU PARIS CUSTINE | C6: Super U | D6: 2078.36 | E6: 720 | F6: 3.325376 | G6: 562.7 | H6: 248 | I6: 2.4788546 | J6: 5699.11 | K6: 1595 | L6: 4.2184382 | M6: 305.91 | N6: 49 | O6: 6.5087234 | P6: 339602.57 | Q6: 40575 | R6: 10.958103 | T6: =IFERROR(D6/E6,"") -> 2.8866111 | U6: =IFERROR(G6/H6,"") -> 2.2689516 | V6: =IFERROR(J6/K6,"") -> 3.5731097 | W6: =IFERROR(M6/N6,"") -> 6.2430612 | X6: =IFERROR(P6/Q6,"") -> 8.3697491
A7: 20019 | B7: UE ST SAUVEUR LE VICOMTE | C7: U Express | D7: 23778.13 | E7: 6662 | F7: 4.4822111 | G7: 2908.62 | H7: 841 | I7: 3.797154 | J7: 10378.91 | K7: 2219 | L7: 6.1124323 | M7: 350083.69 | N7: 50614 | O7: 11.779001 | P7: 2377.73 | Q7: 548 | R7: 5.7433092 | T7: =IFERROR(D7/E7,"") -> 3.569218 | U7: =IFERROR(G7/H7,"") -> 3.4585256 | V7: =IFERROR(J7/K7,"") -> 4.6772916 | W7: =IFERROR(M7/N7,"") -> 6.9167363 | X7: =IFERROR(P7/Q7,"") -> 4.3389234
A8: 20051 | B8: UE AGON COUTAINVILLE UE | C8: U Express | D8: 30847.63 | E8: 8212 | F8: 4.6144547 | G8: 9757.11 | H8: 3368 | I8: 3.4440911 | J8: 27730.3 | K8: 5271 | L8: 6.3470588 | M8: 80305.65 | N8: 12283 | O8: 9.2157046 | P8: 10158.55 | Q8: 1619 | R8: 7.7724178 | T8: =IFERROR(D8/E8,"") -> 3.7564089 | U8: =IFERROR(G8/H8,"") -> 2.8970042 | V8: =IFERROR(J8/K8,"") -> 5.2609182 | W8: =IFERROR(M8/N8,"") -> 6.5379508 | X8: =IFERROR(P8/Q8,"") -> 6.2745831
A9: 20057 | B9: SU PUTEAUX | C9: Super U | D9: 4013.4 | E9: 1093 | F9: 4.6451389 | G9: 1560.7 | H9: 547 | I9: 3.2312629 | J9: 5222.19 | K9: 1261 | L9: 5.3071037 | M9: 110452.2 | N9: 16136 | O9: 8.9580049 | P9: 21438.54 | Q9: 3834 | R9: 8.1360683 | T9: =IFERROR(D9/E9,"") -> 3.6719122 | U9: =IFERROR(G9/H9,"") -> 2.8531993 | V9: =IFERROR(J9/K9,"") -> 4.1413085 | W9: =IFERROR(M9/N9,"") -> 6.8450793 | X9: =IFERROR(P9/Q9,"") -> 5.5916901
A10: 20060 | B10: UE PARIS POTEAU | C10: U Express | D10: 834.17 | E10: 284 | F10: 3.504916 | G10: 56.06 | H10: 21 | I10: 2.6695238 | J10: 410.02 | K10: 88 | L10: 5.6947222 | M10: 0 | N10: 0 | O10: 0 | P10: 19.95 | Q10: 1 | R10: 19.95 | T10: =IFERROR(D10/E10,"") -> 2.9372183 | U10: =IFERROR(G10/H10,"") -> 2.6695238 | V10: =IFERROR(J10/K10,"") -> 4.6593182 | W10: =IFERROR(M10/N10,"") | X10: =IFERROR(P10/Q10,"") -> 19.95
A11: 20061 | B11: UE CUINCY | C11: U Express | D11: 490.67 | E11: 131 | F11: 4.4606364 | G11: 831.81 | H11: 325 | I11: 2.9084266 | J11: 3589.59 | K11: 800 | L11: 6.1571012 | T11: =IFERROR(D11/E11,"") -> 3.7455725 | U11: =IFERROR(G11/H11,"") -> 2.5594154 | V11: =IFERROR(J11/K11,"") -> 4.4869875 | W11: =IFERROR(M11/N11,"") | X11: =IFERROR(P11/Q11,"")
A12: 20062 | B12: SU 02-RD-21-479 | C12: Super U | T12: =IFERROR(D12/E12,"") | U12: =IFERROR(G12/H12,"") | V12: =IFERROR(J12/K12,"") | W12: =IFERROR(M12/N12,"") | X12: =IFERROR(P12/Q12,"")
A13: 20063 | B13: UE LILLE ISLY | C13: U Express | T13: =IFERROR(D13/E13,"") | U13: =IFERROR(G13/H13,"") | V13: =IFERROR(J13/K13,"") | W13: =IFERROR(M13/N13,"") | X13: =IFERROR(P13/Q13,"")
A14: 20065 | B14: SU DIVES-SUR-MER | C14: Super U | D14: 4557.54 | E14: 1298 | F14: 4.2082548 | G14: 3643.8 | H14: 960 | I14: 4.7445312 | J14: 43601.48 | K14: 4939 | L14: 10.099949 | M14: 1045381.9 | N14: 117591 | O14: 15.322788 | P14: 702.04 | Q14: 87 | R14: 8.4583133 | T14: =IFERROR(D14/E14,"") -> 3.5112018 | U14: =IFERROR(G14/H14,"") -> 3.795625 | V14: =IFERROR(J14/K14,"") -> 8.8279976 | W14: =IFERROR(M14/N14,"") -> 8.8899823 | X14: =IFERROR(P14/Q14,"") -> 8.0694253
A15: 20066 | B15: UE COURBEVOIE | C15: U Express | D15: 505.26 | E15: 137 | F15: 3.8866154 | G15: 135.96 | H15: 55 | I15: 2.6658824 | J15: 7622.97 | K15: 1532 | L15: 5.5642117 | T15: =IFERROR(D15/E15,"") -> 3.6880292 | U15: =IFERROR(G15/H15,"") -> 2.472 | V15: =IFERROR(J15/K15,"") -> 4.975829 | W15: =IFERROR(M15/N15,"") | X15: =IFERROR(P15/Q15,"")
A16: 20067 | B16: UE MEUDON Verdun | C16: U Express | D16: 24.75 | E16: 7 | F16: 4.125 | G16: 0 | H16: 0 | I16: 0 | J16: 0 | K16: 0 | L16: 0 | T16: =IFERROR(D16/E16,"") -> 3.5357143 | U16: =IFERROR(G16/H16,"") | V16: =IFERROR(J16/K16,"") | W16: =IFERROR(M16/N16,"") | X16: =IFERROR(P16/Q16,"")
A17: 20076 | B17: UE PARIS SECRETAN | C17: U Express | T17: =IFERROR(D17/E17,"") | U17: =IFERROR(G17/H17,"") | V17: =IFERROR(J17/K17,"") | W17: =IFERROR(M17/N17,"") | X17: =IFERROR(P17/Q17,"")
A18: 20077 | B18: SU MARLY LE ROI | C18: Super U | D18: 1626.82 | E18: 524 | F18: 3.6889342 | G18: 1511.65 | H18: 569 | I18: 3.0600202 | J18: 3511.45 | K18: 965 | L18: 4.4448734 | M18: 0 | N18: 0 | O18: 0 | P18: 2936.69 | Q18: 302 | R18: 10.232369 | T18: =IFERROR(D18/E18,"") -> 3.1046183 | U18: =IFERROR(G18/H18,"") -> 2.6566784 | V18: =IFERROR(J18/K18,"") -> 3.6388083 | W18: =IFERROR(M18/N18,"") | X18: =IFERROR(P18/Q18,"") -> 9.7241391
A19: 20080 | B19: SU DEUIL LA BARRE | C19: Super U | D19: 69364.17 | E19: 15554 | F19: 5.6238179 | G19: 1856.72 | H19: 393 | I19: 4.9778016 | J19: 5973.1 | K19: 1144 | L19: 5.9433831 | M19: 293578.11 | N19: 43277 | O19: 10.090675 | P19: 49435.04 | Q19: 9457 | R19: 6.9294982 | T19: =IFERROR(D19/E19,"") -> 4.4595712 | U19: =IFERROR(G19/H19,"") -> 4.7244784 | V19: =IFERROR(J19/K19,"") -> 5.2212413 | W19: =IFERROR(M19/N19,"") -> 6.7836983 | X19: =IFERROR(P19/Q19,"") -> 5.2273491
A20: 20081 | B20: UE PARIS CHEMIN VERT | C20: U Express | D20: 826.06 | E20: 267 | F20: 3.4854852 | G20: 122.18 | H20: 44 | I20: 3.3021622 | J20: 26096.83 | K20: 4233 | L20: 6.2929419 | M20: 18.96 | N20: 4 | O20: 6.32 | P20: 0 | Q20: 0 | R20: 0 | T20: =IFERROR(D20/E20,"") -> 3.0938577 | U20: =IFERROR(G20/H20,"") -> 2.7768182 | V20: =IFERROR(J20/K20,"") -> 6.165091 | W20: =IFERROR(M20/N20,"") -> 4.74 | X20: =IFERROR(P20/Q20,"")
A21: 20082 | B21: UE LEVALLOIS-PERRET Wilson | C21: U Express | D21: 1246.57 | E21: 355 | F21: 3.9200314 | G21: 748.97 | H21: 228 | I21: 3.4514747 | J21: 6911.77 | K21: 1472 | L21: 5.529416 | T21: =IFERROR(D21/E21,"") -> 3.5114648 | U21: =IFERROR(G21/H21,"") -> 3.2849561 | V21: =IFERROR(J21/K21,"") -> 4.6954959 | W21: =IFERROR(M21/N21,"") | X21: =IFERROR(P21/Q21,"")
A22: 20085 | B22: SU 02-RD-24-738 | C22: Super U | T22: =IFERROR(D22/E22,"") | U22: =IFERROR(G22/H22,"") | V22: =IFERROR(J22/K22,"") | W22: =IFERROR(M22/N22,"") | X22: =IFERROR(P22/Q22,"")
A23: 20088 | B23: UE 02-RP-19-336 | C23: U Express | T23: =IFERROR(D23/E23,"") | U23: =IFERROR(G23/H23,"") | V23: =IFERROR(J23/K23,"") | W23: =IFERROR(M23/N23,"") | X23: =IFERROR(P23/Q23,"")
A24: 20098 | B24: UE 02-RP-23-698 | C24: U Express | T24: =IFERROR(D24/E24,"") | U24: =IFERROR(G24/H24,"") | V24: =IFERROR(J24/K24,"") | W24: =IFERROR(M24/N24,"") | X24: =IFERROR(P24/Q24,"")
A25: 20102 | B25: UE BRETTEVILLE SUR LAIZE | C25: U Express | D25: 1266.65 | E25: 365 | F25: 3.8152108 | G25: 16536.78 | H25: 3665 | I25: 5.2900768 | J25: 16422.54 | K25: 3231 | L25: 5.8071216 | M25: 54413.73 | N25: 5815 | O25: 10.798518 | P25: 0 | Q25: 0 | R25: 0 | T25: =IFERROR(D25/E25,"") -> 3.470274 | U25: =IFERROR(G25/H25,"") -> 4.5120819 | V25: =IFERROR(J25/K25,"") -> 5.0828041 | W25: =IFERROR(M25/N25,"") -> 9.3574772 | X25: =IFERROR(P25/Q25,"")
A26: 20103 | B26: SU MAGNY-LE-HONGRE | C26: Super U | D26: 12549.83 | E26: 4085 | F26: 3.7563095 | G26: 4695.55 | H26: 1276 | I26: 3.9658361 | J26: 30857.83 | K26: 7344 | L26: 5.707015 | M26: 54029.51 | N26: 8228 | O26: 8.5395148 | P26: 0 | Q26: 0 | R26: 0 | T26: =IFERROR(D26/E26,"") -> 3.0721738 | U26: =IFERROR(G26/H26,"") -> 3.6798981 | V26: =IFERROR(J26/K26,"") -> 4.2017742 | W26: =IFERROR(M26/N26,"") -> 6.5665423 | X26: =IFERROR(P26/Q26,"")
A27: 20105 | B27: SU 02-RD-24-715 | C27: Super U | T27: =IFERROR(D27/E27,"") | U27: =IFERROR(G27/H27,"") | V27: =IFERROR(J27/K27,"") | W27: =IFERROR(M27/N27,"") | X27: =IFERROR(P27/Q27,"")
A28: 20110 | B28: SU AUCHEL | C28: Super U | D28: 71046.23 | E28: 21371 | F28: 5.9462864 | G28: 10046.32 | H28: 2993 | I28: 4.3006507 | J28: 43439.99 | K28: 10236 | L28: 6.5828141 | M28: 351786.99 | N28: 46699 | O28: 13.590905 | P28: 10911.13 | Q28: 2431 | R28: 6.4410449 | T28: =IFERROR(D28/E28,"") -> 3.3244223 | U28: =IFERROR(G28/H28,"") -> 3.3566054 | V28: =IFERROR(J28/K28,"") -> 4.2438443 | W28: =IFERROR(M28/N28,"") -> 7.5330733 | X28: =IFERROR(P28/Q28,"") -> 4.4883299
A29: 20116 | B29: SU LE HAVRE Paul Verlaine | C29: Super U | D29: 53919.75 | E29: 16386 | F29: 4.3295126 | G29: 9252.08 | H29: 3348 | I29: 3.2808794 | J29: 35167.85 | K29: 8014 | L29: 5.4591509 | M29: 372444.52 | N29: 55616 | O29: 10.045163 | P29: 16828.18 | Q29: 4268 | R29: 5.896349 | T29: =IFERROR(D29/E29,"") -> 3.2905987 | U29: =IFERROR(G29/H29,"") -> 2.7634648 | V29: =IFERROR(J29/K29,"") -> 4.3883017 | W29: =IFERROR(M29/N29,"") -> 6.6967153 | X29: =IFERROR(P29/Q29,"") -> 3.9428725
A30: 20140 | B30: SU STE MERE EGLISE | C30: Super U | D30: 119253.82 | E30: 31590 | F30: 5.5937811 | G30: 2617.3 | H30: 709 | I30: 4.2696574 | J30: 62024.45 | K30: 10134 | L30: 8.3332594 | M30: 609310.61 | N30: 75826 | O30: 12.294899 | P30: 35650.59 | Q30: 7253 | R30: 7.6388665 | T30: =IFERROR(D30/E30,"") -> 3.7750497 | U30: =IFERROR(G30/H30,"") -> 3.6915374 | V30: =IFERROR(J30/K30,"") -> 6.1204312 | W30: =IFERROR(M30/N30,"") -> 8.0356423 | X30: =IFERROR(P30/Q30,"") -> 4.9152888
A31: 20161 | B31: UE ANDRESY | C31: U Express | D31: 900.24 | E31: 250 | F31: 3.9833628 | G31: 372.01 | H31: 131 | I31: 3.3215179 | J31: 1872.7 | K31: 447 | L31: 4.6934837 | M31: 6705.52 | N31: 1131 | O31: 7.5854299 | P31: 46.02 | Q31: 6 | R31: 7.67 | T31: =IFERROR(D31/E31,"") -> 3.60096 | U31: =IFERROR(G31/H31,"") -> 2.839771 | V31: =IFERROR(J31/K31,"") -> 4.1894855 | W31: =IFERROR(M31/N31,"") -> 5.9288417 | X31: =IFERROR(P31/Q31,"") -> 7.67
A32: 20163 | B32: UE TORCY LE PETIT | C32: U Express | D32: 2024.93 | E32: 473 | F32: 4.9998272 | G32: 3130.32 | H32: 726 | I32: 5.1655446 | J32: 9144.58 | K32: 1528 | L32: 7.4894185 | M32: 74282.63 | N32: 9823 | O32: 11.824678 | P32: 37.74 | Q32: 8 | R32: 5.3914286 | T32: =IFERROR(D32/E32,"") -> 4.2810359 | U32: =IFERROR(G32/H32,"") -> 4.3117355 | V32: =IFERROR(J32/K32,"") -> 5.9846728 | W32: =IFERROR(M32/N32,"") -> 7.5621124 | X32: =IFERROR(P32/Q32,"") -> 4.7175
A33: 20166 | B33: UE 02 RP 24 770 | C33: U Express | T33: =IFERROR(D33/E33,"") | U33: =IFERROR(G33/H33,"") | V33: =IFERROR(J33/K33,"") | W33: =IFERROR(M33/N33,"") | X33: =IFERROR(P33/Q33,"")
A34: 20167 | B34: UE 02-RP-22-624 | C34: U Express | T34: =IFERROR(D34/E34,"") | U34: =IFERROR(G34/H34,"") | V34: =IFERROR(J34/K34,"") | W34: =IFERROR(M34/N34,"") | X34: =IFERROR(P34/Q34,"")
A35: 20170 | B35: SU LA CHAPELLE-LA-REINE | C35: Super U | D35: 8298.01 | E35: 2105 | F35: 5.1959987 | G35: 145.21 | H35: 48 | I35: 3.5417073 | J35: 3210.52 | K35: 510 | L35: 8.8201099 | M35: 63052.97 | N35: 7730 | O35: 11.95317 | P35: 11705.7 | Q35: 1615 | R35: 11.063989 | T35: =IFERROR(D35/E35,"") -> 3.9420475 | U35: =IFERROR(G35/H35,"") -> 3.0252083 | V35: =IFERROR(J35/K35,"") -> 6.2951373 | W35: =IFERROR(M35/N35,"") -> 8.1569172 | X35: =IFERROR(P35/Q35,"") -> 7.2481115
A36: 20177 | B36: UE LILLE Kennedy | C36: U Express | T36: =IFERROR(D36/E36,"") | U36: =IFERROR(G36/H36,"") | V36: =IFERROR(J36/K36,"") | W36: =IFERROR(M36/N36,"") | X36: =IFERROR(P36/Q36,"")
A37: 20178 | B37: SU COUPVRAY | C37: Super U | T37: =IFERROR(D37/E37,"") | U37: =IFERROR(G37/H37,"") | V37: =IFERROR(J37/K37,"") | W37: =IFERROR(M37/N37,"") | X37: =IFERROR(P37/Q37,"")
A38: 20179 | B38: HU 02-RD-25-840 | C38: Hyper U | T38: =IFERROR(D38/E38,"") | U38: =IFERROR(G38/H38,"") | V38: =IFERROR(J38/K38,"") | W38: =IFERROR(M38/N38,"") | X38: =IFERROR(P38/Q38,"")
A39: 20180 | B39: SU 02-RD-25-839 | C39: Super U | T39: =IFERROR(D39/E39,"") | U39: =IFERROR(G39/H39,"") | V39: =IFERROR(J39/K39,"") | W39: =IFERROR(M39/N39,"") | X39: =IFERROR(P39/Q39,"")
A40: 20181 | B40: SU 02-RD-25-838 | C40: Super U | T40: =IFERROR(D40/E40,"") | U40: =IFERROR(G40/H40,"") | V40: =IFERROR(J40/K40,"") | W40: =IFERROR(M40/N40,"") | X40: =IFERROR(P40/Q40,"")
A41: 20183 | B41: UE COURBEVOIE | C41: U Express | T41: =IFERROR(D41/E41,"") | U41: =IFERROR(G41/H41,"") | V41: =IFERROR(J41/K41,"") | W41: =IFERROR(M41/N41,"") | X41: =IFERROR(P41/Q41,"")
A42: 20185 | B42: HU CORBEHEM | C42: Hyper U | T42: =IFERROR(D42/E42,"") | U42: =IFERROR(G42/H42,"") | V42: =IFERROR(J42/K42,"") | W42: =IFERROR(M42/N42,"") | X42: =IFERROR(P42/Q42,"")
A43: 20186 | B43: SU 02 RD 25 873 | C43: Super U | T43: =IFERROR(D43/E43,"") | U43: =IFERROR(G43/H43,"") | V43: =IFERROR(J43/K43,"") | W43: =IFERROR(M43/N43,"") | X43: =IFERROR(P43/Q43,"")
A44: 20188 | B44: UE 02 RP 25 826 | C44: U Express | T44: =IFERROR(D44/E44,"") | U44: =IFERROR(G44/H44,"") | V44: =IFERROR(J44/K44,"") | W44: =IFERROR(M44/N44,"") | X44: =IFERROR(P44/Q44,"")
A45: 20189 | B45: UE CORMEILLES-EN-PARISIS | C45: U Express | T45: =IFERROR(D45/E45,"") | U45: =IFERROR(G45/H45,"") | V45: =IFERROR(J45/K45,"") | W45: =IFERROR(M45/N45,"") | X45: =IFERROR(P45/Q45,"")
A46: 20190 | B46: UE 02 RP 24 810 | C46: U Express | T46: =IFERROR(D46/E46,"") | U46: =IFERROR(G46/H46,"") | V46: =IFERROR(J46/K46,"") | W46: =IFERROR(M46/N46,"") | X46: =IFERROR(P46/Q46,"")
A47: 20192 | B47: UE CHARTRES | C47: U Express | T47: =IFERROR(D47/E47,"") | U47: =IFERROR(G47/H47,"") | V47: =IFERROR(J47/K47,"") | W47: =IFERROR(M47/N47,"") | X47: =IFERROR(P47/Q47,"")
... A50: 20223 | B50: UE 02 RP 25 860 | C50: U Express | T50: =IFERROR(D50/E50,"") | U50: =IFERROR(G50/H50,"") | V50: =IFERROR(J50/K50,"") | W50: =IFERROR(M50/N50,"") | X50: =IFERROR(P50/Q50,"")
A51: 20256 | B51: SU BREHAL | C51: Super U | D51: 99281.01 | E51: 21929 | F51: 6.0585226 | G51: 9379.03 | H51: 2609 | I51: 4.3501994 | J51: 94516.3 | K51: 16172 | L51: 8.0859184 | M51: 737201.56 | N51: 93263 | O51: 12.080123 | P51: 40628.61 | Q51: 8322 | R51: 7.3856771 | T51: =IFERROR(D51/E51,"") -> 4.5273843 | U51: =IFERROR(G51/H51,"") -> 3.5948754 | V51: =IFERROR(J51/K51,"") -> 5.844441 | W51: =IFERROR(M51/N51,"") -> 7.9045448 | X51: =IFERROR(P51/Q51,"") -> 4.8820728
A52: 20299 | B52: SU CLAMART V. HUGO SU | C52: Super U | D52: 16434.73 | E52: 4822 | F52: 4.1839944 | G52: 1232.71 | H52: 610 | I52: 2.500426 | J52: 3283.8 | K52: 1076 | L52: 3.6938133 | M52: 2068.79 | N52: 280 | O52: 8.4440408 | P52: 23.65 | Q52: 5 | R52: 5.9125 | T52: =IFERROR(D52/E52,"") -> 3.4082808 | U52: =IFERROR(G52/H52,"") -> 2.0208361 | V52: =IFERROR(J52/K52,"") -> 3.0518587 | W52: =IFERROR(M52/N52,"") -> 7.3885357 | X52: =IFERROR(P52/Q52,"") -> 4.73
A53: 20345 | B53: HU VERNOUILLET HU | C53: Hyper U | D53: 219309.43 | E53: 53419 | F53: 6.7042501 | G53: 10055.87 | H53: 3083 | I53: 3.8220715 | J53: 18475.61 | K53: 4085 | L53: 5.8596924 | M53: 670193.62 | N53: 88369 | O53: 11.775756 | P53: 813.01 | Q53: 86 | R53: 8.742043 | T53: =IFERROR(D53/E53,"") -> 4.1054574 | U53: =IFERROR(G53/H53,"") -> 3.2617159 | V53: =IFERROR(J53/K53,"") -> 4.5227931 | W53: =IFERROR(M53/N53,"") -> 7.5840354 | X53: =IFERROR(P53/Q53,"") -> 9.4536047
A54: 20442 | B54: HU VITRY EN ARTOIS | C54: Hyper U | D54: 51318.93 | E54: 10282 | F54: 5.4781095 | G54: 1360.96 | H54: 394 | I54: 3.8336901 | J54: 1987.94 | K54: 453 | L54: 4.5910855 | M54: 800215.38 | N54: 108372 | O54: 11.621409 | P54: 7009.35 | Q54: 1208 | R54: 6.7203739 | T54: =IFERROR(D54/E54,"") -> 4.9911428 | U54: =IFERROR(G54/H54,"") -> 3.4542132 | V54: =IFERROR(J54/K54,"") -> 4.3883885 | W54: =IFERROR(M54/N54,"") -> 7.383968 | X54: =IFERROR(P54/Q54,"") -> 5.8024421
A55: 20450 | B55: SU LES PIEUX | C55: Super U | D55: 109174.88 | E55: 28165 | F55: 5.60446 | G55: 44449.78 | H55: 10562 | I55: 5.0061696 | J55: 91794.57 | K55: 18360 | L55: 7.013108 | M55: 520670.4 | N55: 67278 | O55: 12.10411 | P55: 88981.59 | Q55: 24995 | R55: 6.8977977 | T55: =IFERROR(D55/E55,"") -> 3.8762606 | U55: =IFERROR(G55/H55,"") -> 4.2084624 | V55: =IFERROR(J55/K55,"") -> 4.9997042 | W55: =IFERROR(M55/N55,"") -> 7.7390886 | X55: =IFERROR(P55/Q55,"") -> 3.5599756
A56: 20493 | B56: UE JULLOUVILLE LES PINS | C56: U Express | D56: 2087.56 | E56: 349 | F56: 6.176213 | G56: 50.25 | H56: 16 | I56: 3.140625 | J56: 450 | K56: 53 | L56: 9.5744681 | M56: 19775.57 | N56: 824 | O56: 56.021445 | P56: 293.64 | Q56: 44 | R56: 8.3897143 | T56: =IFERROR(D56/E56,"") -> 5.9815473 | U56: =IFERROR(G56/H56,"") -> 3.140625 | V56: =IFERROR(J56/K56,"") -> 8.490566 | W56: =IFERROR(M56/N56,"") -> 23.999478 | X56: =IFERROR(P56/Q56,"") -> 6.6736364
A57: 20566 | B57: UE CREANCES F | C57: U Express | T57: =IFERROR(D57/E57,"") | U57: =IFERROR(G57/H57,"") | V57: =IFERROR(J57/K57,"") | W57: =IFERROR(M57/N57,"") | X57: =IFERROR(P57/Q57,"")
A58: 20574 | B58: UE GOUVILLE-SUR-MER | C58: U Express | D58: 24.76 | E58: 9 | F58: 2.7511111 | G58: 0 | H58: 0 | I58: 0 | J58: 12.75 | K58: 4 | L58: 3.1875 | M58: 21660.58 | N58: 3143 | O58: 8.0194669 | P58: 86174.63 | Q58: 5738 | R58: 21.441809 | T58: =IFERROR(D58/E58,"") -> 2.7511111 | U58: =IFERROR(G58/H58,"") | V58: =IFERROR(J58/K58,"") -> 3.1875 | W58: =IFERROR(M58/N58,"") -> 6.8916895 | X58: =IFERROR(P58/Q58,"") -> 15.018235
A59: 20701 | B59: UE EQUEURDREVILLE | C59: U Express | D59: 419.81 | E59: 125 | F59: 3.5577119 | G59: 960.81 | H59: 319 | I59: 3.2134114 | J59: 22876.78 | K59: 3611 | L59: 8.0523689 | M59: 0 | N59: 0 | O59: 0 | P59: 28.88 | Q59: 6 | R59: 5.776 | T59: =IFERROR(D59/E59,"") -> 3.35848 | U59: =IFERROR(G59/H59,"") -> 3.0119436 | V59: =IFERROR(J59/K59,"") -> 6.3353032 | W59: =IFERROR(M59/N59,"") | X59: =IFERROR(P59/Q59,"") -> 4.8133333
A60: 20736 | B60: SU BRECEY SU | C60: Super U | D60: 5146.05 | E60: 1493 | F60: 3.986096 | G60: 4777.33 | H60: 1420 | I60: 3.7915317 | J60: 43081.16 | K60: 7321 | L60: 8.3587815 | M60: 556891.47 | N60: 72633 | O60: 12.835741 | P60: 48821.24 | Q60: 7139 | R60: 8.4817999 | T60: =IFERROR(D60/E60,"") -> 3.446785 | U60: =IFERROR(G60/H60,"") -> 3.3643169 | V60: =IFERROR(J60/K60,"") -> 5.8846005 | W60: =IFERROR(M60/N60,"") -> 7.6671963 | X60: =IFERROR(P60/Q60,"") -> 6.8386665
A61: 20744 | B61: UE GAVRAY SUR SIENNE | C61: U Express | D61: 87.75 | E61: 19 | F61: 4.6184211 | G61: 65.58 | H61: 33 | I61: 2.1154839 | J61: 67.59 | K61: 9 | L61: 7.51 | M61: 158944.89 | N61: 23091 | O61: 10.337207 | P61: 493.31 | Q61: 113 | R61: 4.8363725 | T61: =IFERROR(D61/E61,"") -> 4.6184211 | U61: =IFERROR(G61/H61,"") -> 1.9872727 | V61: =IFERROR(J61/K61,"") -> 7.51 | W61: =IFERROR(M61/N61,"") -> 6.883413 | X61: =IFERROR(P61/Q61,"") -> 4.3655752
A62: 20795 | B62: HU PROJET 27 | C62: Hyper U | T62: =IFERROR(D62/E62,"") | U62: =IFERROR(G62/H62,"") | V62: =IFERROR(J62/K62,"") | W62: =IFERROR(M62/N62,"") | X62: =IFERROR(P62/Q62,"")
A63: 20892 | B63: SU ST VAAST LA HOUGUE F | C63: Super U | T63: =IFERROR(D63/E63,"") | U63: =IFERROR(G63/H63,"") | V63: =IFERROR(J63/K63,"") | W63: =IFERROR(M63/N63,"") | X63: =IFERROR(P63/Q63,"")
A64: 20952 | B64: UE TOURLAVILLE | C64: U Express | D64: 1818.42 | E64: 580 | F64: 3.3304396 | G64: 3564.75 | H64: 1015 | I64: 3.6902174 | J64: 15167.28 | K64: 3018 | L64: 6.1480665 | M64: 211578.9 | N64: 38326 | O64: 8.4910065 | P64: 21.36 | Q64: 4 | R64: 5.34 | T64: =IFERROR(D64/E64,"") -> 3.1352069 | U64: =IFERROR(G64/H64,"") -> 3.512069 | V64: =IFERROR(J64/K64,"") -> 5.0256064 | W64: =IFERROR(M64/N64,"") -> 5.5205057 | X64: =IFERROR(P64/Q64,"") -> 5.34
A65: 20973 | B65: SU MONTEBOURG | C65: Super U | T65: =IFERROR(D65/E65,"") | U65: =IFERROR(G65/H65,"") | V65: =IFERROR(J65/K65,"") | W65: =IFERROR(M65/N65,"") | X65: =IFERROR(P65/Q65,"")
A66: 21007 | B66: UE SOURDEVAL | C66: U Express | M66: 108528.38 | N66: 14435 | O66: 9.3736725 | P66: 0 | Q66: 0 | R66: 0 | T66: =IFERROR(D66/E66,"") | U66: =IFERROR(G66/H66,"") | V66: =IFERROR(J66/K66,"") | W66: =IFERROR(M66/N66,"") -> 7.5184191 | X66: =IFERROR(P66/Q66,"")
A67: 21104 | B67: SU BRICQUEBEC-EN-COTENTIN | C67: Super U | D67: 118945.5 | E67: 29367 | F67: 5.863139 | G67: 1907.48 | H67: 417 | I67: 5.0065092 | J67: 62586 | K67: 8941 | L67: 9.439819 | M67: 430340.73 | N67: 59994 | O67: 11.848262 | P67: 14524.46 | Q67: 2720 | R67: 7.7754069 | T67: =IFERROR(D67/E67,"") -> 4.0503116 | U67: =IFERROR(G67/H67,"") -> 4.5742926 | V67: =IFERROR(J67/K67,"") -> 6.9998882 | W67: =IFERROR(M67/N67,"") -> 7.1730628 | X67: =IFERROR(P67/Q67,"") -> 5.339875
A68: 21244 | B68: SU DOZULE | C68: Super U | D68: 128941.88 | E68: 28334 | F68: 6.7406493 | G68: 22034.88 | H68: 7313 | I68: 4.153606 | J68: 146538.97 | K68: 25916 | L68: 8.0884788 | M68: 582718.97 | N68: 70858 | O68: 12.935513 | P68: 73503.34 | Q68: 10096 | R68: 9.9517113 | T68: =IFERROR(D68/E68,"") -> 4.5507828 | U68: =IFERROR(G68/H68,"") -> 3.0131109 | V68: =IFERROR(J68/K68,"") -> 5.6543822 | W68: =IFERROR(M68/N68,"") -> 8.223757 | X68: =IFERROR(P68/Q68,"") -> 7.2804418
A69: 21250 | B69: UE U DRIVE LE GRAND QUEVILLY | C69: U Express | T69: =IFERROR(D69/E69,"") | U69: =IFERROR(G69/H69,"") | V69: =IFERROR(J69/K69,"") | W69: =IFERROR(M69/N69,"") | X69: =IFERROR(P69/Q69,"")
A70: 21309 | B70: HU DOUVRES LA DELIVRANDE | C70: Hyper U | D70: 204382.12 | E70: 46009 | F70: 5.493257 | G70: 11120 | H70: 1997 | I70: 7.6955017 | J70: 242601.29 | K70: 40990 | L70: 7.8501582 | M70: 1733677.8 | N70: 221157 | O70: 12.634846 | P70: 47484.09 | Q70: 9660 | R70: 6.2282385 | T70: =IFERROR(D70/E70,"") -> 4.4422204 | U70: =IFERROR(G70/H70,"") -> 5.5683525 | V70: =IFERROR(J70/K70,"") -> 5.9185482 | W70: =IFERROR(M70/N70,"") -> 7.839127 | X70: =IFERROR(P70/Q70,"") -> 4.9155373
A71: 21325 | B71: SU LE MOLAY LITTRY | C71: Super U | D71: 62392.45 | E71: 17885 | F71: 5.1954742 | G71: 605.45 | H71: 70 | I71: 9.0365672 | J71: 3344.37 | K71: 325 | L71: 10.893713 | M71: 706297.11 | N71: 102613 | O71: 12.306328 | P71: 31056.93 | Q71: 5897 | R71: 7.5380898 | T71: =IFERROR(D71/E71,"") -> 3.4885351 | U71: =IFERROR(G71/H71,"") -> 8.6492857 | V71: =IFERROR(J71/K71,"") -> 10.290369 | W71: =IFERROR(M71/N71,"") -> 6.8831153 | X71: =IFERROR(P71/Q71,"") -> 5.2665644
A72: 21333 | B72: UE BAYEUX | C72: U Express | D72: 21676.29 | E72: 5627 | F72: 4.5528859 | G72: 6257.65 | H72: 1598 | I72: 4.2714334 | J72: 8011.83 | K72: 1454 | L72: 6.1299388 | M72: 29606.64 | N72: 4070 | O72: 8.6543818 | P72: 211.22 | Q72: 38 | R72: 6.0348571 | T72: =IFERROR(D72/E72,"") -> 3.852193 | U72: =IFERROR(G72/H72,"") -> 3.9159262 | V72: =IFERROR(J72/K72,"") -> 5.5101994 | W72: =IFERROR(M72/N72,"") -> 7.2743587 | X72: =IFERROR(P72/Q72,"") -> 5.5584211
A73: 21368 | B73: SU BLANGY/BRESLE | C73: Super U | D73: 78585.5 | E73: 20633 | F73: 6.0543529 | G73: 11442.17 | H73: 3079 | I73: 4.3589219 | J73: 56217.02 | K73: 12758 | L73: 6.1668517 | M73: 1047338.8 | N73: 113306 | O73: 16.366971 | P73: 57351.06 | Q73: 15444 | R73: 5.127956 | T73: =IFERROR(D73/E73,"") -> 3.8087287 | U73: =IFERROR(G73/H73,"") -> 3.7161968 | V73: =IFERROR(J73/K73,"") -> 4.4064132 | W73: =IFERROR(M73/N73,"") -> 9.2434545 | X73: =IFERROR(P73/Q73,"") -> 3.7134848
A74: 21473 | B74: SU FAUVILLE EN CAUX SU | C74: Super U | D74: 47966.08 | E74: 10986 | F74: 5.4912513 | G74: 218683.21 | H74: 28536 | I74: 10.6467 | J74: 13516.81 | K74: 2388 | L74: 7.666937 | M74: 742573.25 | N74: 81629 | O74: 14.633715 | P74: 1388.4 | Q74: 267 | R74: 6.675 | T74: =IFERROR(D74/E74,"") -> 4.3661096 | U74: =IFERROR(G74/H74,"") -> 7.663415 | V74: =IFERROR(J74/K74,"") -> 5.6603057 | W74: =IFERROR(M74/N74,"") -> 9.0969294 | X74: =IFERROR(P74/Q74,"") -> 5.2
A75: 21481 | B75: SU CAEN BEAULIEU SU | C75: Super U | D75: 101717.15 | E75: 23374 | F75: 5.6132195 | G75: 3592.01 | H75: 1257 | I75: 3.2536322 | J75: 150668.59 | K75: 36731 | L75: 6.2003535 | M75: 273189.99 | N75: 42738 | O75: 8.8643366 | P75: 90062.73 | Q75: 19048 | R75: 7.0593142 | T75: =IFERROR(D75/E75,"") -> 4.351722 | U75: =IFERROR(G75/H75,"") -> 2.8576054 | V75: =IFERROR(J75/K75,"") -> 4.1019463 | W75: =IFERROR(M75/N75,"") -> 6.3922034 | X75: =IFERROR(P75/Q75,"") -> 4.7281988
A76: 21554 | B76: UE NOGENT LE ROTROU F | C76: U Express | T76: =IFERROR(D76/E76,"") | U76: =IFERROR(G76/H76,"") | V76: =IFERROR(J76/K76,"") | W76: =IFERROR(M76/N76,"") | X76: =IFERROR(P76/Q76,"")
A77: 21562 | B77: SU PACY SUR EURE | C77: Super U | D77: 893.76 | E77: 84 | F77: 14.186667 | G77: 7932.82 | H77: 2807 | I77: 3.6794156 | J77: 3335.34 | K77: 822 | L77: 6.4141154 | M77: 527292.47 | N77: 57898 | O77: 14.773822 | P77: 394.3 | Q77: 45 | R77: 8.7622222 | T77: =IFERROR(D77/E77,"") -> 10.64 | U77: =IFERROR(G77/H77,"") -> 2.8260848 | V77: =IFERROR(J77/K77,"") -> 4.0575912 | W77: =IFERROR(M77/N77,"") -> 9.1072657 | X77: =IFERROR(P77/Q77,"") -> 8.7622222
A78: 21589 | B78: SU BROU | C78: Super U | D78: 57530.49 | E78: 13835 | F78: 5.4655605 | G78: 2710.84 | H78: 384 | I78: 8.1162874 | J78: 16325.5 | K78: 2669 | L78: 8.8581118 | M78: 785582.23 | N78: 81807 | O78: 17.116946 | P78: 13431.17 | Q78: 2673 | R78: 7.6011149 | T78: =IFERROR(D78/E78,"") -> 4.1583296 | U78: =IFERROR(G78/H78,"") -> 7.0594792 | V78: =IFERROR(J78/K78,"") -> 6.1167104 | W78: =IFERROR(M78/N78,"") -> 9.602873 | X78: =IFERROR(P78/Q78,"") -> 5.024755
A79: 21600 | B79: SU CLAMART GARE SU | C79: Super U | D79: 21904.77 | E79: 5262 | F79: 4.5211084 | G79: 0 | H79: 0 | I79: 0 | J79: 28.4 | K79: 8 | L79: 5.68 | M79: 0 | N79: 0 | O79: 0 | P79: 12974.41 | Q79: 3409 | R79: 5.0094247 | T79: =IFERROR(D79/E79,"") -> 4.1628221 | U79: =IFERROR(G79/H79,"") | V79: =IFERROR(J79/K79,"") -> 3.55 | W79: =IFERROR(M79/N79,"") | X79: =IFERROR(P79/Q79,"") -> 3.8059284
A80: 21635 | B80: SU CHATOU BERTEAUX | C80: Super U | D80: 228291.91 | E80: 49356 | F80: 6.0351577 | G80: 1936.59 | H80: 237 | I80: 9.4009223 | J80: 1517.2 | K80: 344 | L80: 5.1084175 | M80: 25300.98 | N80: 2810 | O80: 17.582335 | P80: 38287.77 | Q80: 3292 | R80: 13.988955 | T80: =IFERROR(D80/E80,"") -> 4.6254135 | U80: =IFERROR(G80/H80,"") -> 8.1712658 | V80: =IFERROR(J80/K80,"") -> 4.4104651 | W80: =IFERROR(M80/N80,"") -> 9.0039075 | X80: =IFERROR(P80/Q80,"") -> 11.63055
A81: 21643 | B81: HU HANCHES HU | C81: Hyper U | D81: 403904.91 | E81: 89058 | F81: 6.325147 | G81: 4037.28 | H81: 927 | I81: 5.6544538 | J81: 99495.35 | K81: 16424 | L81: 7.8109083 | M81: 1981384.4 | N81: 236690 | O81: 13.681893 | P81: 453582.82 | Q81: 58749 | R81: 10.076259 | T81: =IFERROR(D81/E81,"") -> 4.5353018 | U81: =IFERROR(G81/H81,"") -> 4.3552104 | V81: =IFERROR(J81/K81,"") -> 6.0579244 | W81: =IFERROR(M81/N81,"") -> 8.3712213 | X81: =IFERROR(P81/Q81,"") -> 7.7206901
A82: 21783 | B82: UE GARCHES | C82: U Express | D82: 7022.89 | E82: 2182 | F82: 4.0016467 | G82: 7327.76 | H82: 1808 | I82: 4.3773955 | J82: 8816.34 | K82: 2405 | L82: 4.6086461 | M82: 4447.48 | N82: 682 | O82: 6.7488316 | P82: 448.39 | Q82: 64 | R82: 8.7919608 | T82: =IFERROR(D82/E82,"") -> 3.2185564 | U82: =IFERROR(G82/H82,"") -> 4.0529646 | V82: =IFERROR(J82/K82,"") -> 3.6658378 | W82: =IFERROR(M82/N82,"") -> 6.5212317 | X82: =IFERROR(P82/Q82,"") -> 7.0060937
A83: 21791 | B83: UE VILLE D AVRAY | C83: U Express | D83: 11949.84 | E83: 3684 | F83: 4.2017722 | G83: 1498.05 | H83: 536 | I83: 3.5752983 | J83: 16509.52 | K83: 4692 | L83: 5.1949402 | M83: 2229.65 | N83: 140 | O83: 17.981048 | P83: 35 | Q83: 12 | R83: 2.9166667 | T83: =IFERROR(D83/E83,"") -> 3.2437134 | U83: =IFERROR(G83/H83,"") -> 2.7948694 | V83: =IFERROR(J83/K83,"") -> 3.518653 | W83: =IFERROR(M83/N83,"") -> 15.926071 | X83: =IFERROR(P83/Q83,"") -> 2.9166667
A84: 21805 | B84: UE ROCQUENCOURT | C84: U Express | D84: 25.37 | E84: 7 | F84: 3.6242857 | G84: 54.43 | H84: 19 | I84: 3.401875 | J84: 318.67 | K84: 67 | L84: 6.3734 | M84: 40.85 | N84: 17 | O84: 2.4029412 | P84: 2190.97 | Q84: 501 | R84: 4.7629783 | T84: =IFERROR(D84/E84,"") -> 3.6242857 | U84: =IFERROR(G84/H84,"") -> 2.8647368 | V84: =IFERROR(J84/K84,"") -> 4.7562687 | W84: =IFERROR(M84/N84,"") -> 2.4029412 | X84: =IFERROR(P84/Q84,"") -> 4.3731936
A85: 21813 | B85: SU WORMHOUT | C85: Super U | D85: 174743.7 | E85: 43702 | F85: 5.8735404 | G85: 4432.51 | H85: 1983 | I85: 3.170608 | J85: 1156.09 | K85: 227 | L85: 7.136358 | M85: 493165.73 | N85: 66882 | O85: 11.525257 | P85: 28469.39 | Q85: 7745 | R85: 5.3990878 | T85: =IFERROR(D85/E85,"") -> 3.9985287 | U85: =IFERROR(G85/H85,"") -> 2.2352547 | V85: =IFERROR(J85/K85,"") -> 5.0929075 | W85: =IFERROR(M85/N85,"") -> 7.373669 | X85: =IFERROR(P85/Q85,"") -> 3.6758412
A86: 21872 | B86: SU PARIS CLICHY | C86: Super U | D86: 1199.12 | E86: 428 | F86: 3.2673569 | G86: 429.26 | H86: 134 | I86: 3.4617742 | J86: 1521.32 | K86: 384 | L86: 4.971634 | M86: 4.99 | N86: 1 | O86: 4.99 | P86: 49.52 | Q86: 5 | R86: 12.38 | T86: =IFERROR(D86/E86,"") -> 2.8016822 | U86: =IFERROR(G86/H86,"") -> 3.2034328 | V86: =IFERROR(J86/K86,"") -> 3.9617708 | W86: =IFERROR(M86/N86,"") -> 4.99 | X86: =IFERROR(P86/Q86,"") -> 9.904
A87: 21880 | B87: SU FERE EN TARDENOIS SU | C87: Super U | D87: 13993.57 | E87: 2805 | F87: 5.6884431 | G87: 5663.55 | H87: 1679 | I87: 3.8951513 | J87: 6876.23 | K87: 1393 | L87: 6.0264943 | M87: 588755.51 | N87: 69753 | O87: 14.594108 | P87: 36346.24 | Q87: 7211 | R87: 6.3698283 | T87: =IFERROR(D87/E87,"") -> 4.988795 | U87: =IFERROR(G87/H87,"") -> 3.3731686 | V87: =IFERROR(J87/K87,"") -> 4.9362742 | W87: =IFERROR(M87/N87,"") -> 8.4405762 | X87: =IFERROR(P87/Q87,"") -> 5.0403883
A88: 21929 | B88: SU CHARLY/MARNE | C88: Super U | D88: 64034.95 | E88: 14119 | F88: 6.1183786 | G88: 4771.28 | H88: 1473 | I88: 4.0027517 | J88: 12290.32 | K88: 3140 | L88: 5.3952239 | M88: 589029.75 | N88: 57546 | O88: 15.777723 | P88: 41510.37 | Q88: 4998 | R88: 10.320828 | T88: =IFERROR(D88/E88,"") -> 4.5353743 | U88: =IFERROR(G88/H88,"") -> 3.2391582 | V88: =IFERROR(J88/K88,"") -> 3.9141147 | W88: =IFERROR(M88/N88,"") -> 10.235807 | X88: =IFERROR(P88/Q88,"") -> 8.3053962
A89: 21937 | B89: UE ST QUENTIN | C89: U Express | T89: =IFERROR(D89/E89,"") | U89: =IFERROR(G89/H89,"") | V89: =IFERROR(J89/K89,"") | W89: =IFERROR(M89/N89,"") | X89: =IFERROR(P89/Q89,"")
A90: 22038 | B90: SU SA NOGENT DISTRIBUTION | C90: Super U | T90: =IFERROR(D90/E90,"") | U90: =IFERROR(G90/H90,"") | V90: =IFERROR(J90/K90,"") | W90: =IFERROR(M90/N90,"") | X90: =IFERROR(P90/Q90,"")
A91: 22057 | B91: UE DIVES-SUR-MER | C91: U Express | T91: =IFERROR(D91/E91,"") | U91: =IFERROR(G91/H91,"") | V91: =IFERROR(J91/K91,"") | W91: =IFERROR(M91/N91,"") | X91: =IFERROR(P91/Q91,"")
A92: 22062 | B92: UE LILLE BUISSON | C92: U Express | D92: 86630.35 | E92: 18009 | F92: 6.5081774 | G92: 426.26 | H92: 147 | I92: 3.0447143 | J92: 1861.53 | K92: 544 | L92: 4.0292857 | M92: 6335.26 | N92: 775 | O92: 8.8729132 | P92: 45.12 | Q92: 9 | R92: 5.64 | T92: =IFERROR(D92/E92,"") -> 4.810392 | U92: =IFERROR(G92/H92,"") -> 2.8997279 | V92: =IFERROR(J92/K92,"") -> 3.4219301 | W92: =IFERROR(M92/N92,"") -> 8.174529 | X92: =IFERROR(P92/Q92,"") -> 5.0133333
A93: 22140 | B93: SU CONDE EN NORMANDIE | C93: Super U | D93: 65686.81 | E93: 14305 | F93: 6.0136235 | G93: 14388.7 | H93: 3680 | I93: 4.2849017 | J93: 53172.21 | K93: 9202 | L93: 7.5176318 | M93: 854284.9 | N93: 92563 | O93: 14.403967 | P93: 80660.2 | Q93: 11526 | R93: 8.8452901 | T93: =IFERROR(D93/E93,"") -> 4.5918777 | U93: =IFERROR(G93/H93,"") -> 3.9099728 | V93: =IFERROR(J93/K93,"") -> 5.7783319 | W93: =IFERROR(M93/N93,"") -> 9.2292266 | X93: =IFERROR(P93/Q93,"") -> 6.9981086
A94: 22162 | B94: UE BRETTEVILLE L'ORGUEILLEUSE | C94: U Express | D94: 9280.74 | E94: 2591 | F94: 4.3347688 | G94: 1073.98 | H94: 197 | I94: 5.8368478 | J94: 1314.21 | K94: 247 | L94: 5.7640789 | M94: 62968.4 | N94: 9234 | O94: 8.7346927 | P94: 0 | Q94: 0 | R94: 0 | T94: =IFERROR(D94/E94,"") -> 3.5819143 | U94: =IFERROR(G94/H94,"") -> 5.4516751 | V94: =IFERROR(J94/K94,"") -> 5.3206883 | W94: =IFERROR(M94/N94,"") -> 6.81919 | X94: =IFERROR(P94/Q94,"")
A95: 22216 | B95: SU MAROMME SU | C95: Super U | D95: 10167.22 | E95: 3525 | F95: 3.3856876 | G95: 5468.65 | H95: 1825 | I95: 3.7636958 | J95: 9872.13 | K95: 2662 | L95: 4.8345397 | M95: 266250.05 | N95: 47521 | O95: 8.1656766 | P95: 999.51 | Q95: 162 | R95: 7.6885385 | T95: =IFERROR(D95/E95,"") -> 2.8843177 | U95: =IFERROR(G95/H95,"") -> 2.9965205 | V95: =IFERROR(J95/K95,"") -> 3.7085387 | W95: =IFERROR(M95/N95,"") -> 5.6027872 | X95: =IFERROR(P95/Q95,"") -> 6.1698148
A96: 22259 | B96: SU LE HOM (THURY) SU | C96: Super U | D96: 83298.57 | E96: 22355 | F96: 4.9975144 | G96: 1962.33 | H96: 543 | I96: 4.3802009 | J96: 16465.84 | K96: 3197 | L96: 6.8607667 | M96: 511978.28 | N96: 58203 | O96: 12.831536 | P96: 38881.75 | Q96: 7216 | R96: 7.4032273 | T96: =IFERROR(D96/E96,"") -> 3.7261718 | U96: =IFERROR(G96/H96,"") -> 3.6138674 | V96: =IFERROR(J96/K96,"") -> 5.1504035 | W96: =IFERROR(M96/N96,"") -> 8.7964242 | X96: =IFERROR(P96/Q96,"") -> 5.3882691
A97: 22291 | B97: SU ST CONTEST | C97: Super U | D97: 49345.08 | E97: 13118 | F97: 4.4745267 | G97: 21436.86 | H97: 5786 | I97: 4.2856577 | J97: 135396.34 | K97: 25977 | L97: 6.8798953 | M97: 818952.79 | N97: 100389 | O97: 12.828208 | P97: 73843.51 | Q97: 16970 | R97: 6.8014654 | T97: =IFERROR(D97/E97,"") -> 3.7616313 | U97: =IFERROR(G97/H97,"") -> 3.7049533 | V97: =IFERROR(J97/K97,"") -> 5.2121623 | W97: =IFERROR(M97/N97,"") -> 8.1577941 | X97: =IFERROR(P97/Q97,"") -> 4.3514149
A98: 22305 | B98: SU SALINE TROARN | C98: Super U | D98: 83591.31 | E98: 22799 | F98: 5.1459807 | G98: 6069.6 | H98: 1298 | I98: 5.19213 | J98: 50178.66 | K98: 11240 | L98: 5.9207858 | M98: 807435.57 | N98: 96584 | O98: 13.350456 | P98: 31847.88 | Q98: 5844 | R98: 7.5451031 | T98: =IFERROR(D98/E98,"") -> 3.6664463 | U98: =IFERROR(G98/H98,"") -> 4.6761171 | V98: =IFERROR(J98/K98,"") -> 4.4642936 | W98: =IFERROR(M98/N98,"") -> 8.3599309 | X98: =IFERROR(P98/Q98,"") -> 5.4496715
A99: 22348 | B99: UE LA HAYE PESNEL | C99: U Express | D99: 6003.87 | E99: 1713 | F99: 4.2340409 | G99: 7707 | H99: 2268 | I99: 3.9241344 | J99: 14046.96 | K99: 2469 | L99: 6.9573848 | M99: 269445.76 | N99: 34189 | O99: 12.047114 | P99: 149.18 | Q99: 26 | R99: 6.7809091 | T99: =IFERROR(D99/E99,"") -> 3.5048862 | U99: =IFERROR(G99/H99,"") -> 3.3981481 | V99: =IFERROR(J99/K99,"") -> 5.6893317 | W99: =IFERROR(M99/N99,"") -> 7.8810658 | X99: =IFERROR(P99/Q99,"") -> 5.7376923
A100: 22550 | B100: SU COLOMBELLES | C100: Super U | D100: 74388.78 | E100: 20953 | F100: 4.8029946 | G100: 4204.07 | H100: 1272 | I100: 3.9071283 | J100: 97679.61 | K100: 16657 | L100: 8.2194219 | M100: 1041608.8 | N100: 143277 | O100: 12.057332 | P100: 27087.58 | Q100: 6025 | R100: 6.5161366 | T100: =IFERROR(D100/E100,"") -> 3.5502687 | U100: =IFERROR(G100/H100,"") -> 3.3050865 | V100: =IFERROR(J100/K100,"") -> 5.8641778 | W100: =IFERROR(M100/N100,"") -> 7.2698955 | X100: =IFERROR(P100/Q100,"") -> 4.4958639
A101: 22623 | B101: UE BLAINVILLE | C101: U Express | T101: =IFERROR(D101/E101,"") | U101: =IFERROR(G101/H101,"") | V101: =IFERROR(J101/K101,"") | W101: =IFERROR(M101/N101,"") | X101: =IFERROR(P101/Q101,"")
A102: 22631 | B102: UE GACE | C102: U Express | T102: =IFERROR(D102/E102,"") | U102: =IFERROR(G102/H102,"") | V102: =IFERROR(J102/K102,"") | W102: =IFERROR(M102/N102,"") | X102: =IFERROR(P102/Q102,"")
...

Sheet Feuil1
C1: Code MAGASIN | D1: Magasin
C2: 25908 | D2: HU ABBEVILLE
C3: 90434 | D3: HU AGDE
C4: 30973 | D4: HU AIZENAY
C5: 90232 | D5: HU ALES OLIVIER DE SERRES
C6: 24286 | D6: HU BARALLE MARQUION HU
C7: 31562 | D7: HU BAULE
C8: 25827 | D8: HU BIACHE ST VAAST
C9: 36645 | D9: HU BLAIN
C10: 25384 | D10: HU BLAINVILLE/ORNE
C11: 31438 | D11: HU BOULAZAC
C12: 37617 | D12: HU BOURGUEIL
C13: 26440 | D13: HU BRIE COMTE ROBERT HU
... C1175: 24758 | D1175: UE YVETOT

Sheet TDB
K3: =IFERROR(VLOOKUP(H3,Feuil2!A:B,2,FALSE),"")
C6: Chiffres en 2025
T7: =VLOOKUP(H3,Feuil2!A:X,24,FALSE) -> #N/A
E8: CA UVCM en Poissonnerie : | F8: =IFERROR(VLOOKUP(H3,les_donnees,16,FALSE),"") | J8: CA UVCM en Boucherie : | K8: =IFERROR(VLOOKUP(H3,les_donnees,13,FALSE),"") | T8: =VLOOKUP(H3,Feuil2!A:X,23,FALSE) -> #N/A
T9: =VLOOKUP(H3,Feuil2!A:X,22,FALSE) -> #N/A
E10: Nb de barquettes moyen UVCM en Poissonnerie : | F10: =IFERROR(F8/T7,"") | J10: Nb de barquettes UVCM en Boucherie : | K10: =IFERROR(K8/T8,"") | T10: =VLOOKUP(H3,Feuil2!A:X,21,FALSE) -> #N/A
T11: =VLOOKUP(H3,Feuil2!A:X,20,FALSE) -> #N/A
E13: CA UVCM en Fromage : | F13: =IFERROR(VLOOKUP(H3,les_donnees,4,FALSE),"") | J13: CA UVCM en Charcuterie : | K13: =IFERROR(VLOOKUP(H3,les_donnees,7,FALSE),"") | T13: =O14/O15 -> #DIV/0!
J14: CA UVCM enTraiteur : | K14: =IFERROR(VLOOKUP(H3,les_donnees,10,FALSE),"") | L14: CA UVCM en Charcuterie/Traiteur : | O14: =IFERROR(K14+K13,"") -> 0
E15: Nb de barquettes moyen UVCM en Fromage : | F15: =IFERROR(F13/T11,"") | J15: Nb de barquettes UVCM en Charcuterie : | K15: =IFERROR(K13/T10,"") | N15: Nb de barquettes UVCM enTraiteur : | O15: =IFERROR(K15+K16,"") -> 0
J16: Nb de barquettes UVCM enTraiteur : | K16: =IFERROR(K14/T9,"")
G19: Nombre de barquettes totales : | I19: =IFERROR(F10+F15+K16+K15+K10,"") -> 0
C23: Projection
G25: Disposeriez-vous d'une salle mutualisée (pour tous les rayons) vous réaliser vos emballages : | I25: Oui
G27: =IFERROR(IF(I25="Oui","Pour emballer, de combien de m² au sol disposez vous ?",""),"") -> Pour emballer, de combien de m² au sol disposez vous ? | K27: =IF(I27="","",IF(I27<20,"Votre surface est petite trop pour détenir une machine",""))
G32: Renseigner votre potentiel CA UVCM annuel en Poissonnerie : | K32: Nombre de barquette moyen* : | N32: =IFERROR(I32/T7,"")
K33: =IF(I25="Non","*Préconisation PLM dispo à partir de 2 300 barquettes","")
G34: Renseigner votre potentiel CA UVCM annuel en Boucherie : | K34: Nombre de barquette moyen** : | N34: =IFERROR(I34/T8,"")
K35: =IF(I25="Non","*Préconisation BVO dispo à partir de 2 800 barquettes","")
G36: Renseigner votre potentiel CA UVCM annuel en Fromagerie : | K36: Nombre de barquette moyen** : | N36: =IFERROR(I36/T11,"")
K37: =IF(I25="Non","*Préconisation fc dispo à partir de 2 300 barquettes","")
G38: Renseigner votre potentiel CA UVCM annuel en Charcuterie / Traiteur : | K38: Nombre de barquette moyen** : | N38: =IFERROR(I38/T13,"")
K39: =IF(I25="Non","*Préconisation CTT dispo à partir de 2 300 barquettes","")
G42: Nombre de barquettes totales : | I42: =IFERROR(N32+N34+N36+N38,"") -> 0
K45: =IF(I25="Oui","*Préconisation dispo à partir de 6 400 barquettes totale","") -> *Préconisation dispo à partir de 6 400 barquettes totale

Sheet Choix

Sheet test
A1: Recommandation
B4: Les technologies se trouvent les unes en dessous des autres. Si vous n'avez pas de machine préconisée pour le sous-atmosphère, il vous faut regarder en dessous pour voir quelle technologie correspond le mieux à votre besoin. Pour le % de capacité d'emballe = Le chiffre correspond au nombre de barquettes prévisionnelles sur le nombre de barquette que la machine peut réaliser
A6: Sous atmosphère
A8: SOUS MAP | I8: SOUS MAP | Q8: SOUS MAP
F9: Informations MACHINE 1 | N9: Informations MACHINE 2 | V9: Informations MACHINE 3
F11: Nom : | G11: {=IFERROR(INDEX(tableau!M:M,LARGE(IF((tableau!A:A=test!A8)*(TDB!I42>=tableau!J:J)*(TDB!I42<=tableau!K:K),ROW(tableau!M:M),""),1)),"Pas de Machine Sous Atmosphère de disponible par rapport à votre nombre de barquette")} -> Pas de Machine Sous Atmosphère de disponible par rapport à votre nombre de barquette | N11: Nom : | O11: {=IFERROR(INDEX(tableau!N:N,LARGE(IF((tableau!A:A=test!A8)*(TDB!I42>=tableau!J:J)*(TDB!I42<=tableau!K:K),ROW(tableau!N:N),""),1)),"Pas de Machine Sous Atmosphère de disponible par rapport à votre nombre de barquette")} -> Pas de Machine Sous Atmosphère de disponible par rapport à votre nombre de barquette | V11: Nom : | W11: {=IFERROR(INDEX(tableau!O:O,LARGE(IF((tableau!A:A=test!A8)*(TDB!I42>=tableau!J:J)*(TDB!I42<=tableau!K:K),ROW(tableau!O:O),""),1)),"Pas de Machine Sous Atmosphère de disponible par rapport à votre nombre de barquette")} -> Pas de Machine Sous Atmosphère de disponible par rapport à votre nombre de barquette
F13: Fournisseur: | G13: =IFERROR(HLOOKUP(G11,'Référencement'!B7:AH39,5,FALSE),"") | N13: Fournisseur: | O13: =IFERROR(HLOOKUP(O11,'Référencement'!B7:AO39,5,FALSE),"") | V13: Fournisseur: | W13: =IFERROR(HLOOKUP(W11,'Référencement'!B7:AW39,5,FALSE),"")
F14: Lien sur Catanoma : | G14: =IFERROR(HYPERLINK(TRIM(HLOOKUP(G11,'Référencement'!B7:AH55,38,FALSE)), TRIM(HLOOKUP(G11,'Référencement'!B7:AH39,7,FALSE))),"") | N14: Lien sur Catanoma : | O14: =IFERROR(HYPERLINK(TRIM(HLOOKUP(O11,'Référencement'!B7:AO55,38,FALSE)), TRIM(HLOOKUP(O11,'Référencement'!B7:AO39,7,FALSE))),"") | V14: Lien sur Catanoma : | W14: =IFERROR(HYPERLINK(TRIM(HLOOKUP(W11,'Référencement'!B7:AW55,38,FALSE)), TRIM(HLOOKUP(W11,'Référencement'!B7:AW39,7,FALSE))),"")
F15: DLC produits PLM (découpe poisson, poisson entier) | G15: =IFERROR(HLOOKUP(G11,'Référencement'!B7:AH39,8,FALSE),"") | N15: DLC produits PLM (découpe poisson, poisson entier) | O15: =IFERROR(HLOOKUP(O11,'Référencement'!B7:AH39,8,FALSE),"") | V15: DLC produits PLM (découpe poisson, poisson entier) | W15: =IFERROR(HLOOKUP(W11,'Référencement'!B7:AH39,8,FALSE),"")
F16: DLC produits BVO MAX | G16: =IFERROR(HLOOKUP(G11,'Référencement'!B7:AH39,9,FALSE),"") | N16: DLC produits BVO MAX | O16: =IFERROR(HLOOKUP(O11,'Référencement'!B7:AO39,9,FALSE),"") | V16: DLC produits BVO MAX | W16: =IFERROR(HLOOKUP(W11,'Référencement'!B7:AW39,9,FALSE),"")
F17: Type | G17: =IFERROR(HLOOKUP(G11,'Référencement'!B7:AH39,10,FALSE),"") | N17: Type | O17: =IFERROR(HLOOKUP(O11,'Référencement'!B7:AO39,10,FALSE),"") | V17: Type | W17: =IFERROR(HLOOKUP(W11,'Référencement'!B7:AW39,10,FALSE),"")
F18: Format barquettes inclus | G18: =IFERROR(HLOOKUP(G11,'Référencement'!B7:AH39,11,FALSE),"") | N18: Format barquettes inclus | O18: =IFERROR(HLOOKUP(O11,'Référencement'!B7:AO39,11,FALSE),"") | V18: Format barquettes inclus | W18: =IFERROR(HLOOKUP(W11,'Référencement'!B7:AW39,11,FALSE),"")
F19: Cadence (Barquettes / mn) | G19: =IFERROR(HLOOKUP(G11,'Référencement'!B7:AH39,12,FALSE),"") | N19: Cadence (Barquettes / mn) | O19: =IFERROR(HLOOKUP(O11,'Référencement'!B7:AO39,12,FALSE),"") | V19: Cadence (Barquettes / mn) | W19: =IFERROR(HLOOKUP(W11,'Référencement'!B7:AW39,12,FALSE),"")
C20: % de capacité d'emballage : | D20: =IFERROR(TDB!I42/HLOOKUP(test!G11,'Référencement'!B7:AH43,36,FALSE),"") | K20: % de capacité d'emballage : | L20: =IFERROR(TDB!I42/HLOOKUP(test!O11,'Référencement'!B7:AH43,36,FALSE),"") | S20: % de capacité d'emballage : | T20: =IFERROR(TDB!I42/HLOOKUP(test!W11,'Référencement'!B7:AH43,36,FALSE),"")
F21: Prix | N21: Prix | V21: Prix
A22: =IF(D20="","",IF(D20>1,"Attention capacité d'emballage dépassée","")) | I22: =IF(L20="","",IF(L20>1,"Attention capacité d'emballage dépassée","")) | Q22: =IF(T20="","",IF(T20>1,"Attention capacité d'emballage dépassée",""))
F23: Prix Matériel HT | G23: =IFERROR(HLOOKUP(G11,'Référencement'!B7:AH39,13,FALSE),"") | N23: Prix Matériel HT | O23: =IFERROR(HLOOKUP(O11,'Référencement'!B7:AO39,13,FALSE),"") | V23: Prix Matériel HT | W23: =IFERROR(HLOOKUP(W11,'Référencement'!B7:AW39,13,FALSE),"")
F25: Prix équipement total HT (Prix Matériel + Pesage + Installation GAZ + Prix compresseur) | G25: =IFERROR(HLOOKUP(G11,'Référencement'!B7:AH39,17,FALSE),"") | N25: Prix équipement total HT (Prix Matériel + Pesage + Installation GAZ + Prix compresseur) | O25: =IFERROR(HLOOKUP(O11,'Référencement'!B7:AO39,17,FALSE),"") | V25: Prix équipement total HT (Prix Matériel + Pesage + Installation GAZ + Prix compresseur) | W25: =IFERROR(HLOOKUP(W11,'Référencement'!B7:AW39,17,FALSE),"")
F26: Prix avec option skin | G26: =IFERROR(HLOOKUP(G11,'Référencement'!B7:AH39,18,FALSE),"") | N26: Prix avec option skin | O26: =IFERROR(HLOOKUP(O11,'Référencement'!B7:AO39,18,FALSE),"") | V26: Prix avec option skin | W26: =IFERROR(HLOOKUP(W11,'Référencement'!B7:AW39,18,FALSE),"")
F27: Coût amortissement matériel sur 5 ans | G27: =IFERROR(HLOOKUP(G11,'Référencement'!B7:AH39,19,FALSE),"") | N27: Coût amortissement matériel sur 5 ans | O27: =IFERROR(HLOOKUP(O11,'Référencement'!B7:AO39,19,FALSE),"") | V27: Coût amortissement matériel sur 5 ans | W27: =IFERROR(HLOOKUP(W11,'Référencement'!B7:AW39,19,FALSE),"")
F28: Prix total HT (équipement + maintenance) sur 5 ans | G28: =IFERROR(HLOOKUP(G11,'Référencement'!B7:AH39,25,FALSE),"") | N28: Prix total HT (équipement + maintenance) sur 5 ans | O28: =IFERROR(HLOOKUP(O11,'Référencement'!B7:AO39,25,FALSE),"") | V28: Prix total HT (équipement + maintenance) sur 5 ans | W28: =IFERROR(HLOOKUP(W11,'Référencement'!B7:AW39,25,FALSE),"")
F29: Prix total HT (équipement + maintenance) sur 1 an | G29: =IFERROR(G28/5,"") -> 0 | N29: Prix total HT (équipement + maintenance) sur 1 an | O29: =IFERROR(O28/5,"") -> 0 | V29: Prix total HT (équipement + maintenance) sur 1 an | W29: =IFERROR(W28/5,"") -> 0
F31: Coût économat | G31: =IFERROR(HLOOKUP(G11,'Référencement'!B7:AH50,31,FALSE),"") | N31: Coût économat | O31: =IFERROR(HLOOKUP(O11,'Référencement'!B7:AO50,31,FALSE),"") | V31: Coût économat | W31: =IFERROR(HLOOKUP(W11,'Référencement'!B7:AW50,31,FALSE),"")
F32: Coût annuel Appro gaz | G32: =IFERROR(HLOOKUP(G11,'Référencement'!B7:AH50,33,FALSE),"") | N32: Coût annuel Appro gaz | O32: =IFERROR(HLOOKUP(O11,'Référencement'!B7:AO50,33,FALSE),"") | V32: Coût annuel Appro gaz | W32: =IFERROR(HLOOKUP(W11,'Référencement'!B7:AW50,33,FALSE),"")
F33: CA ANNUEL EN UVCM MINIMUM POUR ÊTRE RENTABLE | G33: =IFERROR(HLOOKUP(G11,'Référencement'!B7:AH50,37,FALSE),"") | N33: CA ANNUEL EN UVCM MINIMUM POUR ÊTRE RENTABLE | O33: =IFERROR(HLOOKUP(O11,'Référencement'!B7:AO50,37,FALSE),"") | V33: CA ANNUEL EN UVCM MINIMUM POUR ÊTRE RENTABLE | W33: =IFERROR(HLOOKUP(W11,'Référencement'!B7:AW50,37,FALSE),"")
A35: SOUS SKIN
A37: SOUS SKIN | I37: SOUS SKIN | Q37: SOUS SKIN
F38: Informations MACHINE 1 | N38: Informations MACHINE 2 | V38: Informations MACHINE 3
F40: Nom : | G40: {=IFERROR(INDEX(tableau!M:M,LARGE(IF((tableau!A:A=test!A37)*(TDB!I42>=tableau!J:J)*(TDB!I42<=tableau!K:K),ROW(tableau!M:M),""),1)),"Pas de Machine Sous Skin de disponible par rapport à votre nombre de barquette")} -> Pas de Machine Sous Skin de disponible par rapport à votre nombre de barquette | N40: Nom : | O40: {=IFERROR(INDEX(tableau!N:N,LARGE(IF((tableau!A:A=test!A37)*(TDB!I42>=tableau!J:J)*(TDB!I42<=tableau!K:K),ROW(tableau!N:N),""),1)),"Pas de Machine Sous Skin de disponible par rapport à votre nombre de barquette")} -> Pas de Machine Sous Skin de disponible par rapport à votre nombre de barquette | V40: Nom : | W40: {=IFERROR(INDEX(tableau!O:O,LARGE(IF((tableau!A:A=test!A37)*(TDB!I42>=tableau!J:J)*(TDB!I42<=tableau!K:K),ROW(tableau!O:O),""),1)),"Pas de Machine Sous Skin de disponible par rapport à votre nombre de barquette")} -> Pas de Machine Sous Skin de disponible par rapport à votre nombre de barquette
F42: Fournisseur: | G42: =IFERROR(HLOOKUP(G40,'Référencement'!B7:AH39,5,FALSE),"") | N42: Fournisseur: | O42: =IFERROR(HLOOKUP(O40,'Référencement'!B7:AP39,5,FALSE),"") | V42: Fournisseur: | W42: =IFERROR(HLOOKUP(W40,'Référencement'!B7:AX39,5,FALSE),"")
F43: Lien sur Catanoma : | G43: =IFERROR(HYPERLINK(TRIM(HLOOKUP(G40,'Référencement'!B7:AH55,38,FALSE)), TRIM(HLOOKUP(G40,'Référencement'!B7:AH39,7,FALSE))),"") | N43: Lien sur Catanoma : | O43: =IFERROR(HYPERLINK(TRIM(HLOOKUP(O40,'Référencement'!B7:AP55,38,FALSE)), TRIM(HLOOKUP(O40,'Référencement'!B7:AP39,7,FALSE))),"") | V43: Lien sur Catanoma : | W43: =IFERROR(HYPERLINK(TRIM(HLOOKUP(W40,'Référencement'!B7:AX55,38,FALSE)), TRIM(HLOOKUP(W40,'Référencement'!B7:AX39,7,FALSE))),"")
F44: DLC produits PLM (découpe poisson, poisson entier) | G44: =IFERROR(HLOOKUP(G40,'Référencement'!B7:AH39,8,FALSE),"") | N44: DLC produits PLM (découpe poisson, poisson entier) | O44: =IFERROR(HLOOKUP(O40,'Référencement'!B7:AP39,8,FALSE),"") | V44: DLC produits PLM (découpe poisson, poisson entier) | W44: =IFERROR(HLOOKUP(W40,'Référencement'!B7:AX39,8,FALSE),"")
F45: DLC produits BVO MAX | G45: =IFERROR(HLOOKUP(G40,'Référencement'!B7:AH39,9,FALSE),"") | N45: DLC produits BVO MAX | O45: =IFERROR(HLOOKUP(O40,'Référencement'!B7:AP39,9,FALSE),"") | V45: DLC produits BVO MAX | W45: =IFERROR(HLOOKUP(W40,'Référencement'!B7:AX39,9,FALSE),"")
F46: Type | G46: =IFERROR(HLOOKUP(G40,'Référencement'!B7:AH39,10,FALSE),"") | N46: Type | O46: =IFERROR(HLOOKUP(O40,'Référencement'!B7:AP39,10,FALSE),"") | V46: Type | W46: =IFERROR(HLOOKUP(W40,'Référencement'!B7:AX39,10,FALSE),"")
F47: Format barquettes inclus | G47: =IFERROR(HLOOKUP(G40,'Référencement'!B7:AH39,11,FALSE),"") | N47: Format barquettes inclus | O47: =IFERROR(HLOOKUP(O40,'Référencement'!B7:AP39,11,FALSE),"") | V47: Format barquettes inclus | W47: =IFERROR(HLOOKUP(W40,'Référencement'!B7:AX39,11,FALSE),"")
F48: Cadence (Barquettes / mn) | G48: =IFERROR(HLOOKUP(G40,'Référencement'!B7:AH39,12,FALSE),"") | N48: Cadence (Barquettes / mn) | O48: =IFERROR(HLOOKUP(O40,'Référencement'!B7:AP39,12,FALSE),"") | V48: Cadence (Barquettes / mn) | W48: =IFERROR(HLOOKUP(W40,'Référencement'!B7:AX39,12,FALSE),"")
C49: % de capacité d'emballage : | D49: =IFERROR(TDB!I42/HLOOKUP(test!G40,'Référencement'!B7:AH43,36,FALSE),"") | K49: % de capacité d'emballage : | L49: =IFERROR(TDB!I42/HLOOKUP(test!O40,'Référencement'!B7:AH43,36,FALSE),"") | S49: % de capacité d'emballage : | T49: =IFERROR(TDB!I42/HLOOKUP(test!W40,'Référencement'!B7:AH43,36,FALSE),"")
F50: Prix | N50: Prix | V50: Prix
A51: =IF(D49="","",IF(D49>1,"Attention capacité d'emballage dépassée","")) | I51: =IF(L49="","",IF(L49>1,"Attention capacité d'emballage dépassée","")) | Q51: =IF(T49="","",IF(T49>1,"Attention capacité d'emballage dépassée",""))
F52: Prix Matériel HT | G52: =IFERROR(HLOOKUP(G40,'Référencement'!B7:AH39,13,FALSE),"") | N52: Prix Matériel HT | O52: =IFERROR(HLOOKUP(O40,'Référencement'!B7:AP39,13,FALSE),"") | V52: Prix Matériel HT | W52: =IFERROR(HLOOKUP(W40,'Référencement'!B7:AX39,13,FALSE),"")
F54: Prix équipement total HT (Prix Matériel + Pesage ) | G54: =IFERROR(HLOOKUP(G40,'Référencement'!B7:AH39,17,FALSE),"") | N54: Prix équipement total HT (Prix Matériel + Pesage ) | O54: =IFERROR(HLOOKUP(O40,'Référencement'!B7:AP39,17,FALSE),"") | V54: Prix équipement total HT (Prix Matériel + Pesage ) | W54: =IFERROR(HLOOKUP(W40,'Référencement'!B7:AX39,17,FALSE),"")
F55: Prix avec option skin | G55: =IFERROR(HLOOKUP(G40,'Référencement'!B7:AH39,18,FALSE),"") | N55: Prix avec option skin | O55: =IFERROR(HLOOKUP(O40,'Référencement'!B7:AP39,18,FALSE),"") | V55: Prix avec option skin | W55: =IFERROR(HLOOKUP(W40,'Référencement'!B7:AX39,18,FALSE),"")
F56: Coût amortissement matériel sur 5 ans | G56: =IFERROR(HLOOKUP(G40,'Référencement'!B7:AH39,19,FALSE),"") | N56: Coût amortissement matériel sur 5 ans | O56: =IFERROR(HLOOKUP(O40,'Référencement'!B7:AP39,19,FALSE),"") | V56: Coût amortissement matériel sur 5 ans | W56: =IFERROR(HLOOKUP(W40,'Référencement'!B7:AX39,19,FALSE),"")
F57: Prix total HT (équipement + maintenance) sur 5 ans | G57: =IFERROR(HLOOKUP(G40,'Référencement'!B7:AH39,25,FALSE),"") | N57: Prix total HT (équipement + maintenance) sur 5 ans | O57: =IFERROR(HLOOKUP(O40,'Référencement'!B7:AP39,25,FALSE),"") | V57: Prix total HT (équipement + maintenance) sur 5 ans | W57: =IFERROR(HLOOKUP(W40,'Référencement'!B7:AX39,25,FALSE),"")
F58: Prix total HT (équipement + maintenance) sur 1 an | G58: =IFERROR(G57/5,"") -> 0 | N58: Prix total HT (équipement + maintenance) sur 1 an | O58: =IFERROR(O57/5,"") -> 0 | V58: Prix total HT (équipement + maintenance) sur 1 an | W58: =IFERROR(W57/5,"") -> 0
F60: Coût économat | G60: =IFERROR(HLOOKUP(G40,'Référencement'!B7:AH50,31,FALSE),"") | N60: Coût économat | O60: =IFERROR(HLOOKUP(O40,'Référencement'!B7:AP50,31,FALSE),"") | V60: Coût économat | W60: =IFERROR(HLOOKUP(W40,'Référencement'!B7:AX50,31,FALSE),"")
F61: Coût annuel Appro gaz | G61: =IFERROR(HLOOKUP(G40,'Référencement'!B7:AH50,33,FALSE),"") | N61: Coût annuel Appro gaz | O61: =IFERROR(HLOOKUP(O40,'Référencement'!B7:AP50,33,FALSE),"") | V61: Coût annuel Appro gaz | W61: =IFERROR(HLOOKUP(W40,'Référencement'!B7:AX50,33,FALSE),"")
F62: CA ANNUEL EN UVCM MINIMUM POUR ÊTRE RENTABLE | G62: =IFERROR(HLOOKUP(G40,'Référencement'!B7:AH50,37,FALSE),"") | N62: CA ANNUEL EN UVCM MINIMUM POUR ÊTRE RENTABLE | O62: =IFERROR(HLOOKUP(O40,'Référencement'!B7:AP50,37,FALSE),"") | V62: CA ANNUEL EN UVCM MINIMUM POUR ÊTRE RENTABLE | W62: =IFERROR(HLOOKUP(W40,'Référencement'!B7:AX50,37,FALSE),"")

Sheet PLM
A1: Recommandations PLM
B4: Les technologies se trouvent les unes en dessous des autres. Si vous n'avez pas de machine préconisée pour le sous-atmosphère, il vous faut regarder en dessous pour voir quelle technologie correspond le mieux à votre besoin. Pour le % de capacité d'emballe = Le chiffre correspond au nombre de barquettes prévisionnelles sur le nombre de barquette que la machine peut réaliser
A6: Sous atmosphère
A8: SOUS MAP | I8: SOUS MAP | Q8: SOUS MAP
F9: Informations MACHINE 1 | N9: Informations MACHINE 2 | V9: Informations MACHINE 3
F11: Nom : | G11: {=IFERROR(INDEX(tableau!M:M,LARGE(IF((tableau!A:A=PLM!A8)*(TDB!N32>=tableau!B:B)*(TDB!N32<=tableau!C:C),ROW(tableau!M:M),""),1)),"Pas de Machine Sous Atmosphère de disponible par rapport à votre nombre de barquette")} -> Pas de Machine Sous Atmosphère de disponible par rapport à votre nombre de barquette | N11: Nom : | O11: {=IFERROR(INDEX(tableau!N:N,LARGE(IF((tableau!A:A=PLM!A8)*(TDB!N32>=tableau!B:B)*(TDB!N32<=tableau!C:C),ROW(tableau!N:N),""),1)),"Pas de Machine Sous Atmosphère de disponible par rapport à votre nombre de barquette")} -> Pas de Machine Sous Atmosphère de disponible par rapport à votre nombre de barquette | V11: Nom : | W11: {=IFERROR(INDEX(tableau!O:O,LARGE(IF((tableau!A:A=PLM!A8)*(TDB!N32>=tableau!B:B)*(TDB!N32<=tableau!C:C),ROW(tableau!O:O),""),1)),"Pas de Machine Sous Atmosphère de disponible par rapport à votre nombre de barquette")} -> Pas de Machine Sous Atmosphère de disponible par rapport à votre nombre de barquette
F13: Fournisseur: | G13: =IFERROR(HLOOKUP(G11,'Référencement'!B7:AH39,5,FALSE),"") | N13: Fournisseur: | O13: =IFERROR(HLOOKUP(O11,'Référencement'!B7:AO39,5,FALSE),"") | V13: Fournisseur: | W13: =IFERROR(HLOOKUP(W11,'Référencement'!B7:AW39,5,FALSE),"")
F14: Lien sur Catanoma : | G14: =IFERROR(HYPERLINK(TRIM(HLOOKUP(G11,'Référencement'!B7:AH55,38,FALSE)), TRIM(HLOOKUP(G11,'Référencement'!B7:AH39,7,FALSE))),"") | N14: Lien sur Catanoma : | O14: =IFERROR(HYPERLINK(TRIM(HLOOKUP(O11,'Référencement'!B7:AO55,38,FALSE)), TRIM(HLOOKUP(O11,'Référencement'!B7:AO39,7,FALSE))),"") | V14: Lien sur Catanoma : | W14: =IFERROR(HYPERLINK(TRIM(HLOOKUP(W11,'Référencement'!B7:AW55,38,FALSE)), TRIM(HLOOKUP(W11,'Référencement'!B7:AW39,7,FALSE))),"")
F15: DLC produits PLM (découpe poisson, poisson entier) | G15: =IFERROR(HLOOKUP(G11,'Référencement'!B7:AH39,8,FALSE),"") | N15: DLC produits PLM (découpe poisson, poisson entier) | O15: =IFERROR(HLOOKUP(O11,'Référencement'!B7:AH39,8,FALSE),"") | V15: DLC produits PLM (découpe poisson, poisson entier) | W15: =IFERROR(HLOOKUP(W11,'Référencement'!B7:AH39,8,FALSE),"")
F16: DLC produits BVO MAX | G16: =IFERROR(HLOOKUP(G11,'Référencement'!B7:AH39,9,FALSE),"") | N16: DLC produits BVO MAX | O16: =IFERROR(HLOOKUP(O11,'Référencement'!B7:AO39,9,FALSE),"") | V16: DLC produits BVO MAX | W16: =IFERROR(HLOOKUP(W11,'Référencement'!B7:AW39,9,FALSE),"")
F17: Type | G17: =IFERROR(HLOOKUP(G11,'Référencement'!B7:AH39,10,FALSE),"") | N17: Type | O17: =IFERROR(HLOOKUP(O11,'Référencement'!B7:AO39,10,FALSE),"") | V17: Type | W17: =IFERROR(HLOOKUP(W11,'Référencement'!B7:AW39,10,FALSE),"")
F18: Format barquettes inclus | G18: =IFERROR(HLOOKUP(G11,'Référencement'!B7:AH39,11,FALSE),"") | N18: Format barquettes inclus | O18: =IFERROR(HLOOKUP(O11,'Référencement'!B7:AO39,11,FALSE),"") | V18: Format barquettes inclus | W18: =IFERROR(HLOOKUP(W11,'Référencement'!B7:AW39,11,FALSE),"")
F19: Cadence (Barquettes / mn) | G19: =IFERROR(HLOOKUP(G11,'Référencement'!B7:AH39,12,FALSE),"") | N19: Cadence (Barquettes / mn) | O19: =IFERROR(HLOOKUP(O11,'Référencement'!B7:AO39,12,FALSE),"") | V19: Cadence (Barquettes / mn) | W19: =IFERROR(HLOOKUP(W11,'Référencement'!B7:AW39,12,FALSE),"")
C20: % de capacité d'emballage : | D20: =IFERROR(TDB!N32/HLOOKUP(PLM!G11,'Référencement'!B7:AH43,36,FALSE),"") | K20: % de capacité d'emballage : | L20: =IFERROR(TDB!N32/HLOOKUP(PLM!O11,'Référencement'!B7:AH43,36,FALSE),"") | S20: % de capacité d'emballage : | T20: =IFERROR(TDB!N32/HLOOKUP(PLM!W11,'Référencement'!B7:AH43,36,FALSE),"")
F21: Prix | N21: Prix | V21: Prix
A22: =IF(D20="","",IF(D20>1,"Attention capacité d'emballage dépassée","")) | I22: =IF(L20="","",IF(L20>1,"Attention capacité d'emballage dépassée","")) | Q22: =IF(T20="","",IF(T20>1,"Attention capacité d'emballage dépassée",""))
F23: Prix Matériel HT | G23: =IFERROR(HLOOKUP(G11,'Référencement'!B7:AH39,13,FALSE),"") | N23: Prix Matériel HT | O23: =IFERROR(HLOOKUP(O11,'Référencement'!B7:AO39,13,FALSE),"") | V23: Prix Matériel HT | W23: =IFERROR(HLOOKUP(W11,'Référencement'!B7:AW39,13,FALSE),"")
F25: Prix équipement total HT (Prix Matériel + Pesage + Installation GAZ + Prix compresseur) | G25: =IFERROR(HLOOKUP(G11,'Référencement'!B7:AH39,17,FALSE),"") | N25: Prix équipement total HT (Prix Matériel + Pesage + Installation GAZ + Prix compresseur) | O25: =IFERROR(HLOOKUP(O11,'Référencement'!B7:AO39,17,FALSE),"") | V25: Prix équipement total HT (Prix Matériel + Pesage + Installation GAZ + Prix compresseur) | W25: =IFERROR(HLOOKUP(W11,'Référencement'!B7:AW39,17,FALSE),"")
F26: Prix avec option skin | G26: =IFERROR(HLOOKUP(G11,'Référencement'!B7:AH39,18,FALSE),"") | N26: Prix avec option skin | O26: =IFERROR(HLOOKUP(O11,'Référencement'!B7:AO39,18,FALSE),"") | V26: Prix avec option skin | W26: =IFERROR(HLOOKUP(W11,'Référencement'!B7:AW39,18,FALSE),"")
F27: Coût amortissement matériel sur 5 ans | G27: =IFERROR(HLOOKUP(G11,'Référencement'!B7:AH39,19,FALSE),"") | N27: Coût amortissement matériel sur 5 ans | O27: =IFERROR(HLOOKUP(O11,'Référencement'!B7:AO39,19,FALSE),"") | V27: Coût amortissement matériel sur 5 ans | W27: =IFERROR(HLOOKUP(W11,'Référencement'!B7:AW39,19,FALSE),"")
F28: Prix total HT (équipement + maintenance) sur 5 ans | G28: =IFERROR(HLOOKUP(G11,'Référencement'!B7:AH39,25,FALSE),"") | N28: Prix total HT (équipement + maintenance) sur 5 ans | O28: =IFERROR(HLOOKUP(O11,'Référencement'!B7:AO39,25,FALSE),"") | V28: Prix total HT (équipement + maintenance) sur 5 ans | W28: =IFERROR(HLOOKUP(W11,'Référencement'!B7:AW39,25,FALSE),"")
F29: Prix total HT (équipement + maintenance) sur 1 an | G29: =IFERROR(G28/5,"") -> 0 | N29: Prix total HT (équipement + maintenance) sur 1 an | O29: =IFERROR(O28/5,"") -> 0 | V29: Prix total HT (équipement + maintenance) sur 1 an | W29: =IFERROR(W28/5,"") -> 0
F31: Coût économat | G31: =IFERROR(HLOOKUP(G11,'Référencement'!B7:AH50,31,FALSE),"") | N31: Coût économat | O31: =IFERROR(HLOOKUP(O11,'Référencement'!B7:AO50,31,FALSE),"") | V31: Coût économat | W31: =IFERROR(HLOOKUP(W11,'Référencement'!B7:AW50,31,FALSE),"")
F32: Coût annuel Appro gaz | G32: =IFERROR(HLOOKUP(G11,'Référencement'!B7:AH50,33,FALSE),"") | N32: Coût annuel Appro gaz | O32: =IFERROR(HLOOKUP(O11,'Référencement'!B7:AO50,33,FALSE),"") | V32: Coût annuel Appro gaz | W32: =IFERROR(HLOOKUP(W11,'Référencement'!B7:AW50,33,FALSE),"")
F33: CA ANNUEL EN UVCM MINIMUM POUR ÊTRE RENTABLE | G33: =IFERROR(HLOOKUP(G11,'Référencement'!B7:AH50,37,FALSE),"") | N33: CA ANNUEL EN UVCM MINIMUM POUR ÊTRE RENTABLE | O33: =IFERROR(HLOOKUP(O11,'Référencement'!B7:AO50,37,FALSE),"") | V33: CA ANNUEL EN UVCM MINIMUM POUR ÊTRE RENTABLE | W33: =IFERROR(HLOOKUP(W11,'Référencement'!B7:AW50,37,FALSE),"")
A35: SOUS SKIN
A37: SOUS SKIN | I37: SOUS SKIN | Q37: SOUS SKIN
F38: Informations MACHINE 1 | N38: Informations MACHINE 2 | V38: Informations MACHINE 3
F40: Nom : | G40: {=IFERROR(INDEX(tableau!M:M,LARGE(IF((tableau!A:A=PLM!A37)*(TDB!N32>=tableau!B:B)*(TDB!N32<=tableau!C:C),ROW(tableau!M:M),""),1)),"Pas de Machine Sous Skin de disponible par rapport à votre nombre de barquette")} -> Pas de Machine Sous Skin de disponible par rapport à votre nombre de barquette | N40: Nom : | O40: {=IFERROR(INDEX(tableau!N:N,LARGE(IF((tableau!A:A=PLM!A37)*(TDB!N32>=tableau!B:B)*(TDB!N32<=tableau!C:C),ROW(tableau!N:N),""),1)),"Pas de Machine Sous Skin de disponible par rapport à votre nombre de barquette")} -> Pas de Machine Sous Skin de disponible par rapport à votre nombre de barquette | V40: Nom : | W40: {=IFERROR(INDEX(tableau!O:O,LARGE(IF((tableau!A:A=PLM!A37)*(TDB!N32>=tableau!B:B)*(TDB!N32<=tableau!C:C),ROW(tableau!O:O),""),1)),"Pas de Machine Sous Skin de disponible par rapport à votre nombre de barquette")} -> Pas de Machine Sous Skin de disponible par rapport à votre nombre de barquette
F42: Fournisseur: | G42: =IFERROR(HLOOKUP(G40,'Référencement'!B7:AH39,5,FALSE),"") | N42: Fournisseur: | O42: =IFERROR(HLOOKUP(O40,'Référencement'!B7:AP39,5,FALSE),"") | V42: Fournisseur: | W42: =IFERROR(HLOOKUP(W40,'Référencement'!B7:AX39,5,FALSE),"")
F43: Lien sur Catanoma : | G43: =IFERROR(HYPERLINK(TRIM(HLOOKUP(G40,'Référencement'!B7:AH55,38,FALSE)), TRIM(HLOOKUP(G40,'Référencement'!B7:AH39,7,FALSE))),"") | N43: Lien sur Catanoma : | O43: =IFERROR(HYPERLINK(TRIM(HLOOKUP(O40,'Référencement'!B7:AP55,38,FALSE)), TRIM(HLOOKUP(O40,'Référencement'!B7:AP39,7,FALSE))),"") | V43: Lien sur Catanoma : | W43: =IFERROR(HYPERLINK(TRIM(HLOOKUP(W40,'Référencement'!B7:AX55,38,FALSE)), TRIM(HLOOKUP(W40,'Référencement'!B7:AX39,7,FALSE))),"")
F44: DLC produits PLM (découpe poisson, poisson entier) | G44: =IFERROR(HLOOKUP(G40,'Référencement'!B7:AH39,8,FALSE),"") | N44: DLC produits PLM (découpe poisson, poisson entier) | O44: =IFERROR(HLOOKUP(O40,'Référencement'!B7:AP39,8,FALSE),"") | V44: DLC produits PLM (découpe poisson, poisson entier) | W44: =IFERROR(HLOOKUP(W40,'Référencement'!B7:AX39,8,FALSE),"")
F45: DLC produits BVO MAX | G45: =IFERROR(HLOOKUP(G40,'Référencement'!B7:AH39,9,FALSE),"") | N45: DLC produits BVO MAX | O45: =IFERROR(HLOOKUP(O40,'Référencement'!B7:AP39,9,FALSE),"") | V45: DLC produits BVO MAX | W45: =IFERROR(HLOOKUP(W40,'Référencement'!B7:AX39,9,FALSE),"")
F46: Type | G46: =IFERROR(HLOOKUP(G40,'Référencement'!B7:AH39,10,FALSE),"") | N46: Type | O46: =IFERROR(HLOOKUP(O40,'Référencement'!B7:AP39,10,FALSE),"") | V46: Type | W46: =IFERROR(HLOOKUP(W40,'Référencement'!B7:AX39,10,FALSE),"")
F47: Format barquettes inclus | G47: =IFERROR(HLOOKUP(G40,'Référencement'!B7:AH39,11,FALSE),"") | N47: Format barquettes inclus | O47: =IFERROR(HLOOKUP(O40,'Référencement'!B7:AP39,11,FALSE),"") | V47: Format barquettes inclus | W47: =IFERROR(HLOOKUP(W40,'Référencement'!B7:AX39,11,FALSE),"")
F48: Cadence (Barquettes / mn) | G48: =IFERROR(HLOOKUP(G40,'Référencement'!B7:AH39,12,FALSE),"") | N48: Cadence (Barquettes / mn) | O48: =IFERROR(HLOOKUP(O40,'Référencement'!B7:AP39,12,FALSE),"") | V48: Cadence (Barquettes / mn) | W48: =IFERROR(HLOOKUP(W40,'Référencement'!B7:AX39,12,FALSE),"")
C49: % de capacité d'emballage : | D49: =IFERROR(TDB!N32/HLOOKUP(PLM!G40,'Référencement'!B7:AH43,36,FALSE),"") | K49: % de capacité d'emballage : | L49: =IFERROR(TDB!N32/HLOOKUP(PLM!O40,'Référencement'!B7:AH43,36,FALSE),"") | S49: % de capacité d'emballage : | T49: =IFERROR(TDB!N32/HLOOKUP(PLM!W40,'Référencement'!B7:AH43,36,FALSE),"")
F50: Prix | N50: Prix | V50: Prix
A51: =IF(D49="","",IF(D49>1,"Attention capacité d'emballage dépassée","")) | I51: =IF(L49="","",IF(L49>1,"Attention capacité d'emballage dépassée","")) | Q51: =IF(T49="","",IF(T49>1,"Attention capacité d'emballage dépassée",""))
F52: Prix Matériel HT | G52: =IFERROR(HLOOKUP(G40,'Référencement'!B7:AH39,13,FALSE),"") | N52: Prix Matériel HT | O52: =IFERROR(HLOOKUP(O40,'Référencement'!B7:AP39,13,FALSE),"") | V52: Prix Matériel HT | W52: =IFERROR(HLOOKUP(W40,'Référencement'!B7:AX39,13,FALSE),"")
F54: Prix équipement total HT (Prix Matériel + Pesage ) | G54: =IFERROR(HLOOKUP(G40,'Référencement'!B7:AH39,17,FALSE),"") | N54: Prix équipement total HT (Prix Matériel + Pesage ) | O54: =IFERROR(HLOOKUP(O40,'Référencement'!B7:AP39,17,FALSE),"") | V54: Prix équipement total HT (Prix Matériel + Pesage ) | W54: =IFERROR(HLOOKUP(W40,'Référencement'!B7:AX39,17,FALSE),"")
F55: Prix avec option skin | G55: =IFERROR(HLOOKUP(G40,'Référencement'!B7:AH39,18,FALSE),"") | N55: Prix avec option skin | O55: =IFERROR(HLOOKUP(O40,'Référencement'!J7:AP39,18,FALSE),"") | V55: Prix avec option skin | W55: =IFERROR(HLOOKUP(W40,'Référencement'!R7:AX39,18,FALSE),"")
F56: Coût amortissement matériel sur 5 ans | G56: =IFERROR(HLOOKUP(G40,'Référencement'!B7:AH39,19,FALSE),"") | N56: Coût amortissement matériel sur 5 ans | O56: =IFERROR(HLOOKUP(O40,'Référencement'!B7:AP39,19,FALSE),"") | V56: Coût amortissement matériel sur 5 ans | W56: =IFERROR(HLOOKUP(W40,'Référencement'!B7:AX39,19,FALSE),"")
F57: Prix total HT (équipement + maintenance) sur 5 ans | G57: =IFERROR(HLOOKUP(G40,'Référencement'!B7:AH39,25,FALSE),"") | N57: Prix total HT (équipement + maintenance) sur 5 ans | O57: =IFERROR(HLOOKUP(O40,'Référencement'!B7:AP39,25,FALSE),"") | V57: Prix total HT (équipement + maintenance) sur 5 ans | W57: =IFERROR(HLOOKUP(W40,'Référencement'!B7:AX39,25,FALSE),"")
F58: Prix total HT (équipement + maintenance) sur 1 an | G58: =IFERROR(G57/5,"") -> 0 | N58: Prix total HT (équipement + maintenance) sur 1 an | O58: =IFERROR(O57/5,"") -> 0 | V58: Prix total HT (équipement + maintenance) sur 1 an | W58: =IFERROR(W57/5,"") -> 0
F60: Coût économat | G60: =IFERROR(HLOOKUP(G40,'Référencement'!B7:AH50,31,FALSE),"") | N60: Coût économat | O60: =IFERROR(HLOOKUP(O40,'Référencement'!B7:AP50,31,FALSE),"") | V60: Coût économat | W60: =IFERROR(HLOOKUP(W40,'Référencement'!B7:AX50,31,FALSE),"")
F61: Coût annuel Appro gaz | G61: =IFERROR(HLOOKUP(G40,'Référencement'!B7:AH50,33,FALSE),"") | N61: Coût annuel Appro gaz | O61: =IFERROR(HLOOKUP(O40,'Référencement'!B7:AP50,33,FALSE),"") | V61: Coût annuel Appro gaz | W61: =IFERROR(HLOOKUP(W40,'Référencement'!B7:AX50,33,FALSE),"")
F62: CA ANNUEL EN UVCM MINIMUM POUR ÊTRE RENTABLE | G62: =IFERROR(HLOOKUP(G40,'Référencement'!B7:AH50,37,FALSE),"") | N62: CA ANNUEL EN UVCM MINIMUM POUR ÊTRE RENTABLE | O62: =IFERROR(HLOOKUP(O40,'Référencement'!B7:AP50,37,FALSE),"") | V62: CA ANNUEL EN UVCM MINIMUM POUR ÊTRE RENTABLE | W62: =IFERROR(HLOOKUP(W40,'Référencement'!B7:AX50,37,FALSE),"")
A66: SOUS VIDE
A68: SOUS VIDE | I68: SOUS SKIN | Q68: SOUS SKIN
F69: Informations MACHINE 1 | N69: Informations MACHINE 2 | V69: Informations MACHINE 3
F71: Nom : | G71: {=IFERROR(INDEX(tableau!M:M,LARGE(IF((tableau!A:A=PLM!A68)*(TDB!N32>=tableau!B:B)*(TDB!N32<=tableau!C:C),ROW(tableau!M:M),""),1)),"Pas de Machine Sous Vide de disponible par rapport à votre nombre de barquette")} -> Pas de Machine Sous Vide de disponible par rapport à votre nombre de barquette | N71: Nom : | O71: {=IFERROR(INDEX(tableau!N:N,LARGE(IF((tableau!A:A=PLM!A68)*(TDB!N32>=tableau!B:B)*(TDB!N32<=tableau!C:C),ROW(tableau!N:N),""),1)),"Pas de Machine Sous Vide de disponible par rapport à votre nombre de barquette")} -> Pas de Machine Sous Vide de disponible par rapport à votre nombre de barquette | V71: Nom : | W71: {=IFERROR(INDEX(tableau!O:O,LARGE(IF((tableau!A:A=PLM!A68)*(TDB!N32>=tableau!B:B)*(TDB!N32<=tableau!C:C),ROW(tableau!O:O),""),1)),"Pas de Machine Sous Vide de disponible par rapport à votre nombre de barquette")} -> Pas de Machine Sous Vide de disponible par rapport à votre nombre de barquette
F73: Fournisseur: | G73: =IFERROR(HLOOKUP(G71,'Référencement'!B7:AH39,5,FALSE),"") | N73: Fournisseur: | O73: =IFERROR(HLOOKUP(O71,'Référencement'!B7:AH39,5,FALSE),"") | V73: Fournisseur: | W73: =IFERROR(HLOOKUP(W71,'Référencement'!B7:AH39,5,FALSE),"")
F74: Lien sur Catanoma : | G74: =IFERROR(HYPERLINK(TRIM(HLOOKUP(G71,'Référencement'!B7:AH55,38,FALSE)), TRIM(HLOOKUP(G71,'Référencement'!B7:AH39,7,FALSE))),"") | N74: Lien sur Catanoma : | O74: =IFERROR(HYPERLINK(TRIM(HLOOKUP(O71,'Référencement'!B7:AH55,38,FALSE)), TRIM(HLOOKUP(O71,'Référencement'!B7:AH39,7,FALSE))),"") | V74: Lien sur Catanoma : | W74: =IFERROR(HYPERLINK(TRIM(HLOOKUP(W71,'Référencement'!B7:AH55,38,FALSE)), TRIM(HLOOKUP(W71,'Référencement'!B7:AH39,7,FALSE))),"")
F75: DLC produits PLM (découpe poisson, poisson entier) | G75: =IFERROR(HLOOKUP(G71,'Référencement'!B7:AH39,8,FALSE),"") | N75: DLC produits PLM (découpe poisson, poisson entier) | O75: =IFERROR(HLOOKUP(O71,'Référencement'!B7:AH39,8,FALSE),"") | V75: DLC produits PLM (découpe poisson, poisson entier) | W75: =IFERROR(HLOOKUP(W71,'Référencement'!B7:AH39,8,FALSE),"")
F76: DLC produits BVO MAX | G76: =IFERROR(HLOOKUP(G71,'Référencement'!B7:AH39,9,FALSE),"") | N76: DLC produits BVO MAX | O76: =IFERROR(HLOOKUP(O71,'Référencement'!B7:AH39,9,FALSE),"") | V76: DLC produits BVO MAX | W76: =IFERROR(HLOOKUP(W71,'Référencement'!B7:AH39,9,FALSE),"")
F77: Type | G77: =IFERROR(HLOOKUP(G71,'Référencement'!B7:AH39,10,FALSE),"") | N77: Type | O77: =IFERROR(HLOOKUP(O71,'Référencement'!B7:AH39,10,FALSE),"") | V77: Type | W77: =IFERROR(HLOOKUP(W71,'Référencement'!B7:AH39,10,FALSE),"")
F78: Format barquettes inclus | G78: =IFERROR(HLOOKUP(G71,'Référencement'!B7:AH39,11,FALSE),"") | N78: Format barquettes inclus | O78: =IFERROR(HLOOKUP(O71,'Référencement'!B7:AH39,11,FALSE),"") | V78: Format barquettes inclus | W78: =IFERROR(HLOOKUP(W71,'Référencement'!B7:AH39,11,FALSE),"")
F79: Cadence (Barquettes / mn) | G79: =IFERROR(HLOOKUP(G71,'Référencement'!B7:AH39,12,FALSE),"") | N79: Cadence (Barquettes / mn) | O79: =IFERROR(HLOOKUP(O71,'Référencement'!B7:AH39,12,FALSE),"") | V79: Cadence (Barquettes / mn) | W79: =IFERROR(HLOOKUP(W71,'Référencement'!B7:AH39,12,FALSE),"")
C80: % de capacité d'emballage : | D80: =IFERROR(TDB!N32/HLOOKUP(PLM!G71,'Référencement'!B7:AH43,36,FALSE),"") | K80: % de capacité d'emballage : | L80: =IFERROR(TDB!N32/HLOOKUP(PLM!O71,'Référencement'!B7:AH43,36,FALSE),"") | S80: % de capacité d'emballage : | T80: =IFERROR(TDB!N32/HLOOKUP(PLM!W71,'Référencement'!B7:AH43,36,FALSE),"")
F81: Prix | N81: Prix | V81: Prix
A82: =IF(D80="","",IF(D80>1,"Attention capacité d'emballage dépassée","")) | I82: =IF(L80="","",IF(L80>1,"Attention capacité d'emballage dépassée","")) | Q82: =IF(T80="","",IF(T80>1,"Attention capacité d'emballage dépassée",""))
F83: Prix Matériel HT | G83: =IFERROR(HLOOKUP(G71,'Référencement'!B7:AH39,13,FALSE),"") | N83: Prix Matériel HT | O83: =IFERROR(HLOOKUP(O71,'Référencement'!B7:AH39,13,FALSE),"") | V83: Prix Matériel HT | W83: =IFERROR(HLOOKUP(W71,'Référencement'!B7:AH39,13,FALSE),"")
F85: Prix équipement total HT (Prix Matériel + Pesage ) | G85: =IFERROR(HLOOKUP(G71,'Référencement'!B7:AH39,17,FALSE),"") | N85: Prix équipement total HT (Prix Matériel + Pesage ) | O85: =IFERROR(HLOOKUP(O71,'Référencement'!B7:AH39,17,FALSE),"") | V85: Prix équipement total HT (Prix Matériel + Pesage ) | W85: =IFERROR(HLOOKUP(W71,'Référencement'!B7:AH39,17,FALSE),"")
F86: Prix avec option skin | G86: =IFERROR(HLOOKUP(G71,'Référencement'!B7:AH39,19,FALSE),"") | N86: Prix avec option skin | O86: =IFERROR(HLOOKUP(O71,'Référencement'!B7:AH39,19,FALSE),"") | V86: Prix avec option skin | W86: =IFERROR(HLOOKUP(W71,'Référencement'!B7:AH39,19,FALSE),"")
F87: Coût amortissement matériel sur 5 ans | G87: =IFERROR(HLOOKUP(G71,'Référencement'!B7:AH39,19,FALSE),"") | N87: Coût amortissement matériel sur 5 ans | O87: =IFERROR(HLOOKUP(O71,'Référencement'!B7:AH39,19,FALSE),"") | V87: Coût amortissement matériel sur 5 ans | W87: =IFERROR(HLOOKUP(W71,'Référencement'!B7:AH39,19,FALSE),"")
F88: Prix total HT (équipement + maintenance) sur 5 ans | G88: =IFERROR(HLOOKUP(G71,'Référencement'!B7:AH39,25,FALSE),"") | N88: Prix total HT (équipement + maintenance) sur 5 ans | O88: =IFERROR(HLOOKUP(O71,'Référencement'!B7:AH39,25,FALSE),"") | V88: Prix total HT (équipement + maintenance) sur 5 ans | W88: =IFERROR(HLOOKUP(W71,'Référencement'!B7:AH39,25,FALSE),"")
F89: Prix total HT (équipement + maintenance) sur 1 an | G89: =IFERROR(G88/5,"") -> 0 | N89: Prix total HT (équipement + maintenance) sur 1 an | O89: =IFERROR(O88/5,"") -> 0 | V89: Prix total HT (équipement + maintenance) sur 1 an | W89: =IFERROR(W88/5,"") -> 0
F91: Coût économat | G91: =IFERROR(HLOOKUP(G71,'Référencement'!B7:AH50,31,FALSE),"") | N91: Coût économat | O91: =IFERROR(HLOOKUP(O71,'Référencement'!B7:AH50,31,FALSE),"") | V91: Coût économat | W91: =IFERROR(HLOOKUP(W71,'Référencement'!B7:AH50,31,FALSE),"")
F92: Coût annuel Appro gaz | G92: =IFERROR(HLOOKUP(G71,'Référencement'!B7:AH50,33,FALSE),"") | N92: Coût annuel Appro gaz | O92: =IFERROR(HLOOKUP(O71,'Référencement'!B7:AH50,33,FALSE),"") | V92: Coût annuel Appro gaz | W92: =IFERROR(HLOOKUP(W71,'Référencement'!B7:AH50,33,FALSE),"")
F93: CA ANNUEL EN UVCM MINIMUM POUR ÊTRE RENTABLE | G93: =IFERROR(HLOOKUP(G71,'Référencement'!B7:AH50,37,FALSE),"") | N93: CA ANNUEL EN UVCM MINIMUM POUR ÊTRE RENTABLE | O93: =IFERROR(HLOOKUP(O71,'Référencement'!B7:AH50,37,FALSE),"") | V93: CA ANNUEL EN UVCM MINIMUM POUR ÊTRE RENTABLE | W93: =IFERROR(HLOOKUP(W71,'Référencement'!B7:AH50,37,FALSE),"")

Sheet CTT
A1: Recommandations CTT
B4: Les technologies se trouvent les unes en dessous des autres. Si vous n'avez pas de machine préconisée pour le sous-atmosphère, il vous faut regarder en dessous pour voir quelle technologie correspond le mieux à votre besoin. Pour le % de capacité d'emballe = Le chiffre correspond au nombre de barquettes prévisionnelles sur le nombre de barquette que la machine peut réaliser
A6: Sous atmosphère
A8: SOUS MAP | I8: SOUS MAP | Q8: SOUS MAP
F9: Informations MACHINE 1 | N9: Informations MACHINE 2 | V9: Informations MACHINE 3
F11: Nom : | G11: {=IFERROR(INDEX(tableau!M:M,LARGE(IF((tableau!A:A=CTT!A8)*(TDB!N38>=tableau!F:F)*(TDB!N38<=tableau!G:G),ROW(tableau!M:M),""),1)),"Pas de Machine Sous Atmosphère de disponible par rapport à votre nombre de barquette")} -> Pas de Machine Sous Atmosphère de disponible par rapport à votre nombre de barquette | N11: Nom : | O11: {=IFERROR(INDEX(tableau!N:N,LARGE(IF((tableau!A:A=CTT!A8)*(TDB!N38>=tableau!F:F)*(TDB!N38<=tableau!G:G),ROW(tableau!N:N),""),1)),"Pas de Machine Sous Atmosphère de disponible par rapport à votre nombre de barquette")} -> Pas de Machine Sous Atmosphère de disponible par rapport à votre nombre de barquette | V11: Nom : | W11: {=IFERROR(INDEX(tableau!O:O,LARGE(IF((tableau!A:A=CTT!A8)*(TDB!N38>=tableau!F:F)*(TDB!N38<=tableau!G:G),ROW(tableau!O:O),""),1)),"Pas de Machine Sous Atmosphère de disponible par rapport à votre nombre de barquette")} -> Pas de Machine Sous Atmosphère de disponible par rapport à votre nombre de barquette
F13: Fournisseur: | G13: =IFERROR(HLOOKUP(G11,'Référencement'!B7:AH39,5,FALSE),"") | N13: Fournisseur: | O13: =IFERROR(HLOOKUP(O11,'Référencement'!B7:AO39,5,FALSE),"") | V13: Fournisseur: | W13: =IFERROR(HLOOKUP(W11,'Référencement'!B7:AW39,5,FALSE),"")
F14: Lien sur Catanoma : | G14: =IFERROR(HYPERLINK(TRIM(HLOOKUP(G11,'Référencement'!B7:AH55,38,FALSE)), TRIM(HLOOKUP(G11,'Référencement'!B7:AH39,7,FALSE))),"") | N14: Lien sur Catanoma : | O14: =IFERROR(HYPERLINK(TRIM(HLOOKUP(O11,'Référencement'!B7:AO55,38,FALSE)), TRIM(HLOOKUP(O11,'Référencement'!B7:AO39,7,FALSE))),"") | V14: Lien sur Catanoma : | W14: =IFERROR(HYPERLINK(TRIM(HLOOKUP(W11,'Référencement'!B7:AW55,38,FALSE)), TRIM(HLOOKUP(W11,'Référencement'!B7:AW39,7,FALSE))),"")
F15: DLC produits PLM (découpe poisson, poisson entier) | G15: =IFERROR(HLOOKUP(G11,'Référencement'!B7:AH39,8,FALSE),"") | N15: DLC produits PLM (découpe poisson, poisson entier) | O15: =IFERROR(HLOOKUP(O11,'Référencement'!B7:AH39,8,FALSE),"") | V15: DLC produits PLM (découpe poisson, poisson entier) | W15: =IFERROR(HLOOKUP(W11,'Référencement'!B7:AH39,8,FALSE),"")
F16: DLC produits CTT MAX | G16: =IFERROR(HLOOKUP(G11,'Référencement'!B7:AI46,39,FALSE),"") | N16: DLC produits CTT MAX | O16: =IFERROR(HLOOKUP(O11,'Référencement'!B7:AI46,39,FALSE),"") | V16: DLC produits CTT MAX | W16: =IFERROR(HLOOKUP(W11,'Référencement'!B7:AI46,39,FALSE),"")
F17: Type | G17: =IFERROR(HLOOKUP(G11,'Référencement'!B7:AH39,10,FALSE),"") | N17: Type | O17: =IFERROR(HLOOKUP(O11,'Référencement'!B7:AO39,10,FALSE),"") | V17: Type | W17: =IFERROR(HLOOKUP(W11,'Référencement'!B7:AW39,10,FALSE),"")
F18: Format barquettes inclus | G18: =IFERROR(HLOOKUP(G11,'Référencement'!B7:AH39,11,FALSE),"") | N18: Format barquettes inclus | O18: =IFERROR(HLOOKUP(O11,'Référencement'!B7:AO39,11,FALSE),"") | V18: Format barquettes inclus | W18: =IFERROR(HLOOKUP(W11,'Référencement'!B7:AW39,11,FALSE),"")
F19: Cadence (Barquettes / mn) | G19: =IFERROR(HLOOKUP(G11,'Référencement'!B7:AH39,12,FALSE),"") | N19: Cadence (Barquettes / mn) | O19: =IFERROR(HLOOKUP(O11,'Référencement'!B7:AO39,12,FALSE),"") | V19: Cadence (Barquettes / mn) | W19: =IFERROR(HLOOKUP(W11,'Référencement'!B7:AW39,12,FALSE),"")
C20: % de capacité d'emballage : | D20: =IFERROR(TDB!N32/HLOOKUP(CTT!G11,'Référencement'!B7:AH43,36,FALSE),"") | K20: % de capacité d'emballage : | L20: =IFERROR(TDB!N32/HLOOKUP(CTT!O11,'Référencement'!B7:AH43,36,FALSE),"") | S20: % de capacité d'emballage : | T20: =IFERROR(TDB!N32/HLOOKUP(CTT!W11,'Référencement'!B7:AH43,36,FALSE),"")
F21: Prix | N21: Prix | V21: Prix
A22: =IF(D20="","",IF(D20>1,"Attention capacité d'emballage dépassée","")) | I22: =IF(L20="","",IF(L20>1,"Attention capacité d'emballage dépassée","")) | Q22: =IF(T20="","",IF(T20>1,"Attention capacité d'emballage dépassée",""))
F23: Prix Matériel HT | G23: =IFERROR(HLOOKUP(G11,'Référencement'!B7:AH39,13,FALSE),"") | N23: Prix Matériel HT | O23: =IFERROR(HLOOKUP(O11,'Référencement'!B7:AO39,13,FALSE),"") | V23: Prix Matériel HT | W23: =IFERROR(HLOOKUP(W11,'Référencement'!B7:AW39,13,FALSE),"")
F25: Prix équipement total HT (Prix Matériel + Pesage + Installation GAZ + Prix compresseur) | G25: =IFERROR(HLOOKUP(G11,'Référencement'!B7:AH39,17,FALSE),"") | N25: Prix équipement total HT (Prix Matériel + Pesage + Installation GAZ + Prix compresseur) | O25: =IFERROR(HLOOKUP(O11,'Référencement'!B7:AO39,17,FALSE),"") | V25: Prix équipement total HT (Prix Matériel + Pesage + Installation GAZ + Prix compresseur) | W25: =IFERROR(HLOOKUP(W11,'Référencement'!B7:AW39,17,FALSE),"")
F26: Prix avec option skin | G26: =IFERROR(HLOOKUP(G11,'Référencement'!B7:AH39,18,FALSE),"") | N26: Prix avec option skin | O26: =IFERROR(HLOOKUP(O11,'Référencement'!B7:AO39,18,FALSE),"") | V26: Prix avec option skin | W26: =IFERROR(HLOOKUP(W11,'Référencement'!B7:AW39,18,FALSE),"")
F27: Coût amortissement matériel sur 5 ans | G27: =IFERROR(HLOOKUP(G11,'Référencement'!B7:AH39,19,FALSE),"") | N27: Coût amortissement matériel sur 5 ans | O27: =IFERROR(HLOOKUP(O11,'Référencement'!B7:AO39,19,FALSE),"") | V27: Coût amortissement matériel sur 5 ans | W27: =IFERROR(HLOOKUP(W11,'Référencement'!B7:AW39,19,FALSE),"")
F28: Prix total HT (équipement + maintenance) sur 5 ans | G28: =IFERROR(HLOOKUP(G11,'Référencement'!B7:AH39,25,FALSE),"") | N28: Prix total HT (équipement + maintenance) sur 5 ans | O28: =IFERROR(HLOOKUP(O11,'Référencement'!B7:AO39,25,FALSE),"") | V28: Prix total HT (équipement + maintenance) sur 5 ans | W28: =IFERROR(HLOOKUP(W11,'Référencement'!B7:AW39,25,FALSE),"")
F29: Prix total HT (équipement + maintenance) sur 1 an | G29: =IFERROR(G28/5,"") -> 0 | N29: Prix total HT (équipement + maintenance) sur 1 an | O29: =IFERROR(O28/5,"") -> 0 | V29: Prix total HT (équipement + maintenance) sur 1 an | W29: =IFERROR(W28/5,"") -> 0
F31: Coût économat | G31: =IFERROR(HLOOKUP(G11,'Référencement'!B7:AH50,31,FALSE),"") | N31: Coût économat | O31: =IFERROR(HLOOKUP(O11,'Référencement'!B7:AO50,31,FALSE),"") | V31: Coût économat | W31: =IFERROR(HLOOKUP(W11,'Référencement'!B7:AW50,31,FALSE),"")
F32: Coût annuel Appro gaz | G32: =IFERROR(HLOOKUP(G11,'Référencement'!B7:AH50,33,FALSE),"") | N32: Coût annuel Appro gaz | O32: =IFERROR(HLOOKUP(O11,'Référencement'!B7:AO50,33,FALSE),"") | V32: Coût annuel Appro gaz | W32: =IFERROR(HLOOKUP(W11,'Référencement'!B7:AW50,33,FALSE),"")
F33: CA ANNUEL EN UVCM MINIMUM POUR ÊTRE RENTABLE | G33: =IFERROR(HLOOKUP(G11,'Référencement'!B7:AH50,37,FALSE),"") | N33: CA ANNUEL EN UVCM MINIMUM POUR ÊTRE RENTABLE | O33: =IFERROR(HLOOKUP(O11,'Référencement'!B7:AO50,37,FALSE),"") | V33: CA ANNUEL EN UVCM MINIMUM POUR ÊTRE RENTABLE | W33: =IFERROR(HLOOKUP(W11,'Référencement'!B7:AW50,37,FALSE),"")
A35: SOUS VIDE
A37: SOUS VIDE | I37: SOUS SKIN | Q37: SOUS SKIN
F38: Informations MACHINE 1 | N38: Informations MACHINE 2 | V38: Informations MACHINE 3
F40: Nom : | G40: {=IFERROR(INDEX(tableau!M:M,LARGE(IF((tableau!A:A=CTT!A37)*(TDB!N38>=tableau!F:F)*(TDB!N38<=tableau!G:G),ROW(tableau!M:M),""),1)),"Pas de Machine Sous Skin de disponible par rapport à votre nombre de barquette")} -> Pas de Machine Sous Skin de disponible par rapport à votre nombre de barquette | N40: Nom : | O40: {=IFERROR(INDEX(tableau!N:N,LARGE(IF((tableau!A:A=CTT!A37)*(TDB!N38>=tableau!F:F)*(TDB!N38<=tableau!G:G),ROW(tableau!N:N),""),1)),"Pas de Machine Sous Skin de disponible par rapport à votre nombre de barquette")} -> Pas de Machine Sous Skin de disponible par rapport à votre nombre de barquette | V40: Nom : | W40: {=IFERROR(INDEX(tableau!O:O,LARGE(IF((tableau!A:A=CTT!A37)*(TDB!N38>=tableau!F:F)*(TDB!N38<=tableau!G:G),ROW(tableau!O:O),""),1)),"Pas de Machine Sous Skin de disponible par rapport à votre nombre de barquette")} -> Pas de Machine Sous Skin de disponible par rapport à votre nombre de barquette
F42: Fournisseur: | G42: =IFERROR(HLOOKUP(G40,'Référencement'!B7:AH39,5,FALSE),"") | N42: Fournisseur: | O42: =IFERROR(HLOOKUP(O40,'Référencement'!B7:AP39,5,FALSE),"") | V42: Fournisseur: | W42: =IFERROR(HLOOKUP(W40,'Référencement'!B7:AX39,5,FALSE),"")
F43: Lien sur Catanoma : | G43: =IFERROR(HYPERLINK(TRIM(HLOOKUP(G40,'Référencement'!B7:AH55,38,FALSE)), TRIM(HLOOKUP(G40,'Référencement'!B7:AH39,7,FALSE))),"") | N43: Lien sur Catanoma : | O43: =IFERROR(HYPERLINK(TRIM(HLOOKUP(O40,'Référencement'!B7:AP55,38,FALSE)), TRIM(HLOOKUP(O40,'Référencement'!B7:AP39,7,FALSE))),"") | V43: Lien sur Catanoma : | W43: =IFERROR(HYPERLINK(TRIM(HLOOKUP(W40,'Référencement'!B7:AX55,38,FALSE)), TRIM(HLOOKUP(W40,'Référencement'!B7:AX39,7,FALSE))),"")
F44: DLC produits PLM (découpe poisson, poisson entier) | G44: =IFERROR(HLOOKUP(G40,'Référencement'!B7:AH39,8,FALSE),"") | N44: DLC produits PLM (découpe poisson, poisson entier) | O44: =IFERROR(HLOOKUP(O40,'Référencement'!B7:AP39,8,FALSE),"") | V44: DLC produits PLM (découpe poisson, poisson entier) | W44: =IFERROR(HLOOKUP(W40,'Référencement'!B7:AX39,8,FALSE),"")
F45: DLC produits CTT MAX | G45: =IFERROR(HLOOKUP(G40,'Référencement'!B7:AI46,39,FALSE),"") | N45: DLC produits CTT MAX | O45: =IFERROR(HLOOKUP(O40,'Référencement'!B7:AI46,39,FALSE),"") | V45: DLC produits CTT MAX | W45: =IFERROR(HLOOKUP(W40,'Référencement'!B7:AI46,39,FALSE),"")
F46: Type | G46: =IFERROR(HLOOKUP(G40,'Référencement'!B7:AH39,10,FALSE),"") | N46: Type | O46: =IFERROR(HLOOKUP(O40,'Référencement'!B7:AP39,10,FALSE),"") | V46: Type | W46: =IFERROR(HLOOKUP(W40,'Référencement'!B7:AX39,10,FALSE),"")
F47: Format barquettes inclus | G47: =IFERROR(HLOOKUP(G40,'Référencement'!B7:AH39,11,FALSE),"") | N47: Format barquettes inclus | O47: =IFERROR(HLOOKUP(O40,'Référencement'!B7:AP39,11,FALSE),"") | V47: Format barquettes inclus | W47: =IFERROR(HLOOKUP(W40,'Référencement'!B7:AX39,11,FALSE),"")
F48: Cadence (Barquettes / mn) | G48: =IFERROR(HLOOKUP(G40,'Référencement'!B7:AH39,12,FALSE),"") | N48: Cadence (Barquettes / mn) | O48: =IFERROR(HLOOKUP(O40,'Référencement'!B7:AP39,12,FALSE),"") | V48: Cadence (Barquettes / mn) | W48: =IFERROR(HLOOKUP(W40,'Référencement'!B7:AX39,12,FALSE),"")
C49: % de capacité d'emballage : | D49: =IFERROR(TDB!N32/HLOOKUP(CTT!G40,'Référencement'!B7:AH43,36,FALSE),"") | K49: % de capacité d'emballage : | L49: =IFERROR(TDB!N32/HLOOKUP(CTT!O40,'Référencement'!B7:AH43,36,FALSE),"") | S49: % de capacité d'emballage : | T49: =IFERROR(TDB!N32/HLOOKUP(CTT!W40,'Référencement'!B7:AH43,36,FALSE),"")
F50: Prix | N50: Prix | V50: Prix
A51: =IF(D49="","",IF(D49>1,"Attention capacité d'emballage dépassée","")) | I51: =IF(L49="","",IF(L49>1,"Attention capacité d'emballage dépassée","")) | Q51: =IF(T49="","",IF(T49>1,"Attention capacité d'emballage dépassée",""))
F52: Prix Matériel HT | G52: =IFERROR(HLOOKUP(G40,'Référencement'!B7:AH39,13,FALSE),"") | N52: Prix Matériel HT | O52: =IFERROR(HLOOKUP(O40,'Référencement'!B7:AP39,13,FALSE),"") | V52: Prix Matériel HT | W52: =IFERROR(HLOOKUP(W40,'Référencement'!B7:AX39,13,FALSE),"")
F54: Prix équipement total HT (Prix Matériel + Pesage ) | G54: =IFERROR(HLOOKUP(G40,'Référencement'!B7:AH39,17,FALSE),"") | N54: Prix équipement total HT (Prix Matériel + Pesage ) | O54: =IFERROR(HLOOKUP(O40,'Référencement'!B7:AP39,17,FALSE),"") | V54: Prix équipement total HT (Prix Matériel + Pesage ) | W54: =IFERROR(HLOOKUP(W40,'Référencement'!B7:AX39,17,FALSE),"")
F55: Prix avec option skin | G55: =IFERROR(HLOOKUP(G40,'Référencement'!B7:AH39,18,FALSE),"") | N55: Prix avec option skin | O55: =IFERROR(HLOOKUP(O40,'Référencement'!J7:AP39,18,FALSE),"") | V55: Prix avec option skin | W55: =IFERROR(HLOOKUP(W40,'Référencement'!R7:AX39,18,FALSE),"")
F56: Coût amortissement matériel sur 5 ans | G56: =IFERROR(HLOOKUP(G40,'Référencement'!B7:AH39,19,FALSE),"") | N56: Coût amortissement matériel sur 5 ans | O56: =IFERROR(HLOOKUP(O40,'Référencement'!B7:AP39,19,FALSE),"") | V56: Coût amortissement matériel sur 5 ans | W56: =IFERROR(HLOOKUP(W40,'Référencement'!B7:AX39,19,FALSE),"")
F57: Prix total HT (équipement + maintenance) sur 5 ans | G57: =IFERROR(HLOOKUP(G40,'Référencement'!B7:AH39,25,FALSE),"") | N57: Prix total HT (équipement + maintenance) sur 5 ans | O57: =IFERROR(HLOOKUP(O40,'Référencement'!B7:AP39,25,FALSE),"") | V57: Prix total HT (équipement + maintenance) sur 5 ans | W57: =IFERROR(HLOOKUP(W40,'Référencement'!B7:AX39,25,FALSE),"")
F58: Prix total HT (équipement + maintenance) sur 1 an | G58: =IFERROR(G57/5,"") -> 0 | N58: Prix total HT (équipement + maintenance) sur 1 an | O58: =IFERROR(O57/5,"") -> 0 | V58: Prix total HT (équipement + maintenance) sur 1 an | W58: =IFERROR(W57/5,"") -> 0
F60: Coût économat | G60: =IFERROR(HLOOKUP(G40,'Référencement'!B7:AH50,31,FALSE),"") | N60: Coût économat | O60: =IFERROR(HLOOKUP(O40,'Référencement'!B7:AP50,31,FALSE),"") | V60: Coût économat | W60: =IFERROR(HLOOKUP(W40,'Référencement'!B7:AX50,31,FALSE),"")
F61: Coût annuel Appro gaz | G61: =IFERROR(HLOOKUP(G40,'Référencement'!B7:AH50,33,FALSE),"") | N61: Coût annuel Appro gaz | O61: =IFERROR(HLOOKUP(O40,'Référencement'!B7:AP50,33,FALSE),"") | V61: Coût annuel Appro gaz | W61: =IFERROR(HLOOKUP(W40,'Référencement'!B7:AX50,33,FALSE),"")
F62: CA ANNUEL EN UVCM MINIMUM POUR ÊTRE RENTABLE | G62: =IFERROR(HLOOKUP(G40,'Référencement'!B7:AH50,37,FALSE),"") | N62: CA ANNUEL EN UVCM MINIMUM POUR ÊTRE RENTABLE | O62: =IFERROR(HLOOKUP(O40,'Référencement'!B7:AP50,37,FALSE),"") | V62: CA ANNUEL EN UVCM MINIMUM POUR ÊTRE RENTABLE | W62: =IFERROR(HLOOKUP(W40,'Référencement'!B7:AX50,37,FALSE),"")
A66: SOUS FILM
A68: SOUS FILM | I68: SOUS SKIN | Q68: SOUS SKIN
F69: Informations MACHINE 1 | N69: Informations MACHINE 2 | V69: Informations MACHINE 3
F71: Nom : | G71: {=IFERROR(INDEX(tableau!M:M,LARGE(IF((tableau!A:A=CTT!A68)*(TDB!N38>=tableau!F:F)*(TDB!N38<=tableau!G:G),ROW(tableau!M:M),""),1)),"Pas de Machine Sous Vide de disponible par rapport à votre nombre de barquette")} -> Pas de Machine Sous Vide de disponible par rapport à votre nombre de barquette | N71: Nom : | O71: {=IFERROR(INDEX(tableau!N:N,LARGE(IF((tableau!A:A=CTT!A68)*(TDB!N38>=tableau!F:F)*(TDB!N38<=tableau!G:G),ROW(tableau!N:N),""),1)),"Pas de Machine Sous Vide de disponible par rapport à votre nombre de barquette")} -> Pas de Machine Sous Vide de disponible par rapport à votre nombre de barquette | V71: Nom : | W71: {=IFERROR(INDEX(tableau!O:O,LARGE(IF((tableau!A:A=CTT!A68)*(TDB!N38>=tableau!F:F)*(TDB!N38<=tableau!G:G),ROW(tableau!O:O),""),1)),"Pas de Machine Sous Vide de disponible par rapport à votre nombre de barquette")} -> Pas de Machine Sous Vide de disponible par rapport à votre nombre de barquette
F73: Fournisseur: | G73: =IFERROR(HLOOKUP(G71,'Référencement'!B7:AH39,5,FALSE),"") | N73: Fournisseur: | O73: =IFERROR(HLOOKUP(O71,'Référencement'!B7:AH39,5,FALSE),"") | V73: Fournisseur: | W73: =IFERROR(HLOOKUP(W71,'Référencement'!B7:AH39,5,FALSE),"")
F74: Lien sur Catanoma : | G74: =IFERROR(HYPERLINK(TRIM(HLOOKUP(G71,'Référencement'!B7:AH55,38,FALSE)), TRIM(HLOOKUP(G71,'Référencement'!B7:AH39,7,FALSE))),"") | N74: Lien sur Catanoma : | O74: =IFERROR(HYPERLINK(TRIM(HLOOKUP(O71,'Référencement'!B7:AH55,38,FALSE)), TRIM(HLOOKUP(O71,'Référencement'!B7:AH39,7,FALSE))),"") | V74: Lien sur Catanoma : | W74: =IFERROR(HYPERLINK(TRIM(HLOOKUP(W71,'Référencement'!B7:AH55,38,FALSE)), TRIM(HLOOKUP(W71,'Référencement'!B7:AH39,7,FALSE))),"")
F75: DLC produits PLM (découpe poisson, poisson entier) | G75: =IFERROR(HLOOKUP(G71,'Référencement'!B7:AH39,8,FALSE),"") | N75: DLC produits PLM (découpe poisson, poisson entier) | O75: =IFERROR(HLOOKUP(O71,'Référencement'!B7:AH39,8,FALSE),"") | V75: DLC produits PLM (découpe poisson, poisson entier) | W75: =IFERROR(HLOOKUP(W71,'Référencement'!B7:AH39,8,FALSE),"")
F76: DLC produits CTT MAX | G76: =IFERROR(HLOOKUP(G71,'Référencement'!B7:AH39,9,FALSE),"") | N76: DLC produits CTT MAX | O76: =IFERROR(HLOOKUP(O71,'Référencement'!B7:AH39,9,FALSE),"") | V76: DLC produits CTT MAX | W76: =IFERROR(HLOOKUP(W71,'Référencement'!B7:AH39,9,FALSE),"")
F77: Type | G77: =IFERROR(HLOOKUP(G71,'Référencement'!B7:AH39,10,FALSE),"") | N77: Type | O77: =IFERROR(HLOOKUP(O71,'Référencement'!B7:AH39,10,FALSE),"") | V77: Type | W77: =IFERROR(HLOOKUP(W71,'Référencement'!B7:AH39,10,FALSE),"")
F78: Format barquettes inclus | G78: =IFERROR(HLOOKUP(G71,'Référencement'!B7:AH39,11,FALSE),"") | N78: Format barquettes inclus | O78: =IFERROR(HLOOKUP(O71,'Référencement'!B7:AH39,11,FALSE),"") | V78: Format barquettes inclus | W78: =IFERROR(HLOOKUP(W71,'Référencement'!B7:AH39,11,FALSE),"")
F79: Cadence (Barquettes / mn) | G79: =IFERROR(HLOOKUP(G71,'Référencement'!B7:AH39,12,FALSE),"") | N79: Cadence (Barquettes / mn) | O79: =IFERROR(HLOOKUP(O71,'Référencement'!B7:AH39,12,FALSE),"") | V79: Cadence (Barquettes / mn) | W79: =IFERROR(HLOOKUP(W71,'Référencement'!B7:AH39,12,FALSE),"")
C80: % de capacité d'emballage : | D80: =IFERROR(TDB!N32/HLOOKUP(CTT!G71,'Référencement'!B7:AH43,36,FALSE),"") | K80: % de capacité d'emballage : | L80: =IFERROR(TDB!N32/HLOOKUP(CTT!O71,'Référencement'!B7:AH43,36,FALSE),"") | S80: % de capacité d'emballage : | T80: =IFERROR(TDB!N32/HLOOKUP(CTT!W71,'Référencement'!B7:AH43,36,FALSE),"")
F81: Prix | N81: Prix | V81: Prix
A82: =IF(D80="","",IF(D80>1,"Attention capacité d'emballage dépassée","")) | I82: =IF(L80="","",IF(L80>1,"Attention capacité d'emballage dépassée","")) | Q82: =IF(T80="","",IF(T80>1,"Attention capacité d'emballage dépassée",""))
F83: Prix Matériel HT | G83: =IFERROR(HLOOKUP(G71,'Référencement'!B7:AH39,13,FALSE),"") | N83: Prix Matériel HT | O83: =IFERROR(HLOOKUP(O71,'Référencement'!B7:AH39,13,FALSE),"") | V83: Prix Matériel HT | W83: =IFERROR(HLOOKUP(W71,'Référencement'!B7:AH39,13,FALSE),"")
F85: Prix équipement total HT (Prix Matériel + Pesage ) | G85: =IFERROR(HLOOKUP(G71,'Référencement'!B7:AH39,17,FALSE),"") | N85: Prix équipement total HT (Prix Matériel + Pesage ) | O85: =IFERROR(HLOOKUP(O71,'Référencement'!B7:AH39,17,FALSE),"") | V85: Prix équipement total HT (Prix Matériel + Pesage ) | W85: =IFERROR(HLOOKUP(W71,'Référencement'!B7:AH39,17,FALSE),"")
F86: Prix avec option skin | G86: =IFERROR(HLOOKUP(G71,'Référencement'!B7:AH39,19,FALSE),"") | N86: Prix avec option skin | O86: =IFERROR(HLOOKUP(O71,'Référencement'!B7:AH39,19,FALSE),"") | V86: Prix avec option skin | W86: =IFERROR(HLOOKUP(W71,'Référencement'!B7:AH39,19,FALSE),"")
F87: Coût amortissement matériel sur 5 ans | G87: =IFERROR(HLOOKUP(G71,'Référencement'!B7:AH39,19,FALSE),"") | N87: Coût amortissement matériel sur 5 ans | O87: =IFERROR(HLOOKUP(O71,'Référencement'!B7:AH39,19,FALSE),"") | V87: Coût amortissement matériel sur 5 ans | W87: =IFERROR(HLOOKUP(W71,'Référencement'!B7:AH39,19,FALSE),"")
F88: Prix total HT (équipement + maintenance) sur 5 ans | G88: =IFERROR(HLOOKUP(G71,'Référencement'!B7:AH39,25,FALSE),"") | N88: Prix total HT (équipement + maintenance) sur 5 ans | O88: =IFERROR(HLOOKUP(O71,'Référencement'!B7:AH39,25,FALSE),"") | V88: Prix total HT (équipement + maintenance) sur 5 ans | W88: =IFERROR(HLOOKUP(W71,'Référencement'!B7:AH39,25,FALSE),"")
F89: Prix total HT (équipement + maintenance) sur 1 an | G89: =IFERROR(G88/5,"") -> 0 | N89: Prix total HT (équipement + maintenance) sur 1 an | O89: =IFERROR(O88/5,"") -> 0 | V89: Prix total HT (équipement + maintenance) sur 1 an | W89: =IFERROR(W88/5,"") -> 0
F91: Coût économat | G91: =IFERROR(HLOOKUP(G71,'Référencement'!B7:AH50,31,FALSE),"") | N91: Coût économat | O91: =IFERROR(HLOOKUP(O71,'Référencement'!B7:AH50,31,FALSE),"") | V91: Coût économat | W91: =IFERROR(HLOOKUP(W71,'Référencement'!B7:AH50,31,FALSE),"")
F92: Coût annuel Appro gaz | G92: =IFERROR(HLOOKUP(G71,'Référencement'!B7:AH50,33,FALSE),"") | N92: Coût annuel Appro gaz | O92: =IFERROR(HLOOKUP(O71,'Référencement'!B7:AH50,33,FALSE),"") | V92: Coût annuel Appro gaz | W92: =IFERROR(HLOOKUP(W71,'Référencement'!B7:AH50,33,FALSE),"")
F93: CA ANNUEL EN UVCM MINIMUM POUR ÊTRE RENTABLE | G93: =IFERROR(HLOOKUP(G71,'Référencement'!B7:AH50,37,FALSE),"") | N93: CA ANNUEL EN UVCM MINIMUM POUR ÊTRE RENTABLE | O93: =IFERROR(HLOOKUP(O71,'Référencement'!B7:AH50,37,FALSE),"") | V93: CA ANNUEL EN UVCM MINIMUM POUR ÊTRE RENTABLE | W93: =IFERROR(HLOOKUP(W71,'Référencement'!B7:AH50,37,FALSE),"")

Sheet FC
A1: Recommandations FC
B4: Les technologies se trouvent les unes en dessous des autres. Si vous n'avez pas de machine préconisée pour le sous-atmosphère, il vous faut regarder en dessous pour voir quelle technologie correspond le mieux à votre besoin. Pour le % de capacité d'emballe = Le chiffre correspond au nombre de barquettes prévisionnelles sur le nombre de barquette que la machine peut réaliser
A6: Sous atmosphère
A8: SOUS MAP | I8: SOUS MAP | Q8: SOUS MAP
F9: Informations MACHINE 1 | N9: Informations MACHINE 2 | V9: Informations MACHINE 3
F11: Nom : | G11: {=IFERROR(INDEX(tableau!M:M,LARGE(IF((tableau!A:A=FC!A8)*(TDB!N32>=tableau!F:F)*(TDB!N32<=tableau!G:G),ROW(tableau!M:M),""),1)),"Pas de Machine Sous Atmosphère de disponible par rapport à votre nombre de barquette")} -> Pas de Machine Sous Atmosphère de disponible par rapport à votre nombre de barquette | N11: Nom : | O11: {=IFERROR(INDEX(tableau!N:N,LARGE(IF((tableau!A:A=FC!A8)*(TDB!N32>=tableau!F:F)*(TDB!N32<=tableau!G:G),ROW(tableau!N:N),""),1)),"Pas de Machine Sous Atmosphère de disponible par rapport à votre nombre de barquette")} -> Pas de Machine Sous Atmosphère de disponible par rapport à votre nombre de barquette | V11: Nom : | W11: {=IFERROR(INDEX(tableau!O:O,LARGE(IF((tableau!A:A=FC!A8)*(TDB!N32>=tableau!F:F)*(TDB!N32<=tableau!G:G),ROW(tableau!O:O),""),1)),"Pas de Machine Sous Atmosphère de disponible par rapport à votre nombre de barquette")} -> Pas de Machine Sous Atmosphère de disponible par rapport à votre nombre de barquette
F13: Fournisseur: | G13: =IFERROR(HLOOKUP(G11,'Référencement'!B7:AH39,5,FALSE),"") | N13: Fournisseur: | O13: =IFERROR(HLOOKUP(O11,'Référencement'!B7:AO39,5,FALSE),"") | V13: Fournisseur: | W13: =IFERROR(HLOOKUP(W11,'Référencement'!B7:AW39,5,FALSE),"")
F14: Lien sur Catanoma : | G14: =IFERROR(HYPERLINK(TRIM(HLOOKUP(G11,'Référencement'!B7:AH55,38,FALSE)), TRIM(HLOOKUP(G11,'Référencement'!B7:AH39,7,FALSE))),"") | N14: Lien sur Catanoma : | O14: =IFERROR(HYPERLINK(TRIM(HLOOKUP(O11,'Référencement'!B7:AO55,38,FALSE)), TRIM(HLOOKUP(O11,'Référencement'!B7:AO39,7,FALSE))),"") | V14: Lien sur Catanoma : | W14: =IFERROR(HYPERLINK(TRIM(HLOOKUP(W11,'Référencement'!B7:AW55,38,FALSE)), TRIM(HLOOKUP(W11,'Référencement'!B7:AW39,7,FALSE))),"")
F15: DLC produits PLM (découpe poisson, poisson entier) | G15: =IFERROR(HLOOKUP(G11,'Référencement'!B7:AH39,8,FALSE),"") | N15: DLC produits PLM (découpe poisson, poisson entier) | O15: =IFERROR(HLOOKUP(O11,'Référencement'!B7:AH39,8,FALSE),"") | V15: DLC produits PLM (découpe poisson, poisson entier) | W15: =IFERROR(HLOOKUP(W11,'Référencement'!B7:AH39,8,FALSE),"")
F16: DLC produits BVO MAX | G16: =IFERROR(HLOOKUP(G11,'Référencement'!B7:AH39,9,FALSE),"") | N16: DLC produits BVO MAX | O16: =IFERROR(HLOOKUP(O11,'Référencement'!B7:AO39,9,FALSE),"") | V16: DLC produits BVO MAX | W16: =IFERROR(HLOOKUP(W11,'Référencement'!B7:AW39,9,FALSE),"")
F17: Type | G17: =IFERROR(HLOOKUP(G11,'Référencement'!B7:AH39,10,FALSE),"") | N17: Type | O17: =IFERROR(HLOOKUP(O11,'Référencement'!B7:AO39,10,FALSE),"") | V17: Type | W17: =IFERROR(HLOOKUP(W11,'Référencement'!B7:AW39,10,FALSE),"")
F18: Format barquettes inclus | G18: =IFERROR(HLOOKUP(G11,'Référencement'!B7:AH39,11,FALSE),"") | N18: Format barquettes inclus | O18: =IFERROR(HLOOKUP(O11,'Référencement'!B7:AO39,11,FALSE),"") | V18: Format barquettes inclus | W18: =IFERROR(HLOOKUP(W11,'Référencement'!B7:AW39,11,FALSE),"")
F19: Cadence (Barquettes / mn) | G19: =IFERROR(HLOOKUP(G11,'Référencement'!B7:AH39,12,FALSE),"") | N19: Cadence (Barquettes / mn) | O19: =IFERROR(HLOOKUP(O11,'Référencement'!B7:AO39,12,FALSE),"") | V19: Cadence (Barquettes / mn) | W19: =IFERROR(HLOOKUP(W11,'Référencement'!B7:AW39,12,FALSE),"")
C20: % de capacité d'emballage : | D20: =IFERROR(TDB!N32/HLOOKUP(FC!G11,'Référencement'!B7:AH43,36,FALSE),"") | K20: % de capacité d'emballage : | L20: =IFERROR(TDB!N32/HLOOKUP(FC!O11,'Référencement'!B7:AH43,36,FALSE),"") | S20: % de capacité d'emballage : | T20: =IFERROR(TDB!N32/HLOOKUP(FC!W11,'Référencement'!B7:AH43,36,FALSE),"")
F21: Prix | N21: Prix | V21: Prix
A22: =IF(D20="","",IF(D20>1,"Attention capacité d'emballage dépassée","")) | I22: =IF(L20="","",IF(L20>1,"Attention capacité d'emballage dépassée","")) | Q22: =IF(T20="","",IF(T20>1,"Attention capacité d'emballage dépassée",""))
F23: Prix Matériel HT | G23: =IFERROR(HLOOKUP(G11,'Référencement'!B7:AH39,13,FALSE),"") | N23: Prix Matériel HT | O23: =IFERROR(HLOOKUP(O11,'Référencement'!B7:AO39,13,FALSE),"") | V23: Prix Matériel HT | W23: =IFERROR(HLOOKUP(W11,'Référencement'!B7:AW39,13,FALSE),"")
F24: Prix équipement total HT (Prix Matériel + Pesage + Installation GAZ + Prix compresseur) | G24: =IFERROR(HLOOKUP(G11,'Référencement'!B7:AH39,17,FALSE),"") | N24: Prix équipement total HT (Prix Matériel + Pesage + Installation GAZ + Prix compresseur) | O24: =IFERROR(HLOOKUP(O11,'Référencement'!B7:AO39,17,FALSE),"") | V24: Prix équipement total HT (Prix Matériel + Pesage + Installation GAZ + Prix compresseur) | W24: =IFERROR(HLOOKUP(W11,'Référencement'!B7:AW39,17,FALSE),"")
F25: Prix avec option skin | G25: =IFERROR(HLOOKUP(G11,'Référencement'!B7:AH39,18,FALSE),"") | N25: Prix avec option skin | O25: =IFERROR(HLOOKUP(O11,'Référencement'!B7:AO39,18,FALSE),"") | V25: Prix avec option skin | W25: =IFERROR(HLOOKUP(W11,'Référencement'!B7:AW39,18,FALSE),"")
F26: Coût amortissement matériel sur 5 ans | G26: =IFERROR(HLOOKUP(G11,'Référencement'!B7:AH39,19,FALSE),"") | N26: Coût amortissement matériel sur 5 ans | O26: =IFERROR(HLOOKUP(O11,'Référencement'!B7:AO39,19,FALSE),"") | V26: Coût amortissement matériel sur 5 ans | W26: =IFERROR(HLOOKUP(W11,'Référencement'!B7:AW39,19,FALSE),"")
F27: Prix total HT (équipement + maintenance) sur 5 ans | G27: =IFERROR(HLOOKUP(G11,'Référencement'!B7:AH39,25,FALSE),"") | N27: Prix total HT (équipement + maintenance) sur 5 ans | O27: =IFERROR(HLOOKUP(O11,'Référencement'!B7:AO39,25,FALSE),"") | V27: Prix total HT (équipement + maintenance) sur 5 ans | W27: =IFERROR(HLOOKUP(W11,'Référencement'!B7:AW39,25,FALSE),"")
F28: Prix total HT (équipement + maintenance) sur 1 an | G28: =IFERROR(G27/5,"") -> 0 | N28: Prix total HT (équipement + maintenance) sur 1 an | O28: =IFERROR(O27/5,"") -> 0 | V28: Prix total HT (équipement + maintenance) sur 1 an | W28: =IFERROR(W27/5,"") -> 0
F30: Coût économat | G30: =IFERROR(HLOOKUP(G11,'Référencement'!B7:AH50,31,FALSE),"") | N30: Coût économat | O30: =IFERROR(HLOOKUP(O11,'Référencement'!B7:AO50,31,FALSE),"") | V30: Coût économat | W30: =IFERROR(HLOOKUP(W11,'Référencement'!B7:AW50,31,FALSE),"")
F31: Coût annuel Appro gaz | G31: =IFERROR(HLOOKUP(G11,'Référencement'!B7:AH50,33,FALSE),"") | N31: Coût annuel Appro gaz | O31: =IFERROR(HLOOKUP(O11,'Référencement'!B7:AO50,33,FALSE),"") | V31: Coût annuel Appro gaz | W31: =IFERROR(HLOOKUP(W11,'Référencement'!B7:AW50,33,FALSE),"")
F32: CA ANNUEL EN UVCM MINIMUM POUR ÊTRE RENTABLE | G32: =IFERROR(HLOOKUP(G11,'Référencement'!B7:AH50,37,FALSE),"") | N32: CA ANNUEL EN UVCM MINIMUM POUR ÊTRE RENTABLE | O32: =IFERROR(HLOOKUP(O11,'Référencement'!B7:AO50,37,FALSE),"") | V32: CA ANNUEL EN UVCM MINIMUM POUR ÊTRE RENTABLE | W32: =IFERROR(HLOOKUP(W11,'Référencement'!B7:AW50,37,FALSE),"")
A34: Sous atmosphère
A36: SOUS MAP | I36: SOUS SKIN | Q36: SOUS SKIN
F37: Informations MACHINE 1 | N37: Informations MACHINE 2 | V37: Informations MACHINE 3
F39: Nom : | G39: {=IFERROR(INDEX(tableau!M:M,LARGE(IF((tableau!A:A=FC!A36)*(TDB!N36>=tableau!H:H)*(TDB!N36<=tableau!I:I),ROW(tableau!M:M),""),1)),"Pas de Machine Sous Vide de disponible par rapport à votre nombre de barquette")} -> Pas de Machine Sous Vide de disponible par rapport à votre nombre de barquette | N39: Nom : | O39: {=IFERROR(INDEX(tableau!N:N,LARGE(IF((tableau!A:A=FC!A36)*(TDB!N36>=tableau!H:H)*(TDB!N36<=tableau!I:I),ROW(tableau!N:N),""),1)),"Pas de Machine Sous Vide de disponible par rapport à votre nombre de barquette")} -> Pas de Machine Sous Vide de disponible par rapport à votre nombre de barquette | V39: Nom : | W39: {=IFERROR(INDEX(tableau!O:O,LARGE(IF((tableau!A:A=FC!A36)*(TDB!N36>=tableau!H:H)*(TDB!N36<=tableau!I:I),ROW(tableau!O:O),""),1)),"Pas de Machine Sous Vide de disponible par rapport à votre nombre de barquette")} -> Pas de Machine Sous Vide de disponible par rapport à votre nombre de barquette
F41: Fournisseur: | G41: =IFERROR(HLOOKUP(G39,'Référencement'!B7:AH39,5,FALSE),"") | N41: Fournisseur: | O41: =IFERROR(HLOOKUP(O39,'Référencement'!B7:AP39,5,FALSE),"") | V41: Fournisseur: | W41: =IFERROR(HLOOKUP(W39,'Référencement'!B7:AX39,5,FALSE),"")
F42: Lien sur Catanoma : | G42: =IFERROR(HYPERLINK(TRIM(HLOOKUP(G39,'Référencement'!B7:AH55,38,FALSE)), TRIM(HLOOKUP(G39,'Référencement'!B7:AH39,7,FALSE))),"") | N42: Lien sur Catanoma : | O42: =IFERROR(HYPERLINK(TRIM(HLOOKUP(O39,'Référencement'!B7:AP55,38,FALSE)), TRIM(HLOOKUP(O39,'Référencement'!B7:AP39,7,FALSE))),"") | V42: Lien sur Catanoma : | W42: =IFERROR(HYPERLINK(TRIM(HLOOKUP(W39,'Référencement'!B7:AX55,38,FALSE)), TRIM(HLOOKUP(W39,'Référencement'!B7:AX39,7,FALSE))),"")
F43: DLC produits PLM (découpe poisson, poisson entier) | G43: =IFERROR(HLOOKUP(G39,'Référencement'!B7:AH39,8,FALSE),"") | N43: DLC produits PLM (découpe poisson, poisson entier) | O43: =IFERROR(HLOOKUP(O39,'Référencement'!B7:AP39,8,FALSE),"") | V43: DLC produits PLM (découpe poisson, poisson entier) | W43: =IFERROR(HLOOKUP(W39,'Référencement'!B7:AX39,8,FALSE),"")
F44: DLC produits FC MAX | G44: =IFERROR(HLOOKUP(G39,'Référencement'!B7:AH39,9,FALSE),"") | N44: DLC produits FC MAX | O44: =IFERROR(HLOOKUP(O39,'Référencement'!B7:AP39,9,FALSE),"") | V44: DLC produits FC MAX | W44: =IFERROR(HLOOKUP(W39,'Référencement'!B7:AX39,9,FALSE),"")
F45: Type | G45: =IFERROR(HLOOKUP(G39,'Référencement'!B7:AH39,10,FALSE),"") | N45: Type | O45: =IFERROR(HLOOKUP(O39,'Référencement'!B7:AP39,10,FALSE),"") | V45: Type | W45: =IFERROR(HLOOKUP(W39,'Référencement'!B7:AX39,10,FALSE),"")
F46: Format barquettes inclus | G46: =IFERROR(HLOOKUP(G39,'Référencement'!B7:AH39,11,FALSE),"") | N46: Format barquettes inclus | O46: =IFERROR(HLOOKUP(O39,'Référencement'!B7:AP39,11,FALSE),"") | V46: Format barquettes inclus | W46: =IFERROR(HLOOKUP(W39,'Référencement'!B7:AX39,11,FALSE),"")
F47: Cadence (Barquettes / mn) | G47: =IFERROR(HLOOKUP(G39,'Référencement'!B7:AH39,12,FALSE),"") | N47: Cadence (Barquettes / mn) | O47: =IFERROR(HLOOKUP(O39,'Référencement'!B7:AP39,12,FALSE),"") | V47: Cadence (Barquettes / mn) | W47: =IFERROR(HLOOKUP(W39,'Référencement'!B7:AX39,12,FALSE),"")
C48: % de capacité d'emballage : | D48: =IFERROR(TDB!N32/HLOOKUP(FC!G39,'Référencement'!B7:AH43,36,FALSE),"") | K48: % de capacité d'emballage : | L48: =IFERROR(TDB!N32/HLOOKUP(FC!O39,'Référencement'!B7:AH43,36,FALSE),"") | S48: % de capacité d'emballage : | T48: =IFERROR(TDB!N32/HLOOKUP(FC!W39,'Référencement'!B7:AH43,36,FALSE),"")
F49: Prix | N49: Prix | V49: Prix
A50: =IF(D48="","",IF(D48>1,"Attention capacité d'emballage dépassée","")) | I50: =IF(L48="","",IF(L48>1,"Attention capacité d'emballage dépassée","")) | Q50: =IF(T48="","",IF(T48>1,"Attention capacité d'emballage dépassée",""))
F51: Prix Matériel HT | G51: =IFERROR(HLOOKUP(G39,'Référencement'!B7:AH39,13,FALSE),"") | N51: Prix Matériel HT | O51: =IFERROR(HLOOKUP(O39,'Référencement'!B7:AP39,13,FALSE),"") | V51: Prix Matériel HT | W51: =IFERROR(HLOOKUP(W39,'Référencement'!B7:AX39,13,FALSE),"")
F53: Prix équipement total HT (Prix Matériel + Pesage ) | G53: =IFERROR(HLOOKUP(G39,'Référencement'!B7:AH39,17,FALSE),"") | N53: Prix équipement total HT (Prix Matériel + Pesage ) | O53: =IFERROR(HLOOKUP(O39,'Référencement'!B7:AP39,17,FALSE),"") | V53: Prix équipement total HT (Prix Matériel + Pesage ) | W53: =IFERROR(HLOOKUP(W39,'Référencement'!B7:AX39,17,FALSE),"")
F54: Prix avec option skin | G54: =IFERROR(HLOOKUP(G39,'Référencement'!B7:AH39,18,FALSE),"") | N54: Prix avec option skin | O54: =IFERROR(HLOOKUP(O39,'Référencement'!J7:AP39,18,FALSE),"") | V54: Prix avec option skin | W54: =IFERROR(HLOOKUP(W39,'Référencement'!R7:AX39,18,FALSE),"")
F55: Coût amortissement matériel sur 5 ans | G55: =IFERROR(HLOOKUP(G39,'Référencement'!B7:AH39,19,FALSE),"") | N55: Coût amortissement matériel sur 5 ans | O55: =IFERROR(HLOOKUP(O39,'Référencement'!B7:AP39,19,FALSE),"") | V55: Coût amortissement matériel sur 5 ans | W55: =IFERROR(HLOOKUP(W39,'Référencement'!B7:AX39,19,FALSE),"")
F56: Prix total HT (équipement + maintenance) sur 5 ans | G56: =IFERROR(HLOOKUP(G39,'Référencement'!B7:AH39,25,FALSE),"") | N56: Prix total HT (équipement + maintenance) sur 5 ans | O56: =IFERROR(HLOOKUP(O39,'Référencement'!B7:AP39,25,FALSE),"") | V56: Prix total HT (équipement + maintenance) sur 5 ans | W56: =IFERROR(HLOOKUP(W39,'Référencement'!B7:AX39,25,FALSE),"")
F57: Prix total HT (équipement + maintenance) sur 1 an | G57: =IFERROR(G56/5,"") -> 0 | N57: Prix total HT (équipement + maintenance) sur 1 an | O57: =IFERROR(O56/5,"") -> 0 | V57: Prix total HT (équipement + maintenance) sur 1 an | W57: =IFERROR(W56/5,"") -> 0
F59: Coût économat | G59: =IFERROR(HLOOKUP(G39,'Référencement'!B7:AH50,31,FALSE),"") | N59: Coût économat | O59: =IFERROR(HLOOKUP(O39,'Référencement'!B7:AP50,31,FALSE),"") | V59: Coût économat | W59: =IFERROR(HLOOKUP(W39,'Référencement'!B7:AX50,31,FALSE),"")
F60: Coût annuel Appro gaz | G60: =IFERROR(HLOOKUP(G39,'Référencement'!B7:AH50,33,FALSE),"") | N60: Coût annuel Appro gaz | O60: =IFERROR(HLOOKUP(O39,'Référencement'!B7:AP50,33,FALSE),"") | V60: Coût annuel Appro gaz | W60: =IFERROR(HLOOKUP(W39,'Référencement'!B7:AX50,33,FALSE),"")
F61: CA ANNUEL EN UVCM MINIMUM POUR ÊTRE RENTABLE | G61: =IFERROR(HLOOKUP(G39,'Référencement'!B7:AH50,37,FALSE),"") | N61: CA ANNUEL EN UVCM MINIMUM POUR ÊTRE RENTABLE | O61: =IFERROR(HLOOKUP(O39,'Référencement'!B7:AP50,37,FALSE),"") | V61: CA ANNUEL EN UVCM MINIMUM POUR ÊTRE RENTABLE | W61: =IFERROR(HLOOKUP(W39,'Référencement'!B7:AX50,37,FALSE),"")
A65: SOUS FILM
A67: SOUS FILM | I67: SOUS SKIN | Q67: SOUS SKIN
F68: Informations MACHINE 1 | N68: Informations MACHINE 2 | V68: Informations MACHINE 3
F70: Nom : | G70: {=IFERROR(INDEX(tableau!M:M,LARGE(IF((tableau!A:A=FC!A67)*(TDB!N36>=tableau!H:H)*(TDB!N36<=tableau!I:I),ROW(tableau!M:M),""),1)),"Pas de Machine Sous Film de disponible par rapport à votre nombre de barquette")} -> Pas de Machine Sous Film de disponible par rapport à votre nombre de barquette | N70: Nom : | O70: {=IFERROR(INDEX(tableau!N:N,LARGE(IF((tableau!A:A=FC!A67)*(TDB!N36>=tableau!H:H)*(TDB!N36<=tableau!I:I),ROW(tableau!N:N),""),1)),"Pas de Machine Sous Film de disponible par rapport à votre nombre de barquette")} -> Pas de Machine Sous Film de disponible par rapport à votre nombre de barquette | V70: Nom : | W70: {=IFERROR(INDEX(tableau!O:O,LARGE(IF((tableau!A:A=FC!A67)*(TDB!N36>=tableau!H:H)*(TDB!N36<=tableau!I:I),ROW(tableau!O:O),""),1)),"Pas de Machine Sous Film de disponible par rapport à votre nombre de barquette")} -> Pas de Machine Sous Film de disponible par rapport à votre nombre de barquette
F72: Fournisseur: | G72: =IFERROR(HLOOKUP(G70,'Référencement'!B7:AH39,5,FALSE),"") | N72: Fournisseur: | O72: =IFERROR(HLOOKUP(O70,'Référencement'!B7:AH39,5,FALSE),"") | V72: Fournisseur: | W72: =IFERROR(HLOOKUP(W70,'Référencement'!B7:AH39,5,FALSE),"")
F73: Lien sur Catanoma : | G73: =IFERROR(HYPERLINK(TRIM(HLOOKUP(G70,'Référencement'!B7:AH55,38,FALSE)), TRIM(HLOOKUP(G70,'Référencement'!B7:AH39,7,FALSE))),"") | N73: Lien sur Catanoma : | O73: =IFERROR(HYPERLINK(TRIM(HLOOKUP(O70,'Référencement'!B7:AH55,38,FALSE)), TRIM(HLOOKUP(O70,'Référencement'!B7:AH39,7,FALSE))),"") | V73: Lien sur Catanoma : | W73: =IFERROR(HYPERLINK(TRIM(HLOOKUP(W70,'Référencement'!B7:AH55,38,FALSE)), TRIM(HLOOKUP(W70,'Référencement'!B7:AH39,7,FALSE))),"")
F74: DLC produits PLM (découpe poisson, poisson entier) | G74: =IFERROR(HLOOKUP(G70,'Référencement'!B7:AH39,8,FALSE),"") | N74: DLC produits PLM (découpe poisson, poisson entier) | O74: =IFERROR(HLOOKUP(O70,'Référencement'!B7:AH39,8,FALSE),"") | V74: DLC produits PLM (découpe poisson, poisson entier) | W74: =IFERROR(HLOOKUP(W70,'Référencement'!B7:AH39,8,FALSE),"")
F75: DLC produits FC MAX | G75: =IFERROR(HLOOKUP(G70,'Référencement'!B7:AH39,9,FALSE),"") | N75: DLC produits FC MAX | O75: =IFERROR(HLOOKUP(O70,'Référencement'!B7:AH39,9,FALSE),"") | V75: DLC produits FC MAX | W75: =IFERROR(HLOOKUP(W70,'Référencement'!B7:AH39,9,FALSE),"")
F76: Type | G76: =IFERROR(HLOOKUP(G70,'Référencement'!B7:AH39,10,FALSE),"") | N76: Type | O76: =IFERROR(HLOOKUP(O70,'Référencement'!B7:AH39,10,FALSE),"") | V76: Type | W76: =IFERROR(HLOOKUP(W70,'Référencement'!B7:AH39,10,FALSE),"")
F77: Format barquettes inclus | G77: =IFERROR(HLOOKUP(G70,'Référencement'!B7:AH39,11,FALSE),"") | N77: Format barquettes inclus | O77: =IFERROR(HLOOKUP(O70,'Référencement'!B7:AH39,11,FALSE),"") | V77: Format barquettes inclus | W77: =IFERROR(HLOOKUP(W70,'Référencement'!B7:AH39,11,FALSE),"")
F78: Cadence (Barquettes / mn) | G78: =IFERROR(HLOOKUP(G70,'Référencement'!B7:AH39,12,FALSE),"") | N78: Cadence (Barquettes / mn) | O78: =IFERROR(HLOOKUP(O70,'Référencement'!B7:AH39,12,FALSE),"") | V78: Cadence (Barquettes / mn) | W78: =IFERROR(HLOOKUP(W70,'Référencement'!B7:AH39,12,FALSE),"")
C79: % de capacité d'emballage : | D79: =IFERROR(TDB!N32/HLOOKUP(FC!G70,'Référencement'!B7:AH43,36,FALSE),"") | K79: % de capacité d'emballage : | L79: =IFERROR(TDB!N32/HLOOKUP(FC!O70,'Référencement'!B7:AH43,36,FALSE),"") | S79: % de capacité d'emballage : | T79: =IFERROR(TDB!N32/HLOOKUP(FC!W70,'Référencement'!B7:AH43,36,FALSE),"")
F80: Prix | N80: Prix | V80: Prix
A81: =IF(D79="","",IF(D79>1,"Attention capacité d'emballage dépassée","")) | I81: =IF(L79="","",IF(L79>1,"Attention capacité d'emballage dépassée","")) | Q81: =IF(T79="","",IF(T79>1,"Attention capacité d'emballage dépassée",""))
F82: Prix Matériel HT | G82: =IFERROR(HLOOKUP(G70,'Référencement'!B7:AH39,13,FALSE),"") | N82: Prix Matériel HT | O82: =IFERROR(HLOOKUP(O70,'Référencement'!B7:AH39,13,FALSE),"") | V82: Prix Matériel HT | W82: =IFERROR(HLOOKUP(W70,'Référencement'!B7:AH39,13,FALSE),"")
F84: Prix équipement total HT (Prix Matériel + Pesage ) | G84: =IFERROR(HLOOKUP(G70,'Référencement'!B7:AH39,17,FALSE),"") | N84: Prix équipement total HT (Prix Matériel + Pesage ) | O84: =IFERROR(HLOOKUP(O70,'Référencement'!B7:AH39,17,FALSE),"") | V84: Prix équipement total HT (Prix Matériel + Pesage ) | W84: =IFERROR(HLOOKUP(W70,'Référencement'!B7:AH39,17,FALSE),"")
F85: Prix avec option skin | G85: =IFERROR(HLOOKUP(G70,'Référencement'!B7:AH39,19,FALSE),"") | N85: Prix avec option skin | O85: =IFERROR(HLOOKUP(O70,'Référencement'!B7:AH39,19,FALSE),"") | V85: Prix avec option skin | W85: =IFERROR(HLOOKUP(W70,'Référencement'!B7:AH39,19,FALSE),"")
F86: Coût amortissement matériel sur 5 ans | G86: =IFERROR(HLOOKUP(G70,'Référencement'!B7:AH39,19,FALSE),"") | N86: Coût amortissement matériel sur 5 ans | O86: =IFERROR(HLOOKUP(O70,'Référencement'!B7:AH39,19,FALSE),"") | V86: Coût amortissement matériel sur 5 ans | W86: =IFERROR(HLOOKUP(W70,'Référencement'!B7:AH39,19,FALSE),"")
F87: Prix total HT (équipement + maintenance) sur 5 ans | G87: =IFERROR(HLOOKUP(G70,'Référencement'!B7:AH39,25,FALSE),"") | N87: Prix total HT (équipement + maintenance) sur 5 ans | O87: =IFERROR(HLOOKUP(O70,'Référencement'!B7:AH39,25,FALSE),"") | V87: Prix total HT (équipement + maintenance) sur 5 ans | W87: =IFERROR(HLOOKUP(W70,'Référencement'!B7:AH39,25,FALSE),"")
F88: Prix total HT (équipement + maintenance) sur 1 an | G88: =IFERROR(G87/5,"") -> 0 | N88: Prix total HT (équipement + maintenance) sur 1 an | O88: =IFERROR(O87/5,"") -> 0 | V88: Prix total HT (équipement + maintenance) sur 1 an | W88: =IFERROR(W87/5,"") -> 0
F90: Coût économat | G90: =IFERROR(HLOOKUP(G70,'Référencement'!B7:AH50,31,FALSE),"") | N90: Coût économat | O90: =IFERROR(HLOOKUP(O70,'Référencement'!B7:AH50,31,FALSE),"") | V90: Coût économat | W90: =IFERROR(HLOOKUP(W70,'Référencement'!B7:AH50,31,FALSE),"")
F91: Coût annuel Appro gaz | G91: =IFERROR(HLOOKUP(G70,'Référencement'!B7:AH50,33,FALSE),"") | N91: Coût annuel Appro gaz | O91: =IFERROR(HLOOKUP(O70,'Référencement'!B7:AH50,33,FALSE),"") | V91: Coût annuel Appro gaz | W91: =IFERROR(HLOOKUP(W70,'Référencement'!B7:AH50,33,FALSE),"")
F92: CA ANNUEL EN UVCM MINIMUM POUR ÊTRE RENTABLE | G92: =IFERROR(HLOOKUP(G70,'Référencement'!B7:AH50,37,FALSE),"") | N92: CA ANNUEL EN UVCM MINIMUM POUR ÊTRE RENTABLE | O92: =IFERROR(HLOOKUP(O70,'Référencement'!B7:AH50,37,FALSE),"") | V92: CA ANNUEL EN UVCM MINIMUM POUR ÊTRE RENTABLE | W92: =IFERROR(HLOOKUP(W70,'Référencement'!B7:AH50,37,FALSE),"")

Sheet BVO
A1: Recommandations BVO
B4: Les technologies se trouvent les unes en dessous des autres. Si vous n'avez pas de machine préconisée pour le sous-atmosphère, il vous faut regarder en dessous pour voir quelle technologie correspond le mieux à votre besoin. Pour le % de capacité d'emballe = Le chiffre correspond au nombre de barquettes prévisionnelles sur le nombre de barquette que la machine peut réaliser
A6: Sous atmosphère
A8: SOUS MAP | I8: SOUS MAP | Q8: SOUS MAP
F9: Informations MACHINE 1 | N9: Informations MACHINE 2 | V9: Informations MACHINE 3
F11: Nom : | G11: {=IFERROR(INDEX(tableau!M:M,LARGE(IF((tableau!A:A=BVO!A8)*(TDB!N34>=tableau!D:D)*(TDB!N34<=tableau!E:E),ROW(tableau!M:M),""),1)),"Pas de Machine Sous Atmosphère de disponible par rapport à votre nombre de barquette")} -> Pas de Machine Sous Atmosphère de disponible par rapport à votre nombre de barquette | N11: Nom : | O11: {=IFERROR(INDEX(tableau!N:N,LARGE(IF((tableau!A:A=BVO!A8)*(TDB!N34>=tableau!D:D)*(TDB!N34<=tableau!E:E),ROW(tableau!N:N),""),1)),"Pas de Machine Sous Atmosphère de disponible par rapport à votre nombre de barquette")} -> Pas de Machine Sous Atmosphère de disponible par rapport à votre nombre de barquette | V11: Nom : | W11: {=IFERROR(INDEX(tableau!O:O,LARGE(IF((tableau!A:A=BVO!A8)*(TDB!N34>=tableau!D:D)*(TDB!N34<=tableau!E:E),ROW(tableau!O:O),""),1)),"Pas de Machine Sous Atmosphère de disponible par rapport à votre nombre de barquette")} -> Pas de Machine Sous Atmosphère de disponible par rapport à votre nombre de barquette
F13: Fournisseur: | G13: =IFERROR(HLOOKUP(G11,'Référencement'!B7:AH39,5,FALSE),"") | N13: Fournisseur: | O13: =IFERROR(HLOOKUP(O11,'Référencement'!B7:AO39,5,FALSE),"") | V13: Fournisseur: | W13: =IFERROR(HLOOKUP(W11,'Référencement'!B7:AW39,5,FALSE),"")
F14: Lien sur Catanoma : | G14: =IFERROR(HYPERLINK(TRIM(HLOOKUP(G11,'Référencement'!B7:AH55,38,FALSE)), TRIM(HLOOKUP(G11,'Référencement'!B7:AH39,7,FALSE))),"") | N14: Lien sur Catanoma : | O14: =IFERROR(HYPERLINK(TRIM(HLOOKUP(O11,'Référencement'!B7:AO55,38,FALSE)), TRIM(HLOOKUP(O11,'Référencement'!B7:AO39,7,FALSE))),"") | V14: Lien sur Catanoma : | W14: =IFERROR(HYPERLINK(TRIM(HLOOKUP(W11,'Référencement'!B7:AW55,38,FALSE)), TRIM(HLOOKUP(W11,'Référencement'!B7:AW39,7,FALSE))),"")
F15: DLC produits PLM (découpe poisson, poisson entier) | G15: =IFERROR(HLOOKUP(G11,'Référencement'!B7:AH39,8,FALSE),"") | N15: DLC produits PLM (découpe poisson, poisson entier) | O15: =IFERROR(HLOOKUP(O11,'Référencement'!B7:AH39,8,FALSE),"") | V15: DLC produits PLM (découpe poisson, poisson entier) | W15: =IFERROR(HLOOKUP(W11,'Référencement'!B7:AH39,8,FALSE),"")
F16: DLC produits BVO MAX | G16: =IFERROR(HLOOKUP(G11,'Référencement'!B7:AH39,9,FALSE),"") | N16: DLC produits BVO MAX | O16: =IFERROR(HLOOKUP(O11,'Référencement'!B7:AO39,9,FALSE),"") | V16: DLC produits BVO MAX | W16: =IFERROR(HLOOKUP(W11,'Référencement'!B7:AW39,9,FALSE),"")
F17: Type | G17: =IFERROR(HLOOKUP(G11,'Référencement'!B7:AH39,10,FALSE),"") | N17: Type | O17: =IFERROR(HLOOKUP(O11,'Référencement'!B7:AO39,10,FALSE),"") | V17: Type | W17: =IFERROR(HLOOKUP(W11,'Référencement'!B7:AW39,10,FALSE),"")
F18: Format barquettes inclus | G18: =IFERROR(HLOOKUP(G11,'Référencement'!B7:AH39,11,FALSE),"") | N18: Format barquettes inclus | O18: =IFERROR(HLOOKUP(O11,'Référencement'!B7:AO39,11,FALSE),"") | V18: Format barquettes inclus | W18: =IFERROR(HLOOKUP(W11,'Référencement'!B7:AW39,11,FALSE),"")
F19: Cadence (Barquettes / mn) | G19: =IFERROR(HLOOKUP(G11,'Référencement'!B7:AH39,12,FALSE),"") | N19: Cadence (Barquettes / mn) | O19: =IFERROR(HLOOKUP(O11,'Référencement'!B7:AO39,12,FALSE),"") | V19: Cadence (Barquettes / mn) | W19: =IFERROR(HLOOKUP(W11,'Référencement'!B7:AW39,12,FALSE),"")
C20: % de capacité d'emballage : | D20: =IFERROR(TDB!N34/HLOOKUP(BVO!G11,'Référencement'!B7:AH43,36,FALSE),"") | K20: % de capacité d'emballage : | L20: =IFERROR(TDB!N34/HLOOKUP(BVO!O11,'Référencement'!B7:AH43,36,FALSE),"") | S20: % de capacité d'emballage : | T20: =IFERROR(TDB!N34/HLOOKUP(BVO!W11,'Référencement'!B7:AH43,36,FALSE),"")
F21: Prix | N21: Prix | V21: Prix
A22: =IF(D20="","",IF(D20>1,"Attention capacité d'emballage dépassée","")) | I22: =IF(L20="","",IF(L20>1,"Attention capacité d'emballage dépassée","")) | Q22: =IF(T20="","",IF(T20>1,"Attention capacité d'emballage dépassée",""))
F23: Prix Matériel HT | G23: =IFERROR(HLOOKUP(G11,'Référencement'!B7:AH39,13,FALSE),"") | N23: Prix Matériel HT | O23: =IFERROR(HLOOKUP(O11,'Référencement'!B7:AO39,13,FALSE),"") | V23: Prix Matériel HT | W23: =IFERROR(HLOOKUP(W11,'Référencement'!B7:AW39,13,FALSE),"")
F25: Prix équipement total HT (Prix Matériel + Pesage + Installation GAZ + Prix compresseur) | G25: =IFERROR(HLOOKUP(G11,'Référencement'!B7:AH39,17,FALSE),"") | N25: Prix équipement total HT (Prix Matériel + Pesage + Installation GAZ + Prix compresseur) | O25: =IFERROR(HLOOKUP(O11,'Référencement'!B7:AO39,17,FALSE),"") | V25: Prix équipement total HT (Prix Matériel + Pesage + Installation GAZ + Prix compresseur) | W25: =IFERROR(HLOOKUP(W11,'Référencement'!B7:AW39,17,FALSE),"")
F26: Prix avec option skin | G26: =IFERROR(HLOOKUP(G11,'Référencement'!B7:AH39,18,FALSE),"") | N26: Prix avec option skin | O26: =IFERROR(HLOOKUP(O11,'Référencement'!B7:AO39,18,FALSE),"") | V26: Prix avec option skin | W26: =IFERROR(HLOOKUP(W11,'Référencement'!B7:AW39,18,FALSE),"")
F27: Coût amortissement matériel sur 5 ans | G27: =IFERROR(HLOOKUP(G11,'Référencement'!B7:AH39,19,FALSE),"") | N27: Coût amortissement matériel sur 5 ans | O27: =IFERROR(HLOOKUP(O11,'Référencement'!B7:AO39,19,FALSE),"") | V27: Coût amortissement matériel sur 5 ans | W27: =IFERROR(HLOOKUP(W11,'Référencement'!B7:AW39,19,FALSE),"")
F28: Prix total HT (équipement + maintenance) sur 5 ans | G28: =IFERROR(HLOOKUP(G11,'Référencement'!B7:AH39,25,FALSE),"") | N28: Prix total HT (équipement + maintenance) sur 5 ans | O28: =IFERROR(HLOOKUP(O11,'Référencement'!B7:AO39,25,FALSE),"") | V28: Prix total HT (équipement + maintenance) sur 5 ans | W28: =IFERROR(HLOOKUP(W11,'Référencement'!B7:AW39,25,FALSE),"")
F29: Prix total HT (équipement + maintenance) sur 1 an | G29: =IFERROR(G28/5,"") -> 0 | N29: Prix total HT (équipement + maintenance) sur 1 an | O29: =IFERROR(O28/5,"") -> 0 | V29: Prix total HT (équipement + maintenance) sur 1 an | W29: =IFERROR(W28/5,"") -> 0
F31: Coût économat | G31: =IFERROR(HLOOKUP(G11,'Référencement'!B7:AH50,31,FALSE),"") | N31: Coût économat | O31: =IFERROR(HLOOKUP(O11,'Référencement'!B7:AO50,31,FALSE),"") | V31: Coût économat | W31: =IFERROR(HLOOKUP(W11,'Référencement'!B7:AW50,31,FALSE),"")
F32: Coût annuel Appro gaz | G32: =IFERROR(HLOOKUP(G11,'Référencement'!B7:AH50,33,FALSE),"") | N32: Coût annuel Appro gaz | O32: =IFERROR(HLOOKUP(O11,'Référencement'!B7:AO50,33,FALSE),"") | V32: Coût annuel Appro gaz | W32: =IFERROR(HLOOKUP(W11,'Référencement'!B7:AW50,33,FALSE),"")
F33: CA ANNUEL EN UVCM MINIMUM POUR ÊTRE RENTABLE | G33: =IFERROR(HLOOKUP(G11,'Référencement'!B7:AH50,37,FALSE),"") | N33: CA ANNUEL EN UVCM MINIMUM POUR ÊTRE RENTABLE | O33: =IFERROR(HLOOKUP(O11,'Référencement'!B7:AO50,37,FALSE),"") | V33: CA ANNUEL EN UVCM MINIMUM POUR ÊTRE RENTABLE | W33: =IFERROR(HLOOKUP(W11,'Référencement'!B7:AW50,37,FALSE),"")
A35: SOUS SKIN
A37: SOUS SKIN | I37: SOUS SKIN | Q37: SOUS SKIN
F38: Informations MACHINE 1 | N38: Informations MACHINE 2 | V38: Informations MACHINE 3
F40: Nom : | G40: {=IFERROR(INDEX(tableau!M:M,LARGE(IF((tableau!A:A=BVO!A37)*(TDB!N34>=tableau!D:D)*(TDB!N34<=tableau!E:E),ROW(tableau!M:M),""),1)),"Pas de Machine Sous Skin de disponible par rapport à votre nombre de barquette")} -> Pas de Machine Sous Skin de disponible par rapport à votre nombre de barquette | N40: Nom : | O40: {=IFERROR(INDEX(tableau!N:N,LARGE(IF((tableau!A:A=BVO!A37)*(TDB!N34>=tableau!D:D)*(TDB!N34<=tableau!E:E),ROW(tableau!N:N),""),1)),"Pas de Machine Sous Skin de disponible par rapport à votre nombre de barquette")} -> Pas de Machine Sous Skin de disponible par rapport à votre nombre de barquette | V40: Nom : | W40: {=IFERROR(INDEX(tableau!O:O,LARGE(IF((tableau!A:A=BVO!A37)*(TDB!N34>=tableau!D:D)*(TDB!N34<=tableau!E:E),ROW(tableau!O:O),""),1)),"Pas de Machine Sous Skin de disponible par rapport à votre nombre de barquette")} -> Pas de Machine Sous Skin de disponible par rapport à votre nombre de barquette
F42: Fournisseur: | G42: =IFERROR(HLOOKUP(G40,'Référencement'!B7:AH39,5,FALSE),"") | N42: Fournisseur: | O42: =IFERROR(HLOOKUP(O40,'Référencement'!B7:AP39,5,FALSE),"") | V42: Fournisseur: | W42: =IFERROR(HLOOKUP(W40,'Référencement'!B7:AX39,5,FALSE),"")
F43: Lien sur Catanoma : | G43: =IFERROR(HYPERLINK(TRIM(HLOOKUP(G40,'Référencement'!B7:AH55,38,FALSE)), TRIM(HLOOKUP(G40,'Référencement'!B7:AH39,7,FALSE))),"") | N43: Lien sur Catanoma : | O43: =IFERROR(HYPERLINK(TRIM(HLOOKUP(O40,'Référencement'!B7:AP55,38,FALSE)), TRIM(HLOOKUP(O40,'Référencement'!B7:AP39,7,FALSE))),"") | V43: Lien sur Catanoma : | W43: =IFERROR(HYPERLINK(TRIM(HLOOKUP(W40,'Référencement'!B7:AX55,38,FALSE)), TRIM(HLOOKUP(W40,'Référencement'!B7:AX39,7,FALSE))),"")
F44: DLC produits PLM (découpe poisson, poisson entier) | G44: =IFERROR(HLOOKUP(G40,'Référencement'!B7:AH39,8,FALSE),"") | N44: DLC produits PLM (découpe poisson, poisson entier) | O44: =IFERROR(HLOOKUP(O40,'Référencement'!B7:AP39,8,FALSE),"") | V44: DLC produits PLM (découpe poisson, poisson entier) | W44: =IFERROR(HLOOKUP(W40,'Référencement'!B7:AX39,8,FALSE),"")
F45: DLC produits BVO MAX | G45: =IFERROR(HLOOKUP(G40,'Référencement'!B7:AH39,9,FALSE),"") | N45: DLC produits BVO MAX | O45: =IFERROR(HLOOKUP(O40,'Référencement'!B7:AP39,9,FALSE),"") | V45: DLC produits BVO MAX | W45: =IFERROR(HLOOKUP(W40,'Référencement'!B7:AX39,9,FALSE),"")
F46: Type | G46: =IFERROR(HLOOKUP(G40,'Référencement'!B7:AH39,10,FALSE),"") | N46: Type | O46: =IFERROR(HLOOKUP(O40,'Référencement'!B7:AP39,10,FALSE),"") | V46: Type | W46: =IFERROR(HLOOKUP(W40,'Référencement'!B7:AX39,10,FALSE),"")
F47: Format barquettes inclus | G47: =IFERROR(HLOOKUP(G40,'Référencement'!B7:AH39,11,FALSE),"") | N47: Format barquettes inclus | O47: =IFERROR(HLOOKUP(O40,'Référencement'!B7:AP39,11,FALSE),"") | V47: Format barquettes inclus | W47: =IFERROR(HLOOKUP(W40,'Référencement'!B7:AX39,11,FALSE),"")
F48: Cadence (Barquettes / mn) | G48: =IFERROR(HLOOKUP(G40,'Référencement'!B7:AH39,12,FALSE),"") | N48: Cadence (Barquettes / mn) | O48: =IFERROR(HLOOKUP(O40,'Référencement'!B7:AP39,12,FALSE),"") | V48: Cadence (Barquettes / mn) | W48: =IFERROR(HLOOKUP(W40,'Référencement'!B7:AX39,12,FALSE),"")
C49: % de capacité d'emballage : | D49: =IFERROR(TDB!N34/HLOOKUP(BVO!G40,'Référencement'!B7:AH43,36,FALSE),"") | K49: % de capacité d'emballage : | L49: =IFERROR(TDB!N34/HLOOKUP(BVO!O40,'Référencement'!B7:AH43,36,FALSE),"") | S49: % de capacité d'emballage : | T49: =IFERROR(TDB!N34/HLOOKUP(BVO!W40,'Référencement'!B7:AH43,36,FALSE),"")
F50: Prix | N50: Prix | V50: Prix
A51: =IF(D49="","",IF(D49>1,"Attention capacité d'emballage dépassée","")) | I51: =IF(L49="","",IF(L49>1,"Attention capacité d'emballage dépassée","")) | Q51: =IF(T49="","",IF(T49>1,"Attention capacité d'emballage dépassée",""))
F52: Prix Matériel HT | G52: =IFERROR(HLOOKUP(G40,'Référencement'!B7:AH39,13,FALSE),"") | N52: Prix Matériel HT | O52: =IFERROR(HLOOKUP(O40,'Référencement'!B7:AP39,13,FALSE),"") | V52: Prix Matériel HT | W52: =IFERROR(HLOOKUP(W40,'Référencement'!B7:AX39,13,FALSE),"")
F54: Prix équipement total HT (Prix Matériel + Pesage ) | G54: =IFERROR(HLOOKUP(G40,'Référencement'!B7:AH39,17,FALSE),"") | N54: Prix équipement total HT (Prix Matériel + Pesage ) | O54: =IFERROR(HLOOKUP(O40,'Référencement'!B7:AP39,17,FALSE),"") | V54: Prix équipement total HT (Prix Matériel + Pesage ) | W54: =IFERROR(HLOOKUP(W40,'Référencement'!B7:AX39,17,FALSE),"")
F55: Prix avec option skin | G55: =IFERROR(HLOOKUP(G40,'Référencement'!B7:AH39,18,FALSE),"") | N55: Prix avec option skin | O55: =IFERROR(HLOOKUP(O40,'Référencement'!J7:AP39,18,FALSE),"") | V55: Prix avec option skin | W55: =IFERROR(HLOOKUP(W40,'Référencement'!R7:AX39,18,FALSE),"")
F56: Coût amortissement matériel sur 5 ans | G56: =IFERROR(HLOOKUP(G40,'Référencement'!B7:AH39,19,FALSE),"") | N56: Coût amortissement matériel sur 5 ans | O56: =IFERROR(HLOOKUP(O40,'Référencement'!B7:AP39,19,FALSE),"") | V56: Coût amortissement matériel sur 5 ans | W56: =IFERROR(HLOOKUP(W40,'Référencement'!B7:AX39,19,FALSE),"")
F57: Prix total HT (équipement + maintenance) sur 5 ans | G57: =IFERROR(HLOOKUP(G40,'Référencement'!B7:AH39,25,FALSE),"") | N57: Prix total HT (équipement + maintenance) sur 5 ans | O57: =IFERROR(HLOOKUP(O40,'Référencement'!B7:AP39,25,FALSE),"") | V57: Prix total HT (équipement + maintenance) sur 5 ans | W57: =IFERROR(HLOOKUP(W40,'Référencement'!B7:AX39,25,FALSE),"")
F58: Prix total HT (équipement + maintenance) sur 1 an | G58: =IFERROR(G57/5,"") -> 0 | N58: Prix total HT (équipement + maintenance) sur 1 an | O58: =IFERROR(O57/5,"") -> 0 | V58: Prix total HT (équipement + maintenance) sur 1 an | W58: =IFERROR(W57/5,"") -> 0
F60: Coût économat | G60: =IFERROR(HLOOKUP(G40,'Référencement'!B7:AH50,31,FALSE),"") | N60: Coût économat | O60: =IFERROR(HLOOKUP(O40,'Référencement'!B7:AP50,31,FALSE),"") | V60: Coût économat | W60: =IFERROR(HLOOKUP(W40,'Référencement'!B7:AX50,31,FALSE),"")
F61: Coût annuel Appro gaz | G61: =IFERROR(HLOOKUP(G40,'Référencement'!B7:AH50,33,FALSE),"") | N61: Coût annuel Appro gaz | O61: =IFERROR(HLOOKUP(O40,'Référencement'!B7:AP50,33,FALSE),"") | V61: Coût annuel Appro gaz | W61: =IFERROR(HLOOKUP(W40,'Référencement'!B7:AX50,33,FALSE),"")
F62: CA ANNUEL EN UVCM MINIMUM POUR ÊTRE RENTABLE | G62: =IFERROR(HLOOKUP(G40,'Référencement'!B7:AH50,37,FALSE),"") | N62: CA ANNUEL EN UVCM MINIMUM POUR ÊTRE RENTABLE | O62: =IFERROR(HLOOKUP(O40,'Référencement'!B7:AP50,37,FALSE),"") | V62: CA ANNUEL EN UVCM MINIMUM POUR ÊTRE RENTABLE | W62: =IFERROR(HLOOKUP(W40,'Référencement'!B7:AX50,37,FALSE),"")
A66: SOUS FILM
A68: SOUS FILM | I68: SOUS SKIN | Q68: SOUS SKIN
F69: Informations MACHINE 1 | N69: Informations MACHINE 2 | V69: Informations MACHINE 3
F71: Nom : | G71: {=IFERROR(INDEX(tableau!M:M,LARGE(IF((tableau!A:A=BVO!A68)*(TDB!N34>=tableau!D:D)*(TDB!N34<=tableau!E:E),ROW(tableau!M:M),""),1)),"Pas de Machine Sous Film de disponible par rapport à votre nombre de barquette")} -> Pas de Machine Sous Film de disponible par rapport à votre nombre de barquette | N71: Nom : | O71: {=IFERROR(INDEX(tableau!N:N,LARGE(IF((tableau!A:A=BVO!A68)*(TDB!N34>=tableau!D:D)*(TDB!N34<=tableau!E:E),ROW(tableau!N:N),""),1)),"Pas de Machine Sous Film de disponible par rapport à votre nombre de barquette")} -> Pas de Machine Sous Film de disponible par rapport à votre nombre de barquette | V71: Nom : | W71: {=IFERROR(INDEX(tableau!O:O,LARGE(IF((tableau!A:A=BVO!A68)*(TDB!N34>=tableau!D:D)*(TDB!N34<=tableau!E:E),ROW(tableau!O:O),""),1)),"Pas de Machine Sous Film de disponible par rapport à votre nombre de barquette")} -> Pas de Machine Sous Film de disponible par rapport à votre nombre de barquette
F73: Fournisseur: | G73: =IFERROR(HLOOKUP(G71,'Référencement'!B7:AH39,5,FALSE),"") | N73: Fournisseur: | O73: =IFERROR(HLOOKUP(O71,'Référencement'!B7:AH39,5,FALSE),"") | V73: Fournisseur: | W73: =IFERROR(HLOOKUP(W71,'Référencement'!B7:AH39,5,FALSE),"")
F74: Lien sur Catanoma : | G74: =IFERROR(HYPERLINK(TRIM(HLOOKUP(G71,'Référencement'!B7:AH55,38,FALSE)), TRIM(HLOOKUP(G71,'Référencement'!B7:AH39,7,FALSE))),"") | N74: Lien sur Catanoma : | O74: =IFERROR(HYPERLINK(TRIM(HLOOKUP(O71,'Référencement'!B7:AH55,38,FALSE)), TRIM(HLOOKUP(O71,'Référencement'!B7:AH39,7,FALSE))),"") | V74: Lien sur Catanoma : | W74: =IFERROR(HYPERLINK(TRIM(HLOOKUP(W71,'Référencement'!B7:AH55,38,FALSE)), TRIM(HLOOKUP(W71,'Référencement'!B7:AH39,7,FALSE))),"")
F75: DLC produits PLM (découpe poisson, poisson entier) | G75: =IFERROR(HLOOKUP(G71,'Référencement'!B7:AH39,8,FALSE),"") | N75: DLC produits PLM (découpe poisson, poisson entier) | O75: =IFERROR(HLOOKUP(O71,'Référencement'!B7:AH39,8,FALSE),"") | V75: DLC produits PLM (découpe poisson, poisson entier) | W75: =IFERROR(HLOOKUP(W71,'Référencement'!B7:AH39,8,FALSE),"")
F76: DLC produits BVO MAX | G76: =IFERROR(HLOOKUP(G71,'Référencement'!B7:AH39,9,FALSE),"") | N76: DLC produits BVO MAX | O76: =IFERROR(HLOOKUP(O71,'Référencement'!B7:AH39,9,FALSE),"") | V76: DLC produits BVO MAX | W76: =IFERROR(HLOOKUP(W71,'Référencement'!B7:AH39,9,FALSE),"")
F77: Type | G77: =IFERROR(HLOOKUP(G71,'Référencement'!B7:AH39,10,FALSE),"") | N77: Type | O77: =IFERROR(HLOOKUP(O71,'Référencement'!B7:AH39,10,FALSE),"") | V77: Type | W77: =IFERROR(HLOOKUP(W71,'Référencement'!B7:AH39,10,FALSE),"")
F78: Format barquettes inclus | G78: =IFERROR(HLOOKUP(G71,'Référencement'!B7:AH39,11,FALSE),"") | N78: Format barquettes inclus | O78: =IFERROR(HLOOKUP(O71,'Référencement'!B7:AH39,11,FALSE),"") | V78: Format barquettes inclus | W78: =IFERROR(HLOOKUP(W71,'Référencement'!B7:AH39,11,FALSE),"")
F79: Cadence (Barquettes / mn) | G79: =IFERROR(HLOOKUP(G71,'Référencement'!B7:AH39,12,FALSE),"") | N79: Cadence (Barquettes / mn) | O79: =IFERROR(HLOOKUP(O71,'Référencement'!B7:AH39,12,FALSE),"") | V79: Cadence (Barquettes / mn) | W79: =IFERROR(HLOOKUP(W71,'Référencement'!B7:AH39,12,FALSE),"")
C80: % de capacité d'emballage : | D80: =IFERROR(TDB!N34/HLOOKUP(BVO!G71,'Référencement'!B7:AH43,36,FALSE),"") | K80: % de capacité d'emballage : | L80: =IFERROR(TDB!N34/HLOOKUP(BVO!O71,'Référencement'!B7:AH43,36,FALSE),"") | S80: % de capacité d'emballage : | T80: =IFERROR(TDB!N34/HLOOKUP(BVO!W71,'Référencement'!B7:AH43,36,FALSE),"")
F81: Prix | N81: Prix | V81: Prix
A82: =IF(D80="","",IF(D80>1,"Attention capacité d'emballage dépassée","")) | I82: =IF(L80="","",IF(L80>1,"Attention capacité d'emballage dépassée","")) | Q82: =IF(T80="","",IF(T80>1,"Attention capacité d'emballage dépassée",""))
F83: Prix Matériel HT | G83: =IFERROR(HLOOKUP(G71,'Référencement'!B7:AH39,13,FALSE),"") | N83: Prix Matériel HT | O83: =IFERROR(HLOOKUP(O71,'Référencement'!B7:AH39,13,FALSE),"") | V83: Prix Matériel HT | W83: =IFERROR(HLOOKUP(W71,'Référencement'!B7:AH39,13,FALSE),"")
F85: Prix équipement total HT (Prix Matériel + Pesage) | G85: =IFERROR(HLOOKUP(G71,'Référencement'!B7:AH39,17,FALSE),"") | N85: Prix équipement total HT (Prix Matériel + Pesage) | O85: =IFERROR(HLOOKUP(O71,'Référencement'!B7:AH39,17,FALSE),"") | V85: Prix équipement total HT (Prix Matériel + Pesage) | W85: =IFERROR(HLOOKUP(W71,'Référencement'!B7:AH39,17,FALSE),"")
F86: Prix avec option skin | G86: =IFERROR(HLOOKUP(G71,'Référencement'!B7:AH39,19,FALSE),"") | N86: Prix avec option skin | O86: =IFERROR(HLOOKUP(O71,'Référencement'!B7:AH39,19,FALSE),"") | V86: Prix avec option skin | W86: =IFERROR(HLOOKUP(W71,'Référencement'!B7:AH39,19,FALSE),"")
F87: Coût amortissement matériel sur 5 ans | G87: =IFERROR(HLOOKUP(G71,'Référencement'!B7:AH39,19,FALSE),"") | N87: Coût amortissement matériel sur 5 ans | O87: =IFERROR(HLOOKUP(O71,'Référencement'!B7:AH39,19,FALSE),"") | V87: Coût amortissement matériel sur 5 ans | W87: =IFERROR(HLOOKUP(W71,'Référencement'!B7:AH39,19,FALSE),"")
F88: Prix total HT (équipement + maintenance) sur 5 ans | G88: =IFERROR(HLOOKUP(G71,'Référencement'!B7:AH39,25,FALSE),"") | N88: Prix total HT (équipement + maintenance) sur 5 ans | O88: =IFERROR(HLOOKUP(O71,'Référencement'!B7:AH39,25,FALSE),"") | V88: Prix total HT (équipement + maintenance) sur 5 ans | W88: =IFERROR(HLOOKUP(W71,'Référencement'!B7:AH39,25,FALSE),"")
F89: Prix total HT (équipement + maintenance) sur 1 an | G89: =IFERROR(G88/5,"") -> 0 | N89: Prix total HT (équipement + maintenance) sur 1 an | O89: =IFERROR(O88/5,"") -> 0 | V89: Prix total HT (équipement + maintenance) sur 1 an | W89: =IFERROR(W88/5,"") -> 0
F91: Coût économat | G91: =IFERROR(HLOOKUP(G71,'Référencement'!B7:AH50,31,FALSE),"") | N91: Coût économat | O91: =IFERROR(HLOOKUP(O71,'Référencement'!B7:AH50,31,FALSE),"") | V91: Prix total HT (équipement + maintenance) sur 5 ans | W91: =IFERROR(HLOOKUP(W71,'Référencement'!B7:AH50,31,FALSE),"")
F92: Coût annuel Appro gaz | G92: =IFERROR(HLOOKUP(G71,'Référencement'!B7:AH50,33,FALSE),"") | N92: Coût annuel Appro gaz | O92: =IFERROR(HLOOKUP(O71,'Référencement'!B7:AH50,33,FALSE),"") | V92: Coût annuel Appro gaz | W92: =IFERROR(HLOOKUP(W71,'Référencement'!B7:AH50,33,FALSE),"")
F93: CA ANNUEL EN UVCM MINIMUM POUR ÊTRE RENTABLE | G93: =IFERROR(HLOOKUP(G71,'Référencement'!B7:AH50,37,FALSE),"") | N93: CA ANNUEL EN UVCM MINIMUM POUR ÊTRE RENTABLE | O93: =IFERROR(HLOOKUP(O71,'Référencement'!B7:AH50,37,FALSE),"") | V93: CA ANNUEL EN UVCM MINIMUM POUR ÊTRE RENTABLE | W93: =IFERROR(HLOOKUP(W71,'Référencement'!B7:AH50,37,FALSE),"")

Sheet tableau
B1: PLM Borne bas | C1: PLM Borne haut | D1: BVO Borne bas | E1: BVO Borne haut | F1: CTT Borne bas | G1: CTT borne haut | H1: FC Borne bas | I1: FC borne haut | J1: MUTUALISE Borne bas | K1: MUTUALISE Borne haut | M1: Machine 1 | N1: Machine 2 | O1: Machine 3 | P1: Machine 4
A2: SOUS FILM | D2: 2900 | E2: 24999 | F2: 2900 | G2: 24999 | H2: 2900 | I2: 24999 | J2: 2900 | K2: 24999 | M2: ELIXA 14 | N2: ELIXA 21 | O2: AW5601FX
A3: SOUS FILM | D3: 25000 | E3: 74999 | F3: 25000 | G3: 74999 | H3: 25000 | I3: 74999 | J3: 25000 | K3: 74999 | M3: ELIXA 21 | N3: ELIXA SPC 21 | O3: AW5601FX
A4: SOUS FILM | D4: 75000 | E4: 99999 | F4: 75000 | G4: 99999 | H4: 75000 | I4: 99999 | J4: 75000 | K4: 99999 | M4: ELIXA 24 | N4: AW5601FX | O4: ELIXA SPC 21
A5: SOUS FILM | D5: 100000 | E5: 199999 | F5: 100000 | G5: 199999 | H5: 100000 | I5: 199999 | J5: 100000 | K5: 199999 | M5: AW5601FX | N5: AW5601CP | O5: ELIXA 24
A6: SOUS FILM | D6: 200000 | E6: 599999 | F6: 200000 | G6: 599999 | H6: 200000 | I6: 599999 | J6: 200000 | K6: 599999 | M6: AW5601CP | N6: AW5601 CP AUTO | O6: ELIXA 35
A7: SOUS FILM | D7: 600000 | E7: 900000 | F7: 600000 | G7: 900000 | H7: 600000 | I7: 900000 | J7: 600000 | K7: 900000 | M7: ELIXA 35 | N7: AW5601 CP AUTO | O7: AW5601 AT POP
A8: SOUS VIDE | B8: 2300 | C8: 49999 | F8: 2300 | G8: 49999 | H8: 2300 | I8: 49999 | J8: 2300 | K8: 49999 | M8: ASTORR 421A | N8: ASTORR 570A SPECIAL | O8: SVM 520 DUO
A9: SOUS VIDE | B9: 50000 | C9: 250000 | F9: 50000 | G9: 250000 | H9: 50000 | I9: 250000 | J9: 50000 | K9: 250000 | M9: ASTORR 570A SPECIAL | N9: ASTORR 570-4-A | O9: SVM 520 DUO
A10: SOUS SKIN | B10: 7500 | C10: 59999 | D10: 6400 | E10: 59999 | J10: 6400 | K10: 59999 | M10: VG PACK SKIN | N10: IZIPACK SKIN | O10: TPE10 Universelle
A11: SOUS SKIN | B11: 60000 | C11: 89999 | D11: 60000 | E11: 89999 | J11: 60000 | K11: 89999 | M11: IZIPACK SKIN | N11: VG PACK 300L | O11: TPE10 Universelle
A12: SOUS SKIN | B12: 90000 | C12: 119999 | D12: 90000 | E12: 119999 | J12: 90000 | K12: 119999 | M12: IZIPACK SKIN | N12: TPE10 AUTO | O12: TPE20
A13: SOUS SKIN | B13: 120000 | C13: 180000 | D13: 120000 | E13: 180000 | J13: 120000 | K13: 180000 | M13: TPE10 AUTO | N13: TPE20 | O13: Pas de 3ième machine
A14: SOUS MAP | B14: 18800 | C14: 109999 | D14: 16000 | E14: 109999 | F14: 16000 | G14: 109999 | H14: 16000 | I14: 109999 | J14: 16000 | K14: 109999 | M14: OPR 1000 - 4OUT | N14: OPR 1500 | O14: O2 1500 FLEX
A15: SOUS MAP | B15: 110000 | C15: 199999 | D15: 110000 | E15: 199999 | F15: 110000 | G15: 199999 | H15: 110000 | I15: 199999 | J15: 110000 | K15: 199999 | M15: OPR 1500 | N15: O2 1500 FLEX | O15: Pas de 3ième machine
A16: SOUS MAP | B16: 200000 | C16: 229999 | D16: 200000 | E16: 229999 | F16: 200000 | G16: 229999 | H16: 200000 | I16: 229999 | J16: 200000 | K16: 229999 | M16: O2 2500 FLEX | N16: OPR 1500 | O16: Pas de 3ième machine
A17: SOUS MAP | B17: 230000 | C17: 1000000 | D17: 230000 | E17: 1000000 | F17: 230000 | G17: 1000000 | H17: 230000 | I17: 1000000 | J17: 230000 | K17: 1000000 | M17: OPR 2000 | N17: O2 2500 FLEX | O17: Pas de 3ième machine
A24: Oui
A25: Non
A40: Pas de 3ième machine

Sheet Référencement
A1: TECHNOLOGIE D'EMBALLAGE
AL2: {=INDIRECT("ASTORR_570A_SPECIAL_Img")} -> #REF!
B7: =B12 -> ELIXA 14 | C7: =C12 -> ELIXA 21 | D7: =D12 -> ELIXA 24 | E7: =E12 -> ELIXA SPC 21 | F7: =F12 -> ELIXA 35 | G7: =G12 -> AW5601FX | H7: =H12 -> AW5602FX | I7: =I12 -> AW5601CP | ... V7: =V12 -> VG PACK SKIN | W7: VG PACK 300L | X7: =X12 -> O2 1500 FLEX | Y7: =Y12 -> O2 2500 FLEX | Z7: =Z12 -> OPR 1000 - 3OUT | AA7: =AA12 -> OPR 1000 - 4OUT | AB7: =AB12 -> OPR 1500 | AC7: =AC12 -> OPR 2000 | AD7: =AD12 -> TPE10 Universelle | AE7: =AE12 -> TPE10 AUTO | ... AG7: =AG12 -> VG PACK SKIN | AI7: 1
B8: Référencement!B10 | C8: Référencement!C10 | D8: Référencement!D10 | E8: Référencement!E10 | F8: Référencement!F10 | G8: Référencement!G10 | H8: Référencement!H10 | I8: Référencement!I10 | J8: Référencement!J10 | K8: Référencement!K10 | L8: Référencement!L10 | M8: Référencement!M10 | N8: Référencement!N10 | O8: Référencement!O10 | P8: Référencement!P10 | Q8: Référencement!Q10 | R8: Référencement!R10 | S8: Référencement!S10 | T8: Référencement!T10 | U8: Référencement!U10 | V8: Référencement!V10 | W8: Référencement!W10 | X8: Référencement!X10 | Y8: Référencement!Y10 | Z8: Référencement!Z10 | AA8: Référencement!AA10 | AB8: Référencement!AB10 | AC8: Référencement!AC10 | AD8: Référencement!AD10 | AE8: Référencement!AE10 | AF8: Référencement!AF10 | AG8: Référencement!AG10 | AI8: 2
B9: SOUS FILM | N9: SOUS VIDE | R9: SOUS SKIN | X9: sous map | AI9: 3
A10: Coût matériels référencés | AI10: 4
A11: Fournisseur | B11: FABBRI | C11: FABBRI | D11: FABBRI | E11: FABBRI | F11: FABBRI | G11: DIGI | H11: DIGI | I11: DIGI | J11: DIGI | K11: DIGI | L11: DIGI | M11: DIGI | N11: DADAUX | O11: DADAUX | P11: DADAUX | Q11: BEFOR | R11: GUELT | S11: BIZERBA | T11: BIZERBA | U11: BIZERBA | V11: BEFOR | W11: BEFOR | X11: DIGI | Y11: DIGI | Z11: GUELT | AA11: GUELT | AB11: GUELT | AC11: GUELT | AD11: BIZERBA | AE11: BIZERBA | AF11: BIZERBA | AG11: BEFOR | AI11: 5
A12: Modèle | B12: ELIXA 14 | C12: ELIXA 21 | D12: ELIXA 24 | E12: ELIXA SPC 21 | F12: ELIXA 35 | G12: AW5601FX | H12: AW5602FX | I12: AW5601CP | J12: AW5602CP | K12: AW5601 CP AUTO | L12: AW5602 CP AUTO | M12: AW5601 AT POP | N12: ASTORR 421A | O12: ASTORR 570A SPECIAL | P12: ASTORR 570-4-A | Q12: SVM 520 DUO | R12: IZIPACK SKIN | S12: TPE10 Universelle | T12: TPE10 AUTO | U12: TPE20 | V12: VG PACK SKIN | W12: VG PACK 300L | X12: O2 1500 FLEX | Y12: O2 2500 FLEX | Z12: OPR 1000 - 3OUT | AA12: OPR 1000 - 4OUT | AB12: OPR 1500 | AC12: OPR 2000 | AD12: TPE10 Universelle | AE12: TPE10 AUTO | AF12: TPE20 | AG12: VG PACK SKIN | AI12: 6
A13: SKU | B13: 108003 | C13: 108004 | D13: 108005 | E13: 119756 | F13: sku 108006 | G13: 34522 | H13: 57020 | I13: 34523 | J13: 57040 | K13: 34524 | L13: 57041 | M13: 56002 | N13: 114817 | O13: 114818 | P13: 114819 | Q13: 104313 | R13: 119633 | S13: 117703 | T13: 117704 | U13: 119613 | V13: 112397 | W13: 118490 | X13: sku 118421 | Y13: sku 118420 | Z13: 101696 | AA13: 101697 | AB13: 101698 | AC13: 102027 | AD13: 117703 | AE13: 117704 | AF13: 119613 | AG13: 112397 | AI13: 7
A14: DLC produits PLM (découpe poisson, poisson entier) | B14: J+2 | C14: J+2 | D14: J+2 | E14: J+2 | F14: J+2 | G14: J+2 | H14: J+2 | I14: J+2 | J14: J+2 | K14: J+2 | L14: J+2 | M14: J+2 | N14: J+5 | O14: J+5 | P14: J + 5 | Q14: J+5 | R14: J+5 | S14: J+5 | T14: J+5 | U14: J+5 | V14: J + 5 | W14: J+5 | X14: J+5 | Y14: J+5 | Z14: J+5 | AA14: J+5 | AB14: J+5 | AC14: J+5 | AD14: J+5 | AE14: J+5 | AF14: J+5 | AG14: J + 5 | AI14: 8
A15: DLC produits BVO | B15: J+4 | C15: J+4 | D15: J+4 | E15: J+4 | F15: J+4 | G15: J+4 | H15: J+4 | I15: J+4 | J15: J+4 | K15: J+4 | L15: J+4 | M15: J+4 | N15: J+12 | O15: J+12 | P15: J+12 | Q15: J+12 | R15: J+12 | S15: J+12 | T15: J+12 | U15: J+12 | V15: J+12 | W15: J+12 | X15: J+8 | Y15: J+8 | Z15: J+8 | AA15: J+8 | AB15: J+8 | AC15: J+8 | AD15: J+12 | AE15: J+12 | AF15: J+12 | AG15: J+12 | AI15: 9
A16: Type | B16: Machine d'emballage semi automatique | C16: Machine d'emballage semi automatique | D16: Machine d'emballage semi automatique | E16: Groupe automatique emballage, pesage et étiquetage Collaboration avec Bizerba | F16: Groupe automatique emballage, pesage et étiquetage | G16: Groupe semi automatique pesage, emabllage et étiquetage 1 imprimante | H16: Groupe semi automatique pesage, emabllage et étiquetage 2 imprimantes | I16: Groupe automatique pesage, emabllage et étiquetage 1 imprimante (version dispo avec 2 imprimantes - sku 57040) | J16: Groupe semi automatique pesage, emabllage et étiquetage 2 imprimantes | K16: Groupe automatique pesage, emabllage et étiquetage 1 imprimante (version dispo avec 2 imprimantes - sku 57041) | L16: Groupe automatique pesage, emabllage et étiquetage 2 imprimantes | M16: Groupe automatique pesage, emabllage et étiquetage 2 imprimantes | N16: Dimension de la cloche : 420 x 430 x h170 mm Soudure de 420 mm Pompe de 21 m3/h Recommandé pour le kit de fumaison | O16: Volume de cloche ajustable avec plaque de polyéthylène Dimensions de la cloche : 720 x 558 x 265 mm 2 barres de soudure de 710 mm Pompe 60 m3/h. Recommandé pour le kit de fumaison | P16: Volume de cloche ajustable avec plaque de polyéthylène Dimensions de la cloche : 720 x 620 x 225 mm 4 barres de soudure : 2 x 550mm et 2 x 640mm Pompe 70 m3/h. Recommandé pour le kit de fumaison | Q16: Pompe BUSCH 63m3/h. Possibilité de mettre 4 sachets de 250 x 300 mm en même temps ou deux sachets de 500 x 600 mm. 2 barres de soudure de 520 mm (option barre frontale de 600 mm disponible) | R16: Semi-automatique SKIN Découpe automatique du film Barquette et plaque skin dépassant | S16: Semi-automatique MAP et SKIN Découpe manuelle du film Barquette et plaque skin non dépassant | T16: Semi-automatique MAP et SKIN Découpe automatique du film Barquette et plaque skin dépassant 40mm | U16: Semi-automatique MAP et SKIN Découpe automatique du film Barquette et plaque skin dépassant 40mm | V16: Semi-automatique MAP et SKIN Découpe manuelle du film Barquette et plaque skin | W16: Semi-automatique SKIN et MAP (option) Découpe manuelle du film Barquette et plaque skin dépassant 50mm | X16: Operculeuse semi automatique à tiroir MECAPACK 3 moules | Y16: Operculeuse automatique MECAPACK 4 moules | Z16: Operculeuse manuelle 3 moules | AA16: Operculeuse manuelle 4 moules | AB16: Operculeuse manuelle 4 moules | AC16: Operculeuse automatique 4 moules | AD16: Semi-automatique MAP et SKIN 2 moules | AE16: Semi-automatique MAP et SKIN 1 moule inclus | AF16: Semi-automatique MAP et SKIN 1 moule inclus | AG16: Semi-automatique SKIN et MAP (option) 1 moule | AI16: 10
A17: Format barquettes inclus | R17: 2 moules inclus : 1523 et 1825 | S17: 2 moule inclus Format au choix : 1419, 1523, 1825, 2130 ou 2632 | T17: 1 moule inclus Format au choix : 1419, 1523, 1825, 2130 ou 2632 | U17: 1 moule inclus Format au choix : 1419, 1523, 1825, 2130 ou 2632 | V17: 3 moules aluminium MAP (1523, 1825 et 2130) 5 moules plastiques SKIN (1523, 1825 2 hauteurs, 2130 2 hauteurs) | W17: 1 moule inclus Format au choix : 1825 ou 2130 | X17: Formats barquettes :15x23, 18x25 et 21x30 Matières : PSE, PP, PET, RPET, carton Option : Skin non dépassant sur moules 15x23, 18x25 et 21x30 Option : 2 poses (14x19) ou 1 pose (27 x 34) ou (26 x 32) ou moule pizza | Y17: Formats barquettes :15x23, 18x25, 21x30 et 27x34 Matières : PSE, PP, PET, RPET, carton Option : Skin non dépassant sur moules 15x23, 18x25 et 21x30 Option : 2 poses (14x19) ou 1 pose (27 x 34) ou (26 x 32) ou moule pizza | Z17: 3 tailles de barquettes : 15 x 23 cm, 18 x 25 cm, 21 x 30 cm Barquettes rigides ou PSE/PE Option : Skin 15x23, 18x25 et 21x30 | AA17: 4 tailles de barquettes : 15 x 23 cm, 18 x 25 cm, 21 x 30 cm et 27x34cm Barquettes rigides ou PSE/PE Option : Skin 15x23, 18x25 et 21x30 | AB17: 4 tailles de barquettes : 15 x 23 cm, 18 x 25 cm, 21 x 30 cm et 27x34cm Barquettes rigides ou PSE/PE Option : Skin 15x23, 18x25 et 21x30 | AC17: 4 tailles de barquettes : 15 x 23 cm, 18 x 25 cm, 21 x 30 cm et 27x34cm Barquettes rigides ou PSE/PE Option : Skin 15x23, 18x25 et 21x30 | AD17: Format au choix : 1419, 1523, 1825, 2130 ou 2632 Découpe manuelle du film Barquette et plaque skin non dépassant | AE17: Format au choix : 1419, 1523, 1825, 2130 ou 2632 Découpe automatique du film Barquette et plaque skin dépassant 40mm | AF17: Format au choix : 1419, 1523, 1825, 2130 ou 2632 Découpe automatique du film Barquette et plaque skin dépassant 40mm | AG17: 1 moule inclus Format au choix : 1825 ou 2130 Découpe manuelle du film Barquette et plaque skin dépassant 50mm Option pompe 63m3 : 1 920€ | AI17: 11
A18: Cadence (Barquettes / mn) | B18: 14 | C18: 21 | D18: 24 | E18: 21 | F18: 35 | G18: 17 | H18: 17 | I18: 25 | J18: 25 | K18: 30 | L18: 30 | M18: 36 | N18: 8 | O18: 8 | P18: 8 | Q18: 8 | R18: 4 | S18: 5 | T18: 5 | U18: 5 | V18: 2 | W18: 3 | X18: 5 | Y18: 12 | Z18: 6 | AA18: 6 | AB18: 8 | AC18: 20 | AD18: 7 | AE18: 7 | AF18: 7 | AG18: 6 | AI18: 12
A19: Prix matériel HT | B19: 11890 | C19: 12450 | D19: 13835 | E19: 23863 | F19: 23385 | G19: 14560 | H19: 16589 | I19: 16995 | J19: 19020 | K19: 21154 | L19: 23183 | M19: 31629 | N19: 1950 | O19: 3960 | P19: 4350 | Q19: 4025 | R19: 21000 | S19: 16900 | T19: 21800 | U19: 32990 | V19: 16789.5 | W19: 17000 | X19: 56500 | Y19: 94000 | Z19: 36524 | AA19: 40204 | AB19: 55908 | AC19: 78016 | AD19: 16900 | AE19: 21800 | AF19: 32990 | AG19: 17000 | AI19: 13
A20: Pesage / étiquetage (manuel ou automatique) Plusieurs machines référencées - exemple avec la compatible et la moins chère | B20: Groupe pesage étiquetage manuel XC II PRO 300 + 18 AM BIZERBA - sku 106504 2 444 € HT | C20: Groupe pesage étiquetage manuel XC II PRO 300 + 18 AM BIZERBA - sku 106504 2 444 € HT | D20: Groupe automatique pesage étiquetage GLM-E Maxx integré BIZERBA - sku 119600 11 558 € HT | E20: 0 | F20: Groupe automatique pesage étiquetage GLM-E Maxx integré BIZERBA - sku 119600 11 558 € HT | G20: 0 | H20: 0 | I20: 0 | J20: 0 | K20: 0 | L20: 0 | M20: 0 | N20: Groupe manuel d'étiquetage DPS 5601 DIGI - sku 94980 4 150 € HT | O20: Groupe manuel d'étiquetage DPS 5601 DIGI - sku 94980 4 150 € HT | P20: Groupe manuel d'étiquetage DPS 5601 DIGI - sku 94980 4 150 € HT | Q20: Groupe manuel d'étiquetage DPS 5601 DIGI - sku 94980 4 150 € HT | R20: Groupe manuel d'étiquetage DPS 5601 DIGI - sku 94980 4 150 € HT | S20: Groupe manuel d'étiquetage DPS 5601 DIGI - sku 94980 4 150 € HT | T20: Groupe manuel d'étiquetage DPS 5601 DIGI - sku 94980 4 150 € HT | U20: Groupe manuel d'étiquetage DPS 5601 DIGI - sku 94980 4 150 € HT | V20: Groupe manuel d'étiquetage DPS 5601 DIGI - sku 94980 4 150 € HT | W20: Groupe manuel d'étiquetage DPS 5601 DIGI - sku 94980 4 150 € HT | X20: Groupe manuel d'étiquetage DPS 5601 DIGI - sku 94980 4 150 € HT | Y20: Combiné de pesage - étiquetage automatique et POP LI-5601 Gen II Type B + POP DIGI - sku 119834 27 500 € HT | Z20: Groupe manuel d'étiquetage DPS 5601 DIGI - sku 94980 4 150 € HT | AA20: Groupe manuel d'étiquetage DPS 5601 DIGI - sku 94980 4 150 € HT | AB20: Groupe manuel d'étiquetage DPS 5601 DIGI - sku 94980 4 150 € HT | AC20: Combiné de pesage - étiquetage automatique et POP LI-5601 Gen II Type B + POP DIGI - sku 119834 27 500 € HT | AD20: Groupe manuel d'étiquetage DPS 5601 DIGI - sku 94980 4 150 € HT | AE20: Groupe manuel d'étiquetage DPS 5601 DIGI - sku 94980 4 150 € HT | AF20: Groupe manuel d'étiquetage DPS 5601 DIGI - sku 94980 4 150 € HT | AG20: Groupe manuel d'étiquetage DPS 5601 DIGI - sku 94980 4 150 € HT | AI20: 14
A21: Prix Installation Gaz (variable selon les magasins) | B21: 0 | C21: 0 | D21: 0 | E21: 0 | F21: 0 | G21: 0 | H21: 0 | I21: 0 | J21: 0 | K21: 0 | L21: 0 | M21: 0 | N21: 0 | O21: 0 | P21: 0 | Q21: 0 | R21: 0 | S21: 0 | T21: 0 | U21: 0 | V21: 0 | W21: 0 | X21: 21800 | Y21: 23500 | Z21: 21800 | AA21: 21800 | AB21: 22500 | AC21: 24000 | AD21: 19000 | AE21: 19000 | AF21: 19000 | AG21: 14800 | AI21: 15
A22: Prix compresseur (hors raccordement - 27 € HT / ML) | B22: 0 | C22: 0 | D22: 0 | E22: 0 | F22: 0 | G22: 0 | H22: 0 | I22: 0 | J22: 0 | K22: 0 | L22: 0 | M22: 0 | N22: 0 | O22: 0 | P22: 0 | Q22: 0 | R22: compresseur d'air intégré | S22: 1240 | T22: 1240 | U22: 1240 | V22: compresseur d'air intégré | W22: compresseur d'air intégré | X22: 3100 | Y22: 3100 | Z22: 3100 | AA22: 3100 | AB22: 3100 | AC22: 3100 | AD22: 1240 | AE22: 1240 | AF22: 1240 | AG22: compresseur d'air intégré | AI22: 16
A23: Prix équipement total HT | B23: =B19+2444 -> 14334 | C23: =C19+2444 -> 14894 | D23: =D19+11558 -> 25393 | E23: =+E19 -> 23863 | F23: =F19+11558 -> 34943 | G23: =G19 -> 14560 | H23: =H19 -> 16589 | I23: =I19 -> 16995 | J23: =J19 -> 19020 | K23: =K19 -> 21154 | L23: =L19 -> 23183 | M23: =M19 -> 31629 | N23: =N19+4150 -> 6100 | O23: =O19+4150 -> 8110 | P23: =P19+4150 -> 8500 | Q23: =Q19+4150 -> 8175 | R23: =R19+4150 -> 25150 | S23: =S19+S22+4150 -> 22290 | T23: =T19+4150+T22 -> 27190 | U23: =U19+4150+U22 -> 38380 | V23: =V19+4150 -> 20939.5 | W23: =W19+4150 -> 21150 | X23: 85550 | Y23: 148100 | Z23: 65574 | AA23: 69254 | AB23: 85658 | AC23: 132616 | AD23: 41290 | AE23: 46190 | AF23: 57380 | AG23: 37870 | AI23: 17
A24: Prix avec option skin | X24: 97550 | Y24: 160100 | Z24: 77350 | AA24: 81030 | AB24: 97434 | AC24: 144392 | AI24: 18
A25: Coût amortissement matériel sur 5 ans | B25: =B23/5 -> 2866.8 | C25: =C23/5 -> 2978.8 | D25: =D23/5 -> 5078.6 | E25: =E23/5 -> 4772.6 | F25: =F23/5 -> 6988.6 | G25: =G23/5 -> 2912 | H25: =H23/5 -> 3317.8 | I25: =I23/5 -> 3399 | ... W25: =W23/5 -> 4230 | X25: 17110 | Y25: 29620 | Z25: 13114.8 | AA25: 13850.8 | AB25: 17131.6 | AC25: 26523.2 | AD25: 8258 | AE25: 9238 | AF25: 11476 | AG25: 7574 | AI25: 19
AI26: 20
A27: Prix contrat de maintenance annuelle Emballeuse / Operculeuse | B27: 0 | C27: 0 | D27: 0 | E27: 0 | F27: 0 | G27: 1779 | H27: 1779 | I27: 1779 | J27: 1779 | K27: 2668 | L27: 2668 | M27: 2668 | N27: 0 | O27: 0 | P27: 0 | Q27: 0 | R27: 1080 | S27: 1300 | T27: 1300 | U27: 1300 | V27: 1490 | W27: 1490 | X27: 4600 | Y27: 5616 | Z27: 1800 | AA27: 1800 | AB27: 1800 | AC27: 2400 | AD27: 1300 | AE27: 1300 | AF27: 1300 | AG27: 1490 | AI27: 21
A28: Prix Contrat de Maintenance annuelle pesage / étiquetage | B28: 380 | C28: 380 | D28: 1490 | E28: 0 | F28: 1490 | N28: 814 | O28: 814 | P28: 814 | Q28: 814 | R28: 814 | S28: 814 | T28: 814 | U28: 814 | V28: 814 | W28: 814 | X28: 814 | Y28: 1824 | Z28: 814 | AA28: 814 | AB28: 814 | AC28: 1824 | AD28: 814 | AE28: 814 | AF28: 814 | AG28: 814 | AI28: 22
A29: Prix Contrat de Maintenance annuelle compresseur | B29: 0 | C29: 0 | D29: 0 | E29: 0 | F29: 0 | G29: 0 | H29: 0 | I29: 0 | J29: 0 | K29: 0 | L29: 0 | M29: 0 | N29: 0 | O29: 0 | P29: 0 | Q29: 0 | R29: 0 | S29: 0 | T29: 0 | U29: 0 | V29: 0 | W29: 0 | X29: 450 | Y29: 450 | Z29: 450 | AA29: 450 | AB29: 450 | AC29: 450 | AD29: 0 | AE29: 0 | AF29: 0 | AG29: 0 | AI29: 23
AI30: 24
A31: PRIX TOTAL HT (EQUIPEMENT + MAINTENANCE) sur 5 ans | B31: =B23+(B28*5) -> 16234 | C31: =C23+(C28*5) -> 16794 | D31: =D23+(D28*5) -> 32843 | E31: =E23 -> 23863 | F31: =F23+(F28*5) -> 42393 | G31: =G23+(G27*5) -> 23455 | H31: =H23+(H27*5) -> 25484 | I31: =I23+(I27*5) -> 25890 | J31: =J23+(J27*5) -> 27915 | K31: =K23+(K27*5) -> 34494 | L31: =L23+(L27*5) -> 36523 | M31: =M23+(M27*5) -> 44969 | N31: =N23+(N28*5) -> 10170 | O31: =O23+(O28*5) -> 12180 | P31: =P23+(P28*5) -> 12570 | Q31: =Q23+(Q28*5) -> 12245 | R31: =R23+((R27+R28)*5) -> 34620 | S31: =S23+((S27+S28)*5) -> 32860 | T31: =T23+((T27+T28)*5) -> 37760 | U31: =U23+((U27+U28)*5) -> 48950 | V31: =V23+((V27+V28)*5) -> 32459.5 | W31: =W23+((W27+W28)*5) -> 32670 | X31: 114870 | Y31: 187550 | Z31: =Z23+((Z27+Z28+Z29)*5) -> 80894 | AA31: =AA23+((AA27+AA28+AA29)*5) -> 84574 | AB31: =AB23+((AB27+AB28+AB29)*5) -> 100978 | AC31: =AC23+((AC27+AC28+AC29)*5) -> 155986 | AD31: =AD23+((AD27+AD28)*5) -> 51860 | AE31: =AE23+((AE27+AE28)*5) -> 56760 | AF31: =AF23+((AF27+AF28)*5) -> 67950 | AG31: =AG23+((AG27+AG28)*5) -> 49390 | AI31: 25
AI32: 26
A33: Coût économat (18 x 25 x 4 cm) | B33: x1000 | X33: PSE | Y33: PSE | Z33: PSE | AA33: PSE | AB33: PSE | AC33: PSE | AD33: PSE | AE33: PSE | AF33: PSE | AG33: PSE | AI33: 27
A34: Prix barquette absorbante unitaire (PSE) | B34: 0.05625 | C34: 0.05625 | D34: 0.05625 | E34: 0.05625 | F34: 0.05625 | G34: 0.05625 | H34: 0.05625 | I34: 0.05625 | J34: 0.05625 | K34: 0.05625 | L34: 0.05625 | M34: 0.05625 | N34: 0.050540323 | O34: 0.050540323 | P34: 0.050540323 | Q34: 0.050540323 | R34: 0.17275556 | S34: 0.17275556 | T34: 0.17275556 | U34: 0.17275556 | V34: 0.17275556 | W34: 0.17275556 | X34: 0.1225625 | Y34: 0.1225625 | Z34: 0.1225625 | AA34: 0.1225625 | AB34: 0.1225625 | AC34: 0.1225625 | AD34: 0.1225625 | AE34: 0.1225625 | AF34: 0.1225625 | AG34: 0.1225625 | AI34: 28
A35: Prix film à la barquette | B35: 0.0027 | C35: 0.0027 | D35: 0.0027 | E35: 0.0027 | F35: 0.0027 | G35: 0.0027 | H35: 0.0027 | I35: 0.0027 | J35: 0.0027 | K35: 0.0027 | L35: 0.0027 | M35: 0.0027 | N35: 0.03944 | O35: 0.03944 | P35: 0.03944 | Q35: 0.03944 | R35: 0.03 | S35: 0.03 | T35: 0.03 | U35: 0.03 | V35: 0.03 | W35: 0.03 | X35: 0.01395 | Y35: 0.01395 | Z35: 0.01395 | AA35: 0.01395 | AB35: 0.01395 | AC35: 0.01395 | AD35: 0.01395 | AE35: 0.01395 | AF35: 0.01395 | AG35: 0.01395 | AI35: 29
A36: Prix consomamtion du gaz à la barquette | R36: 0 | S36: 0 | T36: 0 | U36: 0 | V36: 0 | W36: 0 | X36: 0.0021 | Y36: 0.0021 | Z36: 0.0021 | AA36: 0.0021 | AB36: 0.0021 | AC36: 0.0021 | AD36: 0.0021 | AE36: 0.0021 | AF36: 0.0021 | AG36: 0.0021 | AI36: 30
A37: Coût total HT à la barquette | B37: =SUM(B34:B35) -> 0.05895 | C37: =SUM(C34:C35) -> 0.05895 | D37: =SUM(D34:D35) -> 0.05895 | E37: =SUM(E34:E35) -> 0.05895 | F37: =SUM(F34:F35) -> 0.05895 | G37: =SUM(G34:G35) -> 0.05895 | H37: =SUM(H34:H35) -> 0.05895 | I37: =SUM(I34:I35) -> 0.05895 | ... Q37: =SUM(Q34:Q35) -> 0.089980323 | R37: =SUM(R34:R36) -> 0.20275556 | S37: =SUM(S34:S36) -> 0.20275556 | T37: =SUM(T34:T36) -> 0.20275556 | U37: =SUM(U34:U36) -> 0.20275556 | V37: =SUM(V34:V36) -> 0.20275556 | W37: =SUM(W34:W36) -> 0.20275556 | X37: 0.1386125 | Y37: 0.1386125 | Z37: =SUM(Z34:Z36) -> 0.1386125 | AA37: =SUM(AA34:AA36) -> 0.1386125 | AB37: =SUM(AB34:AB36) -> 0.1386125 | AC37: =SUM(AC34:AC36) -> 0.1386125 | AD37: =SUM(AD34:AD36) -> 0.1386125 | AE37: =SUM(AE34:AE36) -> 0.1386125 | AF37: =SUM(AF34:AF36) -> 0.1386125 | AG37: =SUM(AG34:AG36) -> 0.1386125 | AI37: 31
AI38: 32
A39: Coût moyen annuel Appro gaz (Location cadres, transport, réglementation, sécurité) A confirmer | B39: 0 | C39: 0 | D39: 0 | E39: 0 | F39: 0 | G39: 0 | H39: 0 | I39: 0 | J39: 0 | K39: 0 | L39: 0 | M39: 0 | N39: 0 | O39: 0 | P39: 0 | Q39: 0 | R39: 0 | S39: 0 | T39: 0 | U39: 0 | V39: 0 | W39: 0 | X39: 887.15 | Y39: 887.15 | Z39: 887.15 | AA39: 887.15 | AB39: 887.15 | AC39: 887.15 | AD39: 887.15 | AE39: 887.15 | AF39: 887.15 | AG39: 887.15 | AI39: 33
AI40: 34
AC41: 250000 | AI41: 35
A42: Capacité max emballage barquettes/AN (10h d'emballage/semaine sur 50 semaines) | B42: 230000 | C42: 350000 | D42: 400000 | E42: 350000 | F42: 750000 | G42: 400000 | H42: 400000 | I42: 600000 | J42: 600000 | K42: 750000 | L42: 750000 | M42: 900000 | N42: 50000 | O42: 125000 | P42: 200000 | Q42: 210000 | R42: 120000 | S42: 150000 | T42: 150000 | U42: 150000 | V42: 60000 | W42: 90000 | X42: 200000 | Y42: 800000 | Z42: 110000 | AA42: 110000 | AB42: 230000 | AC42: 1000000 | AD42: 135000 | AE42: 135000 | AF42: 135000 | AG42: 190000 | AI42: 36
A43: CA annuel UVCM minimum pour être rentable | B43: 21000 | C43: 21000 | D43: 41000 | E43: 30000 | F43: 53000 | G43: 30000 | H43: 32000 | I43: 33000 | J43: 35000 | K43: 43000 | L43: 46000 | M43: 56000 | N43: 14000 | O43: 16000 | P43: 16500 | Q43: 16000 | R43: 48000 | S43: 46000 | T43: 53000 | U43: 69000 | V43: 45000 | W43: 46000 | X43: 159000 | Y43: 257000 | Z43: 113000 | AA43: 118000 | AB43: 140000 | AC43: 213000 | AD43: 60000 | AE43: 67000 | AF43: 82000 | AG43: 63000 | AI43: 37
B44: https://catanoma-prod.groupement.systeme-u.fr/108003.html | C44: https://catanoma-prod.groupement.systeme-u.fr/108004.html | D44: https://catanoma-prod.groupement.systeme-u.fr/108005.html | E44: https://catanoma-prod.groupement.systeme-u.fr/119756.html | F44: https://catanoma-prod.groupement.systeme-u.fr/108006.html | G44: https://catanoma-prod.groupement.systeme-u.fr/34522.html | H44: https://catanoma-prod.groupement.systeme-u.fr/57020.html | I44: https://catanoma-prod.groupement.systeme-u.fr/34523.html | J44: https://catanoma-prod.groupement.systeme-u.fr/57040.html | K44: https://catanoma-prod.groupement.systeme-u.fr/34524.html | L44: https://catanoma-prod.groupement.systeme-u.fr/57041.html | M44: https://catanoma-prod.groupement.systeme-u.fr/56002.html | N44: https://catanoma-prod.groupement.systeme-u.fr/114817.html | O44: https://catanoma-prod.groupement.systeme-u.fr/114818.html | P44: https://catanoma-prod.groupement.systeme-u.fr/114819.html | Q44: https://catanoma-prod.groupement.systeme-u.fr/104313.html | R44: https://catanoma-prod.groupement.systeme-u.fr/119633.html | S44: https://catanoma-prod.groupement.systeme-u.fr/117703.html | T44: https://catanoma-prod.groupement.systeme-u.fr/117704.html | U44: https://catanoma-prod.groupement.systeme-u.fr/119613.html | V44: https://catanoma-prod.groupement.systeme-u.fr/112397.html | W44: https://catanoma-prod.groupement.systeme-u.fr/118490.html | X44: https://catanoma-prod.groupement.systeme-u.fr/118421.html | Y44: https://catanoma-prod.groupement.systeme-u.fr/118420.html | Z44: https://catanoma-prod.groupement.systeme-u.fr/101696.html | AA44: https://catanoma-prod.groupement.systeme-u.fr/101697.html | AB44: https://catanoma-prod.groupement.systeme-u.fr/101698.html | AC44: https://catanoma-prod.groupement.systeme-u.fr/102027.html | AD44: https://catanoma-prod.groupement.systeme-u.fr/117703.html | AE44: https://catanoma-prod.groupement.systeme-u.fr/117704.html | AF44: https://catanoma-prod.groupement.systeme-u.fr/119613.html | AG44: https://catanoma-prod.groupement.systeme-u.fr/118490.html | AI44: 38
A45: DLC produits CTT (découpe poisson, poisson entier) | B45: J+12 | C45: J+12 | D45: J+12 | E45: J+12 | F45: J+12 | G45: J+12 | H45: J+12 | I45: J+12 | J45: J+12 | K45: J+12 | L45: J+12 | M45: J+12 | N45: J+15 | O45: J+15 | P45: J+15 | Q45: J+15 | X45: J+15 | Y45: J+15 | Z45: J+15 | AA45: J+15 | AB45: J+15 | AC45: J+15 | AD45: J+15 | AE45: J+15 | AF45: J+15 | AG45: J+15 | AI45: 39
A46: DLC produits FC | B46: J+11 | C46: J+11 | D46: J+11 | E46: J+11 | F46: J+11 | G46: J+11 | H46: J+11 | I46: J+11 | J46: J+11 | K46: J+11 | L46: J+11 | M46: J+11 | X46: J+14 | Y46: J+14 | Z46: J+14 | AA46: J+14 | AB46: J+14 | AC46: J+14 | AD46: J+14 | AE46: J+14 | AF46: J+14 | AG46: J+14 | AI46: 40
AI47: 41
A48: DONNEES du Magasin à intégrer | AI48: 42
A49: CA annuel UVCM | AI49: 43
A50: CA annuel TTC BVO | B50: 180000 | C50: 180000 | D50: 180000 | E50: 180000 | G50: 180000 | H50: 180000 | I50: 180000 | J50: 180000 | K50: 180000 | L50: 180000 | M50: 180000 | N50: 180000 | O50: 180000 | P50: 180000 | Q50: 180000 | R50: 180000 | S50: 180000 | T50: 180000 | U50: 180000 | V50: 180000 | W50: 180000 | Z50: 180000 | AA50: 180000 | AB50: 180000 | AC50: 180000 | AD50: 180000 | AE50: 180000 | AF50: 180000 | AG50: 180000 | AI50: 44
A51: CA annuel TTC PLM | B51: 60000 | C51: 60000 | D51: 60000 | E51: 60000 | G51: 60000 | H51: 60000 | I51: 60000 | J51: 60000 | K51: 60000 | L51: 60000 | M51: 60000 | N51: 60000 | O51: 60000 | P51: 60000 | Q51: 60000 | R51: 60000 | S51: 60000 | T51: 60000 | U51: 60000 | V51: 60000 | W51: 60000 | Z51: 60000 | AA51: 60000 | AB51: 60000 | AC51: 60000 | AD51: 60000 | AE51: 60000 | AF51: 60000 | AG51: 60000 | AI51: 45
A52: CA annuel TTC CTT | B52: 25000 | C52: 25000 | D52: 25000 | E52: 25000 | G52: 25000 | H52: 25000 | I52: 25000 | J52: 25000 | K52: 25000 | L52: 25000 | M52: 25000 | N52: 25000 | O52: 25000 | P52: 25000 | Q52: 25000 | R52: 25000 | S52: 25000 | T52: 25000 | U52: 25000 | V52: 25000 | W52: 25000 | Z52: 25000 | AA52: 25000 | AB52: 25000 | AC52: 25000 | AD52: 25000 | AE52: 25000 | AF52: 25000 | AG52: 25000 | AI52: 46
A53: CA annuel TTC Total | B53: =B50+B51+B52 -> 265000 | C53: =C50+C51+C52 -> 265000 | D53: =D50+D51+D52 -> 265000 | E53: =E50+E51+E52 -> 265000 | G53: =G50+G51+G52 -> 265000 | H53: =H50+H51+H52 -> 265000 | I53: =I50+I51+I52 -> 265000 | J53: =J50+J51+J52 -> 265000 | K53: =K50+K51+K52 -> 265000 | L53: =L50+L51+L52 -> 265000 | M53: =M50+M51+M52 -> 265000 | N53: =N50+N51+N52 -> 265000 | ... W53: =W50+W51+W52 -> 265000 | Z53: =Z50+Z51+Z52 -> 265000 | AA53: =AA50+AA51+AA52 -> 265000 | AB53: =AB50+AB51+AB52 -> 265000 | AC53: =AC50+AC51+AC52 -> 265000 | AD53: =AD50+AD51+AD52 -> 265000 | AE53: =AE50+AE51+AE52 -> 265000 | AF53: =AF50+AF51+AF52 -> 265000 | AG53: =AG50+AG51+AG52 -> 265000
A54: CA annuel HT BVO | B54: =B50/1.055 -> 170616.11 | C54: =C50/1.055 -> 170616.11 | D54: =D50/1.055 -> 170616.11 | E54: =E50/1.055 -> 170616.11 | G54: =G50/1.055 -> 170616.11 | H54: =H50/1.055 -> 170616.11 | I54: =I50/1.055 -> 170616.11 | J54: =J50/1.055 -> 170616.11 | K54: =K50/1.055 -> 170616.11 | L54: =L50/1.055 -> 170616.11 | M54: =M50/1.055 -> 170616.11 | N54: =N50/1.055 -> 170616.11 | ... W54: =W50/1.055 -> 170616.11 | Z54: =Z50/1.055 -> 170616.11 | AA54: =AA50/1.055 -> 170616.11 | AB54: =AB50/1.055 -> 170616.11 | AC54: =AC50/1.055 -> 170616.11 | AD54: =AD50/1.055 -> 170616.11 | AE54: =AE50/1.055 -> 170616.11 | AF54: =AF50/1.055 -> 170616.11 | AG54: =AG50/1.055 -> 170616.11
A55: CA annuel HT PLM | B55: =B51/1.055 -> 56872.038 | C55: =C51/1.055 -> 56872.038 | D55: =D51/1.055 -> 56872.038 | E55: =E51/1.055 -> 56872.038 | G55: =G51/1.055 -> 56872.038 | H55: =H51/1.055 -> 56872.038 | I55: =I51/1.055 -> 56872.038 | J55: =J51/1.055 -> 56872.038 | K55: =K51/1.055 -> 56872.038 | L55: =L51/1.055 -> 56872.038 | M55: =M51/1.055 -> 56872.038 | N55: =N51/1.055 -> 56872.038 | ... W55: =W51/1.055 -> 56872.038 | Z55: =Z51/1.055 -> 56872.038 | AA55: =AA51/1.055 -> 56872.038 | AB55: =AB51/1.055 -> 56872.038 | AC55: =AC51/1.055 -> 56872.038 | AD55: =AD51/1.055 -> 56872.038 | AE55: =AE51/1.055 -> 56872.038 | AF55: =AF51/1.055 -> 56872.038 | AG55: =AG51/1.055 -> 56872.038
A56: CA annuel HT CTT | B56: =B52/1.055 -> 23696.682 | C56: =C52/1.055 -> 23696.682 | D56: =D52/1.055 -> 23696.682 | E56: =E52/1.055 -> 23696.682 | G56: =G52/1.055 -> 23696.682 | H56: =H52/1.055 -> 23696.682 | I56: =I52/1.055 -> 23696.682 | J56: =J52/1.055 -> 23696.682 | K56: =K52/1.055 -> 23696.682 | L56: =L52/1.055 -> 23696.682 | M56: =M52/1.055 -> 23696.682 | N56: =N52/1.055 -> 23696.682 | ... W56: =W52/1.055 -> 23696.682 | Z56: =Z52/1.055 -> 23696.682 | AA56: =AA52/1.055 -> 23696.682 | AB56: =AB52/1.055 -> 23696.682 | AC56: =AC52/1.055 -> 23696.682 | AD56: =AD52/1.055 -> 23696.682 | AE56: =AE52/1.055 -> 23696.682 | AF56: =AF52/1.055 -> 23696.682 | AG56: =AG52/1.055 -> 23696.682
A57: CA annuel HT Total | B57: =B53/1.055 -> 251184.83 | C57: =C53/1.055 -> 251184.83 | D57: =D53/1.055 -> 251184.83 | E57: =E53/1.055 -> 251184.83 | G57: =G53/1.055 -> 251184.83 | H57: =H53/1.055 -> 251184.83 | I57: =I53/1.055 -> 251184.83 | J57: =J53/1.055 -> 251184.83 | K57: =K53/1.055 -> 251184.83 | L57: =L53/1.055 -> 251184.83 | M57: =M53/1.055 -> 251184.83 | N57: =N53/1.055 -> 251184.83 | ... W57: =W53/1.055 -> 251184.83 | Z57: =SUM(Z54:Z56) -> 251184.83 | AA57: =SUM(AA54:AA56) -> 251184.83 | AB57: =SUM(AB54:AB56) -> 251184.83 | AC57: =SUM(AC54:AC56) -> 251184.83 | AD57: =SUM(AD54:AD56) -> 251184.83 | AE57: =SUM(AE54:AE56) -> 251184.83 | AF57: =SUM(AF54:AF56) -> 251184.83 | AG57: =SUM(AG54:AG56) -> 251184.83
A58: Laboratoire mutualisé : oui/non? | B58: OUI | C58: OUI | D58: OUI | E58: OUI | G58: OUI | H58: OUI | I58: OUI | J58: OUI | K58: OUI | L58: OUI | M58: OUI | N58: OUI | O58: OUI | P58: OUI | Q58: OUI | R58: OUI | S58: OUI | T58: OUI | U58: OUI | V58: OUI | W58: OUI | Z58: OUI | AA58: OUI | AB58: OUI | AC58: OUI | AD58: OUI | AE58: OUI | AF58: OUI | AG58: OUI
A59: Nombre annuel de barquettes UVCM
A60: Nb barquettes BVO | B60: =B50/6 -> 30000 | C60: =C50/6 -> 30000 | D60: =D50/6 -> 30000 | E60: =E50/6 -> 30000 | G60: =G50/6 -> 30000 | H60: =H50/6 -> 30000 | I60: =I50/6 -> 30000 | J60: =J50/6 -> 30000 | K60: =K50/6 -> 30000 | L60: =L50/6 -> 30000 | M60: =M50/6 -> 30000 | N60: =N50/6 -> 30000 | ... W60: =W50/6 -> 30000 | Z60: =Z50/6 -> 30000 | AA60: =AA50/6 -> 30000 | AB60: =AB50/6 -> 30000 | AC60: =AC50/6 -> 30000 | AD60: =AD50/6 -> 30000 | AE60: =AE50/6 -> 30000 | AF60: =AF50/6 -> 30000 | AG60: =AG50/6 -> 30000
A61: Nb barquettes PLM | B61: =B51/5 -> 12000 | C61: =C51/5 -> 12000 | D61: =D51/5 -> 12000 | E61: =E51/5 -> 12000 | G61: =G51/5 -> 12000 | H61: =H51/5 -> 12000 | I61: =I51/5 -> 12000 | J61: =J51/5 -> 12000 | K61: =K51/5 -> 12000 | L61: =L51/5 -> 12000 | M61: =M51/5 -> 12000 | N61: =N51/5 -> 12000 | ... W61: =W51/5 -> 12000 | Z61: =Z51/5 -> 12000 | AA61: =AA51/5 -> 12000 | AB61: =AB51/5 -> 12000 | AC61: =AC51/5 -> 12000 | AD61: =AD51/5 -> 12000 | AE61: =AE51/5 -> 12000 | AF61: =AF51/5 -> 12000 | AG61: =AG51/5 -> 12000
A62: Nb barquettes CTT | B62: =B52/5 -> 5000 | C62: =C52/5 -> 5000 | D62: =D52/5 -> 5000 | E62: =E52/5 -> 5000 | G62: =G52/5 -> 5000 | H62: =H52/5 -> 5000 | I62: =I52/5 -> 5000 | J62: =J52/5 -> 5000 | K62: =K52/5 -> 5000 | L62: =L52/5 -> 5000 | M62: =M52/5 -> 5000 | N62: =N52/5 -> 5000 | ... W62: =W52/5 -> 5000 | Z62: =Z52/5 -> 5000 | AA62: =AA52/5 -> 5000 | AB62: =AB52/5 -> 5000 | AC62: =AC52/5 -> 5000 | AD62: =AD52/5 -> 5000 | AE62: =AE52/5 -> 5000 | AF62: =AF52/5 -> 5000 | AG62: =AG52/5 -> 5000
A63: Nb annuel barquettes UVCM Total | B63: =SUM(B60:B62) -> 47000 | C63: =SUM(C60:C62) -> 47000 | D63: =SUM(D60:D62) -> 47000 | E63: =SUM(E60:E62) -> 47000 | G63: =SUM(G60:G62) -> 47000 | H63: =SUM(H60:H62) -> 47000 | I63: =SUM(I60:I62) -> 47000 | J63: =SUM(J60:J62) -> 47000 | K63: =SUM(K60:K62) -> 47000 | L63: =SUM(L60:L62) -> 47000 | M63: =SUM(M60:M62) -> 47000 | N63: =SUM(N60:N62) -> 47000 | ... W63: =SUM(W60:W62) -> 47000 | Z63: =SUM(Z60:Z62) -> 47000 | AA63: =SUM(AA60:AA62) -> 47000 | AB63: =SUM(AB60:AB62) -> 47000 | AC63: =SUM(AC60:AC62) -> 47000 | AD63: =SUM(AD60:AD62) -> 47000 | AE63: =SUM(AE60:AE62) -> 47000 | AF63: =SUM(AF60:AF62) -> 47000 | AG63: =SUM(AG60:AG62) -> 47000
A64: Marge brute
A65: Marge brute BVO | B65: 0.4 | C65: 0.4 | D65: 0.4 | E65: 0.4 | G65: 0.4 | H65: 0.4 | I65: 0.4 | J65: 0.4 | K65: 0.4 | L65: 0.4 | M65: 0.4 | N65: 0.4 | O65: 0.4 | P65: 0.4 | Q65: 0.4 | R65: 0.4 | S65: 0.4 | T65: 0.4 | U65: 0.4 | V65: 0.4 | W65: 0.4 | Z65: 0.4 | AA65: 0.4 | AB65: 0.4 | AC65: 0.4 | AD65: 0.4 | AE65: 0.4 | AF65: 0.4 | AG65: 0.4
A66: Marge brute PLM | B66: 0.37 | C66: 0.37 | D66: 0.37 | E66: 0.37 | G66: 0.37 | H66: 0.37 | I66: 0.37 | J66: 0.37 | K66: 0.37 | L66: 0.37 | M66: 0.37 | N66: 0.37 | O66: 0.37 | P66: 0.37 | Q66: 0.37 | R66: 0.37 | S66: 0.37 | T66: 0.37 | U66: 0.37 | V66: 0.37 | W66: 0.37 | Z66: 0.37 | AA66: 0.37 | AB66: 0.37 | AC66: 0.37 | AD66: 0.37 | AE66: 0.37 | AF66: 0.37 | AG66: 0.37
A67: Marge brute CTT | B67: 0.37 | C67: 0.37 | D67: 0.37 | E67: 0.37 | G67: 0.37 | H67: 0.37 | I67: 0.37 | J67: 0.37 | K67: 0.37 | L67: 0.37 | M67: 0.37 | N67: 0.37 | O67: 0.37 | P67: 0.37 | Q67: 0.37 | R67: 0.37 | S67: 0.37 | T67: 0.37 | U67: 0.37 | V67: 0.37 | W67: 0.37 | Z67: 0.37 | AA67: 0.37 | AB67: 0.37 | AC67: 0.37 | AD67: 0.37 | AE67: 0.37 | AF67: 0.37 | AG67: 0.37
A68: Marge brute valeur Total | B68: =(B65*B54)+(B66*B55)+(B67*B56) -> 98056.872 | C68: =(C65*C54)+(C66*C55)+(C67*C56) -> 98056.872 | D68: =(D65*D54)+(D66*D55)+(D67*D56) -> 98056.872 | E68: =(E65*E54)+(E66*E55)+(E67*E56) -> 98056.872 | G68: =(G65*G54)+(G66*G55)+(G67*G56) -> 98056.872 | H68: =(H65*H54)+(H66*H55)+(H67*H56) -> 98056.872 | I68: =(I65*I54)+(I66*I55)+(I67*I56) -> 98056.872 | J68: =(J65*J54)+(J66*J55)+(J67*J56) -> 98056.872 | K68: =(K65*K54)+(K66*K55)+(K67*K56) -> 98056.872 | L68: =(L65*L54)+(L66*L55)+(L67*L56) -> 98056.872 | M68: =(M65*M54)+(M66*M55)+(M67*M56) -> 98056.872 | N68: =(N65*N54)+(N66*N55)+(N67*N56) -> 98056.872 | ... W68: =(W65*W54)+(W66*W55)+(W67*W56) -> 98056.872 | Z68: =(Z65*Z54)+(Z66*Z55)+(Z67*Z56) -> 98056.872 | AA68: =(AA65*AA54)+(AA66*AA55)+(AA67*AA56) -> 98056.872 | AB68: =(AB65*AB54)+(AB66*AB55)+(AB67*AB56) -> 98056.872 | AC68: =(AC65*AC54)+(AC66*AC55)+(AC67*AC56) -> 98056.872 | AD68: =(AD65*AD54)+(AD66*AD55)+(AD67*AD56) -> 98056.872 | AE68: =(AE65*AE54)+(AE66*AE55)+(AE67*AE56) -> 98056.872 | AF68: =(AF65*AF54)+(AF66*AF55)+(AF67*AF56) -> 98056.872 | AG68: =(AG65*AG54)+(AG66*AG55)+(AG67*AG56) -> 98056.872
A69: Marge semi nette (Marge brute - frais de personnel) | B69: 0.25 | C69: 0.25 | D69: 0.25 | E69: 0.25 | G69: 0.25 | H69: 0.25 | I69: 0.25 | J69: 0.25 | K69: 0.25 | L69: 0.25 | M69: 0.25 | N69: 0.25 | O69: 0.25 | P69: 0.25 | Q69: 0.25 | R69: 0.25 | S69: 0.25 | T69: 0.25 | U69: 0.25 | V69: 0.25 | W69: 0.25 | Z69: 0.25 | AA69: 0.25 | AB69: 0.25 | AC69: 0.25 | AD69: 0.25 | AE69: 0.25 | AF69: 0.25 | AG69: 0.25
A70: Marge semi nette valeur | B70: =B69*B57 -> 62796.209 | C70: =C69*C57 -> 62796.209 | D70: =D69*D57 -> 62796.209 | E70: =E69*E57 -> 62796.209 | G70: =G69*G57 -> 62796.209 | H70: =H69*H57 -> 62796.209 | I70: =I69*I57 -> 62796.209 | J70: =J69*J57 -> 62796.209 | K70: =K69*K57 -> 62796.209 | L70: =L69*L57 -> 62796.209 | M70: =M69*M57 -> 62796.209 | N70: =N69*N57 -> 62796.209 | ... W70: =W69*W57 -> 62796.209 | Z70: =Z69*Z57 -> 62796.209 | AA70: =AA69*AA57 -> 62796.209 | AB70: =AB69*AB57 -> 62796.209 | AC70: =AC69*AC57 -> 62796.209 | AD70: =AD69*AD57 -> 62796.209 | AE70: =AE69*AE57 -> 62796.209 | AF70: =AF69*AF57 -> 62796.209 | AG70: =AG69*AG57 -> 62796.209
A71: Démarque
A72: Taux démarque BVO | B72: 0.07 | C72: 0.07 | D72: 0.07 | E72: 0.07 | G72: 0.07 | H72: 0.07 | I72: 0.07 | J72: 0.07 | K72: 0.07 | L72: 0.07 | M72: 0.07 | N72: 0.07 | O72: 0.07 | P72: 0.07 | Q72: 0.07 | R72: 0.07 | S72: 0.07 | T72: 0.07 | U72: 0.07 | V72: 0.07 | W72: 0.07 | Z72: 0.07 | AA72: 0.07 | AB72: 0.07 | AC72: 0.07 | AD72: 0.07 | AE72: 0.07 | AF72: 0.07 | AG72: 0.07
A73: Taux démarque PLM | B73: 0.06 | C73: 0.06 | D73: 0.06 | E73: 0.06 | G73: 0.06 | H73: 0.06 | I73: 0.06 | J73: 0.06 | K73: 0.06 | L73: 0.06 | M73: 0.06 | N73: 0.06 | O73: 0.06 | P73: 0.06 | Q73: 0.06 | R73: 0.06 | S73: 0.06 | T73: 0.06 | U73: 0.06 | V73: 0.06 | W73: 0.06 | Z73: 0.06 | AA73: 0.06 | AB73: 0.06 | AC73: 0.06 | AD73: 0.06 | AE73: 0.06 | AF73: 0.06 | AG73: 0.06
A74: Taux démarque CTT | B74: 0.05 | C74: 0.05 | D74: 0.05 | E74: 0.05 | G74: 0.05 | H74: 0.05 | I74: 0.05 | J74: 0.05 | K74: 0.05 | L74: 0.05 | M74: 0.05 | N74: 0.05 | O74: 0.05 | P74: 0.05 | Q74: 0.05 | R74: 0.05 | S74: 0.05 | T74: 0.05 | U74: 0.05 | V74: 0.05 | W74: 0.05 | Z74: 0.05 | AA74: 0.05 | AB74: 0.05 | AC74: 0.05 | AD74: 0.05 | AE74: 0.05 | AF74: 0.05 | AG74: 0.05
A75: Valeur de démarque BVO | B75: =B72*B54 -> 11943.128 | C75: =C72*C54 -> 11943.128 | D75: =D72*D54 -> 11943.128 | E75: =E72*E54 -> 11943.128 | G75: =G72*G54 -> 11943.128 | H75: =H72*H54 -> 11943.128 | I75: =I72*I54 -> 11943.128 | J75: =J72*J54 -> 11943.128 | K75: =K72*K54 -> 11943.128 | L75: =L72*L54 -> 11943.128 | M75: =M72*M54 -> 11943.128 | N75: =N72*N54 -> 11943.128 | ... W75: =W72*W54 -> 11943.128 | Z75: =Z72*Z54 -> 11943.128 | AA75: =AA72*AA54 -> 11943.128 | AB75: =AB72*AB54 -> 11943.128 | AC75: =AC72*AC54 -> 11943.128 | AD75: =AD72*AD54 -> 11943.128 | AE75: =AE72*AE54 -> 11943.128 | AF75: =AF72*AF54 -> 11943.128 | AG75: =AG72*AG54 -> 11943.128
A76: Valeur de démarque PLM | B76: =B73*B55 -> 3412.3223 | C76: =C73*C55 -> 3412.3223 | D76: =D73*D55 -> 3412.3223 | E76: =E73*E55 -> 3412.3223 | G76: =G73*G55 -> 3412.3223 | H76: =H73*H55 -> 3412.3223 | I76: =I73*I55 -> 3412.3223 | J76: =J73*J55 -> 3412.3223 | K76: =K73*K55 -> 3412.3223 | L76: =L73*L55 -> 3412.3223 | M76: =M73*M55 -> 3412.3223 | N76: =N73*N55 -> 3412.3223 | ... W76: =W73*W55 -> 3412.3223 | Z76: =Z73*Z55 -> 3412.3223 | AA76: =AA73*AA55 -> 3412.3223 | AB76: =AB73*AB55 -> 3412.3223 | AC76: =AC73*AC55 -> 3412.3223 | AD76: =AD73*AD55 -> 3412.3223 | AE76: =AE73*AE55 -> 3412.3223 | AF76: =AF73*AF55 -> 3412.3223 | AG76: =AG73*AG55 -> 3412.3223
A77: Valeur de démarque CTT | B77: =B74*B56 -> 1184.8341 | C77: =C74*C56 -> 1184.8341 | D77: =D74*D56 -> 1184.8341 | E77: =E74*E56 -> 1184.8341 | G77: =G74*G56 -> 1184.8341 | H77: =H74*H56 -> 1184.8341 | I77: =I74*I56 -> 1184.8341 | J77: =J74*J56 -> 1184.8341 | K77: =K74*K56 -> 1184.8341 | L77: =L74*L56 -> 1184.8341 | M77: =M74*M56 -> 1184.8341 | N77: =N74*N56 -> 1184.8341 | ... W77: =W74*W56 -> 1184.8341 | Z77: =Z74*Z56 -> 1184.8341 | AA77: =AA74*AA56 -> 1184.8341 | AB77: =AB74*AB56 -> 1184.8341 | AC77: =AC74*AC56 -> 1184.8341 | AD77: =AD74*AD56 -> 1184.8341 | AE77: =AE74*AE56 -> 1184.8341 | AF77: =AF74*AF56 -> 1184.8341 | AG77: =AG74*AG56 -> 1184.8341
A78: Valeur de démarque Total | B78: =SUM(B75:B77) -> 16540.284 | C78: =SUM(C75:C77) -> 16540.284 | D78: =SUM(D75:D77) -> 16540.284 | E78: =SUM(E75:E77) -> 16540.284 | G78: =SUM(G75:G77) -> 16540.284 | H78: =SUM(H75:H77) -> 16540.284 | I78: =SUM(I75:I77) -> 16540.284 | J78: =SUM(J75:J77) -> 16540.284 | K78: =SUM(K75:K77) -> 16540.284 | L78: =SUM(L75:L77) -> 16540.284 | M78: =SUM(M75:M77) -> 16540.284 | N78: =SUM(N75:N77) -> 16540.284 | ... W78: =SUM(W75:W77) -> 16540.284 | Z78: =SUM(Z75:Z77) -> 16540.284 | AA78: =SUM(AA75:AA77) -> 16540.284 | AB78: =SUM(AB75:AB77) -> 16540.284 | AC78: =SUM(AC75:AC77) -> 16540.284 | AD78: =SUM(AD75:AD77) -> 16540.284 | AE78: =SUM(AE75:AE77) -> 16540.284 | AF78: =SUM(AF75:AF77) -> 16540.284 | AG78: =SUM(AG75:AG77) -> 16540.284
A79: Valeur globale économat annuel | B79: =B63*B37 -> 2770.65 | C79: =C63*C37 -> 2770.65 | D79: =D63*D37 -> 2770.65 | E79: =E63*E37 -> 2770.65 | G79: =G63*G37 -> 2770.65 | H79: =H63*H37 -> 2770.65 | I79: =I63*I37 -> 2770.65 | J79: =J63*J37 -> 2770.65 | K79: =K63*K37 -> 2770.65 | L79: =L63*L37 -> 2770.65 | M79: =M63*M37 -> 2770.65 | N79: =N63*N38 -> 0 | O79: =O63*O38 -> 0 | P79: =P63*P38 -> 0 | Q79: =Q63*Q38 -> 0 | R79: =R63*R37 -> 9529.5111 | S79: =S63*S37 -> 9529.5111 | T79: =T63*T37 -> 9529.5111 | U79: =U63*U37 -> 9529.5111 | V79: =V63*V37 -> 9529.5111 | W79: =W63*W37 -> 9529.5111 | Z79: =Z63*Z37 -> 6514.7875 | AA79: =AA63*AA37 -> 6514.7875 | AB79: =AB63*AB37 -> 6514.7875 | AC79: =AC63*AC37 -> 6514.7875 | AD79: =AD63*AD37 -> 6514.7875 | AE79: =AE63*AE37 -> 6514.7875 | AF79: =AF63*AF37 -> 6514.7875 | AG79: =AG63*AG37 -> 6514.7875
A80: Valeur annuel appro gaz | B80: =B39 -> 0 | C80: =C39 -> 0 | D80: =D39 -> 0 | E80: =E39 -> 0 | G80: =G39 -> 0 | H80: =H39 -> 0 | I80: =I39 -> 0 | J80: =J39 -> 0 | K80: =K39 -> 0 | L80: =L39 -> 0 | M80: =M39 -> 0 | N80: =N40 | O80: =O40 | P80: =P40 | Q80: =Q40 | R80: =R39 -> 0 | S80: =S39 -> 0 | T80: =T39 -> 0 | U80: =U39 -> 0 | V80: =V39 -> 0 | W80: =W39 -> 0 | Z80: =Z39 -> 887.15 | AA80: =AA39 -> 887.15 | AB80: =AB39 -> 887.15 | AC80: =AC39 -> 887.15 | AD80: =AD39 -> 887.15 | AE80: =AE39 -> 887.15 | AF80: =AF39 -> 887.15 | AG80: =AG39 -> 887.15
A81: Valeur annuel maintenance | B81: =B27+B28+B29 -> 380 | C81: =C27+C28+C29 -> 380 | D81: =D27+D28+D29 -> 1490 | E81: =E27+E28+E29 -> 0 | G81: =G27+G28+G29 -> 1779 | H81: =H27+H28+H29 -> 1779 | I81: =I27+I28+I29 -> 1779 | J81: =J27+J28+J29 -> 1779 | K81: =K27+K28+K29 -> 2668 | L81: =L27+L28+L29 -> 2668 | M81: =M27+M28+M29 -> 2668 | N81: =N27+N28+N29 -> 814 | ... W81: =W27+W28+W29 -> 2304 | Z81: =Z27+Z28+Z29 -> 3064 | AA81: =AA27+AA28+AA29 -> 3064 | AB81: =AB27+AB28+AB29 -> 3064 | AC81: =AC27+AC28+AC29 -> 4674 | AD81: =AD27+AD28+AD29 -> 2114 | AE81: =AE27+AE28+AE29 -> 2114 | AF81: =AF27+AF28+AF29 -> 2114 | AG81: =AG27+AG28+AG29 -> 2304
A82: Marge semi nette valeur finale | B82: =B70-(B78+B79+B80+B81) -> 43105.274 | C82: =C70-(C78+C79+C80+C81) -> 43105.274 | D82: =D70-(D78+D79+D80+D81) -> 41995.274 | E82: =E70-(E78+E79+E80+E81) -> 43485.274 | G82: =G70-(G78+G79+G80+G81) -> 41706.274 | H82: =H70-(H78+H79+H80+H81) -> 41706.274 | I82: =I70-(I78+I79+I80+I81) -> 41706.274 | J82: =J70-(J78+J79+J80+J81) -> 41706.274 | K82: =K70-(K78+K79+K80+K81) -> 40817.274 | L82: =L70-(L78+L79+L80+L81) -> 40817.274 | M82: =M70-(M78+M79+M80+M81) -> 40817.274 | N82: =N70-(N78+N79+N80+N81) -> 45441.924 | ... W82: =W70-(W78+W79+W80+W81) -> 34422.413 | Z82: =Z70-(Z78+Z79+Z80+Z81) -> 35789.987 | AA82: =AA70-(AA78+AA79+AA80+AA81) -> 35789.987 | AB82: =AB70-(AB78+AB79+AB80+AB81) -> 35789.987 | AC82: =AC70-(AC78+AC79+AC80+AC81) -> 34179.987 | AD82: =AD70-(AD78+AD79+AD80+AD81) -> 36739.987 | AE82: =AE70-(AE78+AE79+AE80+AE81) -> 36739.987 | AF82: =AF70-(AF78+AF79+AF80+AF81) -> 36739.987 | AG82: =AG70-(AG78+AG79+AG80+AG81) -> 36549.987
A83: Marge semi-nette après amortissement | B83: =B82-B25 -> 40238.474 | C83: =C82-C25 -> 40126.474 | D83: =D82-D25 -> 36916.674 | E83: =E82-E25 -> 38712.674 | G83: =G82-G25 -> 38794.274 | H83: =H82-H25 -> 38388.474 | I83: =I82-I25 -> 38307.274 | J83: =J82-J25 -> 37902.274 | K83: =K82-K25 -> 36586.474 | L83: =L82-L25 -> 36180.674 | M83: =M82-M25 -> 34491.474 | N83: =N82-N25 -> 44221.924 | ... W83: =W82-W25 -> 30192.413 | Z83: =Z82-Z25 -> 22675.187 | AA83: =AA82-AA25 -> 21939.187 | AB83: =AB82-AB25 -> 18658.387 | AC83: =AC82-AC25 -> 7656.7867 | AD83: =AD82-AD25 -> 28481.987 | AE83: =AE82-AE25 -> 27501.987 | AF83: =AF82-AF25 -> 25263.987 | AG83: =AG82-AG25 -> 28975.987
A84: Taux de marge semi nette annuelle | B84: =B83/B57 -> 0.16019468 | C84: =C83/C57 -> 0.15974879 | D84: =D83/D57 -> 0.14697016 | E84: =E83/E57 -> 0.15412027 | G84: =G83/G57 -> 0.15444513 | H84: =H83/H57 -> 0.15282959 | I84: =I83/I57 -> 0.15250632 | J84: =J83/J57 -> 0.15089396 | K84: =K83/K57 -> 0.14565559 | L84: =L83/L57 -> 0.14404004 | M84: =M83/M57 -> 0.13731511 | N84: =N83/N57 -> 0.17605332 | ... W84: =W83/W57 -> 0.12019998 | Z84: =Z83/Z57 -> 0.090272913 | AA84: =AA83/AA57 -> 0.0873428 | AB84: =AB83/AB57 -> 0.074281502 | AC84: =AC83/AC57 -> 0.030482679 | AD84: =AD83/AD57 -> 0.11339055 | AE84: =AE83/AE57 -> 0.10948904 | AF84: =AF83/AF57 -> 0.10057927 | AG84: =AG83/AG57 -> 0.11535723
A85: TRI (Temps de retour sur investissement en année) | B85: =B19/B82 -> 0.27583632 | C85: =C19/C82 -> 0.28882777 | D85: =D19/D82 -> 0.32944183 | E85: =E19/E82 -> 0.54876048 | G85: =G19/G82 -> 0.34910814 | H85: =H19/H82 -> 0.3977579 | I85: =I19/I82 -> 0.40749265 | J85: =J19/J82 -> 0.45604649 | K85: =K19/K82 -> 0.51826097 | L85: =L19/L82 -> 0.56797031 | M85: =M19/M82 -> 0.77489251 | N85: =N19/N82 -> 0.042911915 | ... W85: =W19/W82 -> 0.49386427 | Z85: =Z19/Z82 -> 1.0205089 | AA85: =AA19/AA82 -> 1.123331 | AB85: =AB19/AB82 -> 1.5621129 | AC85: =AC19/AC82 -> 2.2825053 | AD85: =AD19/AD82 -> 0.45998928 | AE85: =AE19/AE82 -> 0.59335895 | AF85: =AF19/AF82 -> 0.89793174 | AG85: =AG19/AG82 -> 0.46511645
A88: Seuil de rentabilité annuelle (CA annuel TTC) | B88: 21000 | C88: 21000 | D88: 41000 | E88: 30000 | G88: 30000 | H88: 32000 | I88: 33000 | J88: 35000 | K88: 43000 | L88: 46000 | M88: 56000 | N88: 14000 | O88: 16000 | P88: 16500 | Q88: 16000 | R88: 48000 | S88: 46000 | T88: 53000 | U88: 69000 | V88: 45000 | W88: 46000 | Z88: 113000 | AA88: 118000 | AB88: 140000 | AC88: 213000 | AD88: 60000 | AE88: 67000 | AF88: 82000 | AG88: 63000
A89: TRI (Temps de retour sur investissement en année) avec ce CA | B89: 4 | C89: 4.2 | D89: 2.7 | E89: 4.9 | G89: 4.8 | H89: 4.9 | I89: 4.8 | J89: 4.9 | K89: 5 | L89: 4.9 | M89: 5 | N89: 1.4 | O89: 2.4 | P89: 2.5 | Q89: 2.4 | R89: 4.2 | S89: 3.7 | T89: 4 | U89: 4.3 | V89: 4 | W89: 3.9 | Z89: 2.9 | AA89: 3 | AB89: 3.3 | AC89: 3 | AD89: 2.9 | AE89: 3.1 | AF89: 3.6 | AG89: 2.7
A92: CA ANNUELLE
